Workbook
Name \0: #REF!
Name \0: #REF!
Name \0: #REF!
Name \0: #REF!
Name \0: #REF!
Name \00: #REF!
Name \00: #REF!
Name \a: #REF!
Name \a: #REF!
Name \a: #REF!
Name \a: #REF!
Name \a: #REF!
Name \a: #REF!
Name \a: #REF!
Name \a: #REF!
Name \a: #REF!
Name \a: #REF!
Name \a: #REF!
Name \a: #REF!
Name \a: #REF!
Name \a: #REF!
Name \a: #REF!
Name \a: #REF!
Name \a: #REF!
Name \a: #REF!
Name \a: #REF!
Name \a: #REF!
Name \a: #REF!
Name \a: #REF!
Name \a: #REF!
Name \a: #REF!
Name \a: #REF!
Name \a: #REF!
Name \a: #REF!
Name \a: #REF!
Name \a: #REF!
Name \a: #REF!
Name \a: #REF!
Name \a: #REF!
Name \a: #REF!
Name \a: #REF!
Name \a: #REF!
Name \a: #REF!
Name \a: #REF!
Name \a: #REF!
Name \a: #REF!
Name \a: #REF!
Name \a: #REF!
Name \a: #REF!
Name \a: #REF!
Name \a: #REF!
Name \a: #REF!
Name \a: #REF!
Name \a: #REF!
Name \a: #REF!
Name \a: #REF!
Name \a: #REF!
Name \a: #REF!
Name \a: #REF!
Name \a: #REF!

Sheet PROPUESTA ECONOMICA(Proponente)
B1: Formulario 1 - Propuesta económica - Documento tipo de selección abreviada de menor cuantía - versión 1
B2: Versión: 1 del 21 de agosto de 2025
C5: FORMULARIO 1
C6: PROPUESTA ECONOMICA
C7: [La entidad puede utilizar este formulario de presentación de propuesta económica de forma detallada, sin perjuicio que la entidad pueda modificarlo o establecer la presentación de la oferta económica con un formulario distinto al indicado.] [Los proponentes emplearán el formulario establecido por la entidad para determinar su propuesta económica conforme al Formulario 1 - Presupuesto Oficial publicado por la Entidad] [En caso de modificar el formulario, es importante tener en cuenta que no se deben incluir causales de rechazo, reglas o parámetros contrarios a los definidos en el documento base. Los términos del proceso solo se encuentran en el Documento Base, por lo que la Entidad no deberá incluir ningún tipo de notas que se configuren en reglas contrarias a las definidas en dicho documento, las notas únicamente pueden ser aclaratorias para efectos del diligenciamiento del formato]
C9: Cuando el proceso de contratación es estructurado por precios unitarios, la Entidad debe aplicar las notas 1, 2 y 3 del presente formato y las casillas de "Descripción", "Porcentaje" de la Administración, Imprevisto, Utilidad y total A.I.U. resaltadas en color amarillo.
C11: Nº | D11: ITEM DE PAGO | E11: ESPECIFICACIONES | G11: DESCRIPCION | H11: UND. | I11: CANTIDAD | J11: VALOR UNITARIO | K11: VALOR TOTAL
E12: GENERAL | F12: PARTICULAR
C15: Subtotal
C21: Subtotal
C31: Subtotal
C36: Subtotal
C39: Subtotal
C40: SUBTOTAL OBRAS
G45: SUBTOTAL OBRAS (INCLUYE IVA)
G49: VALOR TOTAL
C52: NOTA 1: Se debe tener en cuenta que el PRECIO UNITARIO incluye el valor de A.I.U. | H52: DESCRIPCION | K52: PORCENTAJE
C53: NOTA 2: Cuando la fracción decimal del peso sea igual o superior a 5 se aproximara por exceso al número entero siguiente del peso y cuando la fracción decimal del peso sea inferior a 5 se aproximará por defecto al número entero del peso. | H53: ADMINISTRACION | J53: A= | K53: [Ofrecimiento del Proponente]
C54: NOTA 3: El A.I.U y su discriminación deben estar en porcentaje (%). | H54: IMPREVISTO | J54: I= | K54: [Ofrecimiento del Proponente]
H55: UTILIDAD | J55: U= | K55: [Ofrecimiento del Proponente]
H56: TOTAL A.I.U | J56: A.I.U.= | K56: [Ofrecimiento del Proponente]
G59: Firma del Proponente o de su Representante Legal

Sheet PRESUPUESTO
B1: Formulario 1 - Propuesta económica - Documento tipo de selección abreviada de menor cuantía - versión 1
B2: Versión: 1 del 21 de agosto de 2025
C5: FORMULARIO 1
C6: PRESUPUESTO OFICIAL
C7: [La entidad puede utilizar este formulario de detalle del presupuesto oficial para determinar las condiciones bajo las cuales los proponentes analizarán y presentarán su propuesta económica de forma detallada, sin perjuicio que la entidad pueda modificarlo o establecer la presentación de la oferta económica con un formulario distinto al indicado.]
C9: Adicionalmente, cuando el proceso de contratación es estructurado por precios unitarios, la Entidad debe aplicar las notas 1, 2 y 3 del presente formulario y las casillas de "Descripción", "Porcentaje" de la Administración, Imprevisto, Utilidad y total A.I.U. resaltadas en colo amarillo. Tratándose de otras modalidades de precio, la Entidad puede o no configurar los mismos aspectos.
C10: MANTENIMIENTO, ADECUACIÓN Y MEJORAMIENTO DE INFRAESTRUCTURA EDUCATIVA EN LAS SEDES PRIMARIAS DE LAS VEREDAS EL CARMÉN Y MATANZAS DEL MUNICIPIO DE PAICOL HUILA.
C11: Nº | D11: ITEM DE PAGO | E11: ESPECIFICACIONES | G11: DESCRIPCION | H11: UNIDAD | I11: CANTIDAD | J11: VALOR UNITARIO | K11: VALOR TOTAL
E12: GENERAL | F12: PARTICULAR
C13: 1. SEDE PRIMARIA VEREDA EL CARMEN | K13: =ROUND(K19+K24+K27+K30+K33+K41+K52+K56+K68+K71,0) -> 110250064
C14: 1. PRELIMINARES
C15: 1.1 | D15: =C15 -> 1.1 | G15: Demolición de muro en ladrillo en salón de bienestar y baño de estudiantes. Incluye retiro de material y disposición final. | H15: M2 | I15: 58.9 | J15: ='1.1'!O62 -> 37956 | K15: =ROUND(I15*J15,0) -> 2235608
C16: 1.2 | D16: =C16 -> 1.2 | G16: Desmonte de elementos de carpintería metálica (ventanas y puertas) existente en salón de Bienestar, baño de estudiantes y cocina. | H16: UNIDAD | I16: 9 | J16: ='1.2'!O62 -> 60729 | K16: =ROUND(I16*J16,0) -> 546561
C17: 1.3 | D17: =C17 -> 1.3 | G17: Desmonte de cubierta existente de asbesto cemento, incluye retiro y disposición final. | H17: M2 | I17: 419.6 | J17: ='1.3'!O63 -> 18346 | K17: =ROUND(I17*J17,0) -> 7697982
C18: 1.4 | D18: =C18 -> 1.4 | G18: Desmonte de sanitario en baño de estudiantes y maestros. Incluye desconexión, retiro y traslado hasta el sitio de almacenamiento. | H18: UNIDAD | I18: 4 | J18: ='1.4'!O62 -> 60729 | K18: =ROUND(I18*J18,0) -> 242916
C19: Subtotal | K19: =ROUND(SUM(K15:K18),0) -> 10723067
C20: 2. ESTRUCTURAS
C21: 2.1 | D21: =C21 -> 2.1 | G21: Construcción de columna en concreto reforzado de 3000 PSI, sección de 0,20 m x 0,12 m; altura entre 2,60 m y 2,90 m; incluye acero de refuerzo 4B N° 3, estribos E 1/4" c/0,10 m, longitud de estribo 0,54 m; para salón de Bienestar y baño de estudiantes. Incluye formaleta, fundida, vibrado, desencofrado y curado. | H21: ML | I21: 11.4 | J21: ='2.1'!O64 -> 132258 | K21: =ROUND(I21*J21,0) -> 1507741
C22: 2.2 | D22: =C22 -> 2.2 | G22: Construcción de viga aérea en concreto reforzado de 3000 PSI, sección de 0,20 m x 0,12 m; incluye acero de refuerzo 4B N° 3, estribos E 1/4" c/0,10 m, longitud de estribo 0,54 m; para salón de Bienestar y baño de estudiantes. Incluye formaleta, fundida, vibrado, desencofrado y curado. | H22: ML | I22: 7.55 | J22: ='2.2'!O64 -> 158823 | K22: =ROUND(I22*J22,0) -> 1199114
C23: 2.3 | D23: =C23 -> 2.3 | G23: Suministro, armado e instalación de gavión de 2,0 x 1,0 x 1,0 m; en malla de alambre galvanizado para parte exterior del salón de bienestar. Incluye suministro y colocación de piedra para gavión, amarres, tensores y demás elementos para su instalación. | H23: M3 | I23: 12 | J23: ='2.3'!O62 -> 521242 | K23: =ROUND(I23*J23,0) -> 6254904
C24: Subtotal | K24: =ROUND(SUM(K21:K23),0) -> 8961759
C25: 3. MAMPOSTERÍA
C26: 3.1 | D26: =C26 -> 3.1 | G26: Construcción de muro en ladrillo hueco N° 5, en baño de estudiantes. | H26: M2 | I26: 15.7 | J26: ='3.1'!O64 -> 84972 | K26: =ROUND(I26*J26,0) -> 1334060
C27: Subtotal | K27: =ROUND(SUM(K26:K26),0) -> 1334060
C28: 4. PISOS
C29: 4.1 | D29: =C29 -> 4.1 | G29: Construcción de placa de piso en concreto de 3000 PSI, e= 0,10 m, para anden lateral de cocina y baño de estudiantes. | H29: M2 | I29: 10 | J29: ='4.1'!O63 -> 129662 | K29: =ROUND(I29*J29,0) -> 1296620
C30: Subtotal | K30: =ROUND(SUM(K29),0) -> 1296620
C31: 5. PAÑETE
C32: 5.1 | D32: =C32 -> 5.1 | G32: Suministro y aplicación de pañete 1:4 para resane de muros. | H32: M2 | I32: 46.4 | J32: ='5.1'!O63 -> 37127 | K32: =ROUND(I32*J32,0) -> 1722693
C33: Subtotal | K33: =ROUND(SUM(K32),0) -> 1722693
C34: 6. INSTALACIONES SANITARIAS
C35: 6.1 | D35: =C35 -> 6.1 | G35: Suministro e Instalación de Rejilla para piso de 3". | H35: UNIDAD | I35: 2 | J35: ='6.1'!O62 -> 25255 | K35: =ROUND(I35*J35,0) -> 50510
C36: 6.2 | D36: =C36 -> 6.2 | G36: Suministro e Instalación de tubería sanitaria PVC 6". Incluye excavación. | H36: ML | I36: 18 | J36: ='6.2'!O62 -> 93758 | K36: =ROUND(I36*J36,0) -> 1687644
C37: 6.3 | D37: =C37 -> 6.3 | G37: Suministro e Instalación de punto de desagüe PVC 4", para instalación de sanitario y orinal, vereda El Carmen. | H37: UNIDAD | I37: 4 | J37: ='6.3'!O66 -> 340447 | K37: =ROUND(I37*J37,0) -> 1361788
C38: 6.4 | D38: =C38 -> 6.4 | G38: Suministro e Instalación de punto de desagüe PVC 2", para lavamanos, vereda El Carmen. | H38: UNIDAD | I38: 4 | J38: ='6.4'!O66 -> 191366 | K38: =ROUND(I38*J38,0) -> 765464
C39: 6.5 | D39: =C39 -> 6.5 | G39: Construcción de caja de inspección en concreto de 2500 PSI, sección exterior de 0,80 m x 0,80 m, profundidad de 0,6 m aproximadamente, paredes con espesor de 0,10 m y tapa en concreto reforzado de 2500 PSI, acero de 3/8" y espesor de 0,08 m. Incluye excavación y cañuela. | H39: UNIDAD | I39: 1 | J39: ='6.5'!O63 -> 625127 | K39: =ROUND(I39*J39,0) -> 625127
C40: 6.6 | D40: =C40 -> 6.6 | G40: Mantenimiento y revisión de Pozo Séptico. | H40: UNIDAD | I40: 1 | J40: ='6.6'!O63 -> 561860 | K40: =ROUND(I40*J40,0) -> 561860
C41: Subtotal | K41: =ROUND(SUM(K35:K40),0) -> 5052393
C42: 7. INSTALACIONES HIDRÁULICAS
C43: 7.1 | D43: =C43 -> 7.1 | G43: Suministro e instalación de Tubería PVC presión 3/4". Incluye excavación. | H43: ML | I43: 24 | J43: ='7.1'!O63 -> 28178 | K43: =ROUND(I43*J43,0) -> 676272
C44: 7.2 | D44: =C44 -> 7.2 | G44: Suministro e instalación de Tubería PVC presión 1/2". Incluye excavación. | H44: ML | I44: 12 | J44: ='7.2'!O63 -> 23515 | K44: =ROUND(I44*J44,0) -> 282180
C45: 7.3 | D45: =C45 -> 7.3 | G45: Suministro e instalación de Registro llave de paso de 1/2" en PVC. | H45: UNIDAD | I45: 2 | J45: ='7.3'!O62 -> 61051 | K45: =ROUND(I45*J45,0) -> 122102
C46: 7.4 | D46: =C46 -> 7.4 | G46: Suministro e instalación de punto de agua fría 1/2". | H46: UNIDAD | I46: 8 | J46: ='7.4'!O66 -> 71906 | K46: =ROUND(I46*J46,0) -> 575248
C47: 7.5 | D47: =C47 -> 7.5 | G47: Mantenimiento de tanque existente, reposición de accesorios necesarios para su buen funcionamiento. | H47: UNIDAD | I47: 1 | J47: ='7.5'!O63 -> 280931 | K47: =ROUND(I47*J47,0) -> 280931
C48: 7.6 | D48: =C48 -> 7.6 | G48: Instalación de Sanitario en baño de estudiantes y maestros. | H48: UNIDAD | I48: 4 | J48: ='7.6'!O63 -> 78683 | K48: =ROUND(I48*J48,0) -> 314732
C49: 7.7 | D49: =C49 -> 7.7 | G49: Suministro e instalación de llave terminal para lavamanos. | H49: UNIDAD | I49: 4 | J49: ='7.7'!O63 -> 178045 | K49: =ROUND(I49*J49,0) -> 712180
C50: 7.8 | D50: =C50 -> 7.8 | G50: Suministro e instalación de Orinal para baño de estudiantes. | H50: UNIDAD | I50: 1 | J50: ='7.8'!O63 -> 520918 | K50: =ROUND(I50*J50,0) -> 520918
C51: 7.9 | D51: =C51 -> 7.9 | G51: Suministro e instalación de lavamanos color blanco, para baño de estudiantes. | H51: UNIDAD | I51: 2 | J51: ='7.9'!O63 -> 186172 | K51: =ROUND(I51*J51,0) -> 372344
C52: Subtotal | K52: =ROUND(SUM(K43:K51),0) -> 3856907
C53: 8. CUBIERTA
C54: 8.1 | D54: =C54 -> 8.1 | G54: Suministro e instalación de cubierta metálica en teja arquitectónica calibre 28, incluye todos los accesorios necesarios para su correcta instalación. | H54: M2 | I54: 460.2 | J54: ='8.1'!O62 -> 56173 | K54: =ROUND(I54*J54,0) -> 25850815
C55: 8.2 | D55: =C55 -> 8.2 | G55: Suministro e instalación de caballete cumbrera metálica arquitectónica, incluye todos los accesorios necesarios para su correcta instalación. | H55: ML | I55: 34 | J55: ='8.2'!O62 -> 31935 | K55: =ROUND(I55*J55,0) -> 1085790
C56: Subtotal | K56: =ROUND(SUM(K54:K55),0) -> 26936605
C57: 9. ACABADOS
C58: 9.1 | D58: =C58 -> 9.1 | G58: Suministro y aplicación de Estuco para muros a dos manos. | H58: M2 | I58: 30.4 | J58: ='9.1'!O62 -> 28278 | K58: =ROUND(I58*J58,0) -> 859651
C59: 9.2 | D59: =C59 -> 9.2 | G59: Suministro e instalación de enchape antideslizante para piso de salón de cómputo y para reponer algunas q se encuentra en mal estado en otros salones. | H59: M2 | I59: 43.36 | J59: ='9.2'!O62 -> 92369 | K59: =ROUND(I59*J59,0) -> 4005120
C60: 9.3 | D60: =C60 -> 9.3 | G60: Suministro e instalación de enchape antideslizante para piso de baño de estudiantes y baño de maestros. | H60: M2 | I60: 19 | J60: ='9.3'!O62 -> 94650 | K60: =ROUND(I60*J60,0) -> 1798350
C61: 9.4 | D61: =C61 -> 9.4 | G61: Suministro e instalación de enchape para pared de baño de estudiantes, baño de maestros y cocina. | H61: M2 | I61: 75.2 | J61: ='9.4'!O62 -> 85087 | K61: =ROUND(I61*J61,0) -> 6398542
C62: 9.5 | D62: =C62 -> 9.5 | G62: Suministro y aplicación de pintura acrílica tipo I a 2 manos, para muros internos y externos de la escuela, color a escoger. | H62: M2 | I62: 1016.6 | J62: ='9.5'!O62 -> 18068 | K62: =ROUND(I62*J62,0) -> 18367929
C63: 9.6 | D63: =C63 -> 9.6 | G63: Suministro y aplicación de pintura anticorrosiva y de acabado 2 en 1 sobre lámina llena, para puertas y portones. Incluye preparación de superficie, lijado, limpieza, dos manos. Color por definir. | H63: M2 | I63: 53 | J63: ='9.6'!O63 -> 29295 | K63: =ROUND(I63*J63,0) -> 1552635
C64: 9.7 | D64: =C64 -> 9.7 | G64: Suministro y aplicación de pintura anticorrosiva y de acabado 2 en 1 sobre marcos de puertas. Incluye preparación de superficie, lijado, limpieza, dos manos. Color por definir. | H64: UNIDAD | I64: 10 | J64: ='9.7'!O63 -> 31912 | K64: =ROUND(I64*J64,0) -> 319120
C65: 9.8 | D65: =C65 -> 9.8 | G65: Suministro y aplicación de pintura anticorrosiva y de acabado 2 en 1 sobre ventaneria metálica. Incluye preparación de superficie, lijado, limpieza, dos manos. Color por definir. | H65: M2 | I65: 126.04 | J65: ='9.8'!O63 -> 38216 | K65: =ROUND(I65*J65,0) -> 4816745
C66: 9.9 | D66: =C66 -> 9.9 | G66: Suministro e instalación de espejo de 3 mm, sección de 1,0 m x 1,60 m; para baño de estudiantes. | H66: UNIDAD | I66: 2 | J66: ='9.9'!O63 -> 284670 | K66: =ROUND(I66*J66,0) -> 569340
C67: 9.10 | D67: =C67 -> 9.10 | G67: Suministro e instalación de divisiones en acero inoxidable 430 para baño de estudiantes, incluye paneles frontales de 1,80 m de altura y puertas a 1,60 m de altura. | H67: M2 | I67: 16 | J67: ='9.10'!O62 -> 571508 | K67: =ROUND(I67*J67,0) -> 9144128
C68: Subtotal | K68: =ROUND(SUM(K58:K67),0) -> 47831560
C69: 10. TRANSPORTE DE MATERIAL
C70: 10.1 | D70: =C70 -> 10.1 | G70: Transporte de materiales de construcción desde zona urbana del Municipio de Paicol hasta sitio de la obra en la vereda El Carmen, por vía rural, distancia 23 km. Incluye cargue y descargue. | H70: VIAJE | I70: 4 | J70: ='10.1'!O63 -> 633600 | K70: =ROUND(I70*J70,0) -> 2534400
C71: Subtotal | K71: =ROUND(SUM(K70),0) -> 2534400
C72: 2. SEDE PRIMARIA VEREDA MATANZAS | K72: =ROUND(K77+K81+K84+K87+K90+K95+K105+K109+K114+K126+K129+K132,0) -> 47753984
C73: 1. PRELIMINARES
C74: 1.1 | D74: 1.1. | G74: Demolición de muro en ladrillo en salones y baños. Incluye retiro de material y disposición final. | H74: M2 | I74: 16.52 | J74: ='1.1'!O62 -> 37956 | K74: =ROUND(I74*J74,0) -> 627033
C75: 1.2 | D75: =C75 -> 1.2 | G75: Desmonte de cubierta en zinc con su respectiva estructura metálica. Incluye retiro de material y disposición final. | H75: M2 | I75: 28 | J75: ='1.2 B'!O63 -> 38221 | K75: =ROUND(I75*J75,0) -> 1070188
C76: 1.3 | D76: =C76 -> 1.3 | G76: Desmonte de sanitario en baño de estudiantes y maestros. | H76: UNIDAD | I76: 2 | J76: ='1.4'!O62 -> 60729 | K76: =ROUND(I76*J76,0) -> 121458
C77: Subtotal | K77: =ROUND(SUM(K74:K76),0) -> 1818679
C78: 2. ESTRUCTURAS
C79: 2.1 | D79: =C79 -> 2.1 | G79: Construcción de columna en concreto reforzado de 3000 PSI, sección de 0,20 m x 0,12 m; altura entre 2,60 m y 2,90 m; incluye acero de refuerzo 4B N° 3, estribos E 1/4" c/0,10 m, longitud de estribo 0,54 m; para adecuación de muro de orinal en baños. Incluye formaleta, fundida, vibrado, desencofrado y curado. | H79: ML | I79: 4 | J79: ='2.1'!O64 -> 132258 | K79: =ROUND(I79*J79,0) -> 529032
C80: 2.2 | D80: =C80 -> 2.2 | G80: Construcción de viga aérea en concreto reforzado de 3000 PSI, sección de 0,20 m x 0,12 m; incluye acero de refuerzo 4B N° 3, estribos E 1/4" c/0,10 m, longitud de estribo 0,54 m; para adecuación de muro de orinal en baños. Incluye formaleta, fundida, vibrado, desencofrado y curado. | H80: ML | I80: 2 | J80: ='2.2'!O64 -> 158823 | K80: =ROUND(I80*J80,0) -> 317646
C81: Subtotal | K81: =ROUND(SUM(K79:K80),0) -> 846678
C82: 3. MAMPOSTERÍA
C83: 3.1 | D83: =C83 -> 3.1 | G83: Construcción de muro en ladrillo hueco N° 5, en baño de estudiantes. | H83: M2 | I83: 2.4 | J83: ='3.1'!O64 -> 84972 | K83: =ROUND(I83*J83,0) -> 203933
C84: Subtotal | K84: =ROUND(SUM(K83:K83),0) -> 203933
C85: 4. PISOS
C86: 4.1 | D86: =C86 -> 4.1 | G86: Construcción de placa de piso en concreto de 3000 PSI, e= 0,10 m, para adecuación de baños de estudiantes. | H86: M2 | I86: =2.4+2.16 -> 4.56 | J86: ='4.1'!O63 -> 129662 | K86: =ROUND(I86*J86,0) -> 591259
C87: Subtotal | K87: =ROUND(SUM(K86),0) -> 591259
C88: 5. PAÑETE
C89: 5.1 | D89: =C89 -> 5.1 | G89: Suministro y aplicación de pañete 1:4 para resane de muros. | H89: M2 | I89: 13 | J89: ='5.1'!O63 -> 37127 | K89: =ROUND(I89*J89,0) -> 482651
C90: Subtotal | K90: =ROUND(SUM(K89),0) -> 482651
C91: 6. INSTALACIONES SANITARIAS
C92: 6.1 | D92: =C92 -> 6.1 | G92: Suministro e Instalación de tubería sanitaria PVC 6". Incluye excavación. | H92: ML | I92: 8 | J92: ='6.2'!O62 -> 93758 | K92: =ROUND(I92*J92,0) -> 750064
C93: 6.2 | D93: =C93 -> 6.2 | G93: Suministro e Instalación de punto de desagüe PVC 4", para instalación de sanitario y orinal en vereda Matanzas. | H93: UNIDAD | I93: 3 | J93: ='6.2B'!O66 -> 208665 | K93: =ROUND(I93*J93,0) -> 625995
C94: 6.3 | D94: =C94 -> 6.3 | G94: Suministro e Instalación de punto de desagüe PVC 2", para lavamanos, en vereda Matanzas. | H94: UNIDAD | I94: 2 | J94: ='6.3B'!O66 -> 155806 | K94: =ROUND(I94*J94,0) -> 311612
C95: Subtotal | K95: =ROUND(SUM(K92:K94),0) -> 1687671
C96: 7. INSTALACIONES HIDRÁULICAS
C97: 7.1 | D97: =C97 -> 7.1 | G97: Suministro e instalación de Tubería PVC presión 3/4". Incluye excavación. | H97: ML | I97: 3 | J97: ='7.1'!O63 -> 28178 | K97: =ROUND(I97*J97,0) -> 84534
C98: 7.2 | D98: =C98 -> 7.2 | G98: Suministro e instalación de Tubería PVC presión 1/2". Incluye excavación. | H98: ML | I98: 3 | J98: ='7.2'!O63 -> 23515 | K98: =ROUND(I98*J98,0) -> 70545
C99: 7.3 | D99: =C99 -> 7.3 | G99: Suministro e instalación de Registro llave de paso de 1/2" en PVC. | H99: UNIDAD | I99: 1 | J99: ='7.3'!O62 -> 61051 | K99: =ROUND(I99*J99,0) -> 61051
C100: 7.4 | D100: =C100 -> 7.4 | G100: Suministro e instalación de punto de agua fría 1/2". | H100: UNIDAD | I100: 5 | J100: ='7.4'!O66 -> 71906 | K100: =ROUND(I100*J100,0) -> 359530
C101: 7.5 | D101: =C101 -> 7.5 | G101: Suministro e instalación de Sanitario en baño de estudiantes. | H101: UNIDAD | I101: 2 | J101: ='7.5B'!O63 -> 540683 | K101: =ROUND(I101*J101,0) -> 1081366
C102: 7.6 | D102: =C102 -> 7.6 | G102: Suministro e instalación de llave terminal para lavamanos. | H102: UNIDAD | I102: 2 | J102: ='7.7'!O63 -> 178045 | K102: =ROUND(I102*J102,0) -> 356090
C103: 7.7 | D103: =C103 -> 7.7 | G103: Suministro e instalación de Orinal para baño de estudiantes. | H103: UNIDAD | I103: 1 | J103: ='7.8'!O63 -> 520918 | K103: =ROUND(I103*J103,0) -> 520918
...

Sheet 1.1
B1: Formulario 1 - Propuesta económica - Documento tipo de selección abreviada de menor cuantía
B2: Versión: 1 del 21 de agosto de 2025
D7: ALCALDÍA MUNICIPAL DE PAICOL HUILA
D8: NIT. 891.180.194-4 | L8: VERSIÓN
D9: PROCESO DE MÍNMA CIANTÍA
L10: PÁGINA | M10: 1 | N10: DE | O10: 1
D11: ANALISIS DE PRECIOS UNITARIOS
L13: FECHA | M13: DD | N13: MM | O13: AA
M14: 1 | N14: 9 | O14: 2026
C15: ITEMS DEL PRESUPUESTO OFICIAL
C19: DATOS ESPECÍFICOS
C21: ITEM | D21: DESCRIPCIÓN | M21: UNIDAD | O21: CANTIDAD
D22: Demolición de muro en ladrillo | M22: =PRESUPUESTO!H15 -> M2
C23: I. EQUIPO
C26: DESCRIPCIÓN | H26: MARCA | J26: TIPO | L26: TARIFA/HORA | M26: RENDIMIENTO | O26: Vr. UNITARIO
C27: HERRAMIENTA MENOR | L27: %M.O. | M27: 0.05 | O27: =O50*M27 -> 1369.25
C29: SUBTOTAL $ | O29: =ROUND(SUM(O27:O28),0) -> 1369
C30: II. MATERIALES
C33: DESCRIPCIÓN | K33: UNIDAD | L33: CANTIDAD | M33: PRECIO UNIT. | O33: Vr. UNITARIO
C38: SUBTOTAL $ | O38: =ROUND(SUM(O34:O37),0) -> 0
C39: III. TRANSPORTES
C42: MATERIAL | J42: VOL. o PESO | K42: DISTANCIA | L42: M3 o Ton/Km | M42: TARIFA | O42: Vr. UNITARIO
C44: SUBTOTAL $ | O44: =ROUND(SUM(O43:O43),0) -> 0
C45: IV. MANO DE OBRA
C48: TRABAJADOR | J48: JORNAL | K48: PRESTACIONES | L48: JORNAL TOTAL | M48: RENDIMIENTO | O48: Vr. UNITARIO
C49: =SALARIO!I10 -> CUADRILLA (1 obrero + 1 oficial) | J49: 1 | L49: =SALARIO!M10 -> 219079 | M49: 8 | O49: =L49/M49 -> 27384.875
C50: SUBTOTAL $ | O50: =ROUND(SUM(O49:O49),0) -> 27385
C52: TOTAL COSTO DIRECTO $ | O52: =ROUND(O29+O38+O44+O50,0) -> 28754
C53: V. COSTOS INDIRECTOS
C56: Descripción | L56: Porcentaje | M56: Valor Total
C57: ADMINISTRACION | L57: 0.25 | M57: =ROUND(O52*L57,0) -> 7189
C58: IMPREVISTOS | L58: 0.02 | M58: =ROUND(O52*L58,0) -> 575
C59: UTILIDAD | L59: 0.05 | M59: =ROUND(O52*L59,0) -> 1438
C60: SUBTOTAL $ | O60: =SUM(M57:N59) -> 9202
C62: Precio Unitario Total Aproximado al peso $ | O62: =ROUND(O52+O60,0) -> 37956
H66: Firma
H67: Nombre: | I67: MIGUEL ALBERTO DURÁN SALAS
H68: Secretario de Planeación y Obras Públicas

Sheet 1.2
B1: Formulario 1 - Propuesta económica - Documento tipo de selección abreviada de menor cuantía
B2: Versión: 1 del 21 de agosto de 2025
D7: ALCALDÍA MUNICIPAL DE PAICOL HUILA
D8: NIT. 891.180.194-4 | L8: VERSIÓN
D9: PROCESO DE MÍNMA CIANTÍA
L10: PÁGINA | M10: 1 | N10: DE | O10: 1
D11: ANALISIS DE PRECIOS UNITARIOS
L13: FECHA | M13: DD | N13: MM | O13: AA
M14: 1 | N14: 9 | O14: 2026
C15: ITEMS DEL PRESUPUESTO OFICIAL
C19: DATOS ESPECÍFICOS
C21: ITEM | D21: DESCRIPCIÓN | M21: UNIDAD | O21: CANTIDAD
D22: Desmonte de elementos de carpintería metálica | M22: =PRESUPUESTO!H16 -> UNIDAD
C23: I. EQUIPO
C26: DESCRIPCIÓN | H26: MARCA | J26: TIPO | L26: TARIFA/HORA | M26: RENDIMIENTO | O26: Vr. UNITARIO
C27: HERRAMIENTA MENOR | L27: %M.O. | M27: 0.05 | O27: =O50*M27 -> 2190.8
C29: SUBTOTAL $ | O29: =ROUND(SUM(O27:O28),0) -> 2191
C30: II. MATERIALES
C33: DESCRIPCIÓN | K33: UNIDAD | L33: CANTIDAD | M33: PRECIO UNIT. | O33: Vr. UNITARIO
C38: SUBTOTAL $ | O38: =ROUND(SUM(O34:O37),0) -> 0
C39: III. TRANSPORTES
C42: MATERIAL | J42: VOL. o PESO | K42: DISTANCIA | L42: M3 o Ton/Km | M42: TARIFA | O42: Vr. UNITARIO
C44: SUBTOTAL $ | O44: =ROUND(SUM(O43:O43),0) -> 0
C45: IV. MANO DE OBRA
C48: TRABAJADOR | J48: JORNAL | K48: PRESTACIONES | L48: JORNAL TOTAL | M48: RENDIMIENTO | O48: Vr. UNITARIO
C49: =SALARIO!I10 -> CUADRILLA (1 obrero + 1 oficial) | J49: 1 | L49: =SALARIO!M10 -> 219079 | M49: 5 | O49: =L49/M49 -> 43815.8
C50: SUBTOTAL $ | O50: =ROUND(SUM(O49:O49),0) -> 43816
C52: TOTAL COSTO DIRECTO $ | O52: =ROUND(O29+O38+O44+O50,0) -> 46007
C53: V. COSTOS INDIRECTOS
C56: Descripción | L56: Porcentaje | M56: Valor Total
C57: ADMINISTRACION | L57: 0.25 | M57: =ROUND(O52*L57,0) -> 11502
C58: IMPREVISTOS | L58: 0.02 | M58: =ROUND(O52*L58,0) -> 920
C59: UTILIDAD | L59: 0.05 | M59: =ROUND(O52*L59,0) -> 2300
C60: SUBTOTAL $ | O60: =SUM(M57:N59) -> 14722
C62: Precio Unitario Total Aproximado al peso $ | O62: =ROUND(O52+O60,0) -> 60729
H66: Firma
H67: Nombre: | I67: MIGUEL ALBERTO DURÁN SALAS
H68: Secretario de Planeación y Obras Públicas

Sheet 1.3
B1: Formulario 1 - Propuesta económica - Documento tipo de selección abreviada de menor cuantía
B2: Versión: 1 del 21 de agosto de 2025
D7: ALCALDÍA MUNICIPAL DE PAICOL HUILA
D8: NIT. 891.180.194-4 | L8: VERSIÓN
D9: PROCESO DE MÍNMA CIANTÍA
L10: PÁGINA | M10: 1 | N10: DE | O10: 1
D11: ANALISIS DE PRECIOS UNITARIOS
L13: FECHA | M13: DD | N13: MM | O13: AA
M14: 1 | N14: 9 | O14: 2026
C15: ITEMS DEL PRESUPUESTO OFICIAL
C19: DATOS ESPECÍFICOS
C21: ITEM | D21: DESCRIPCIÓN | M21: UNIDAD | O21: CANTIDAD
D22: =PRESUPUESTO!G17 -> Desmonte de cubierta existente de asbesto cemento, incluye retiro y disposición final. | M22: =PRESUPUESTO!H17 -> M2
C23: I. EQUIPO
C26: DESCRIPCIÓN | H26: MARCA | J26: TIPO | L26: TARIFA/HORA | M26: RENDIMIENTO | O26: Vr. UNITARIO
C27: HERRAMIENTA MENOR | L27: %M.O. | M27: 0.05 | O27: =O51*M27 -> 654.2
C28: ANDAMIO TUBULA 1.5 X 1.5 | H28: DÍA | L28: 4000 | M28: =1/M50 -> 0.04 | O28: =L28*M28 -> 160
C30: SUBTOTAL $ | O30: =ROUND(SUM(O27:O29),0) -> 814
C31: II. MATERIALES
C34: DESCRIPCIÓN | K34: UNIDAD | L34: CANTIDAD | M34: PRECIO UNIT. | O34: Vr. UNITARIO
C39: SUBTOTAL $ | O39: =ROUND(SUM(O35:O38),0) -> 0
C40: III. TRANSPORTES
C43: MATERIAL | J43: VOL. o PESO | K43: DISTANCIA | L43: M3 o Ton/Km | M43: TARIFA | O43: Vr. UNITARIO
C45: SUBTOTAL $ | O45: =ROUND(SUM(O44:O44),0) -> 0
C46: IV. MANO DE OBRA
C49: TRABAJADOR | J49: JORNAL | K49: PRESTACIONES | L49: JORNAL TOTAL | M49: RENDIMIENTO | O49: Vr. UNITARIO
C50: =SALARIO!I13 -> CUADRILLA (2 obreros + 1 oficial) | J50: 1 | L50: =SALARIO!M13 -> 327104 | M50: 25 | O50: =L50/M50 -> 13084.16
C51: SUBTOTAL $ | O51: =ROUND(SUM(O50:O50),0) -> 13084
C53: TOTAL COSTO DIRECTO $ | O53: =ROUND(O30+O39+O45+O51,0) -> 13898
C54: V. COSTOS INDIRECTOS
C57: Descripción | L57: Porcentaje | M57: Valor Total
C58: ADMINISTRACION | L58: 0.25 | M58: =ROUND(O53*L58,0) -> 3475
C59: IMPREVISTOS | L59: 0.02 | M59: =ROUND(O53*L59,0) -> 278
C60: UTILIDAD | L60: 0.05 | M60: =ROUND(O53*L60,0) -> 695
C61: SUBTOTAL $ | O61: =SUM(M58:N60) -> 4448
C63: Precio Unitario Total Aproximado al peso $ | O63: =ROUND(O53+O61,0) -> 18346
H67: Firma
H68: Nombre: | I68: MIGUEL ALBERTO DURÁN SALAS
H69: Secretario de Planeación y Obras Públicas

Sheet 1.4
B1: Formulario 1 - Propuesta económica - Documento tipo de selección abreviada de menor cuantía
B2: Versión: 1 del 21 de agosto de 2025
D7: ALCALDÍA MUNICIPAL DE PAICOL HUILA
D8: NIT. 891.180.194-4 | L8: VERSIÓN
D9: PROCESO DE MÍNMA CIANTÍA
L10: PÁGINA | M10: 1 | N10: DE | O10: 1
D11: ANALISIS DE PRECIOS UNITARIOS
L13: FECHA | M13: DD | N13: MM | O13: AA
M14: 1 | N14: 9 | O14: 2026
C15: ITEMS DEL PRESUPUESTO OFICIAL
C19: DATOS ESPECÍFICOS
C21: ITEM | D21: DESCRIPCIÓN | M21: UNIDAD | O21: CANTIDAD
D22: Desmonte de sanitario. Incluye desconexión, retiro y traslado hasta el sitio del almacenamiento. | M22: =PRESUPUESTO!H18 -> UNIDAD
C23: I. EQUIPO
C26: DESCRIPCIÓN | H26: MARCA | J26: TIPO | L26: TARIFA/HORA | M26: RENDIMIENTO | O26: Vr. UNITARIO
C27: HERRAMIENTA MENOR | L27: %M.O. | M27: 0.05 | O27: =O50*M27 -> 2190.8
C29: SUBTOTAL $ | O29: =ROUND(SUM(O27:O28),0) -> 2191
C30: II. MATERIALES
C33: DESCRIPCIÓN | K33: UNIDAD | L33: CANTIDAD | M33: PRECIO UNIT. | O33: Vr. UNITARIO
C38: SUBTOTAL $ | O38: =ROUND(SUM(O34:O37),0) -> 0
C39: III. TRANSPORTES
C42: MATERIAL | J42: VOL. o PESO | K42: DISTANCIA | L42: M3 o Ton/Km | M42: TARIFA | O42: Vr. UNITARIO
C44: SUBTOTAL $ | O44: =ROUND(SUM(O43:O43),0) -> 0
C45: IV. MANO DE OBRA
C48: TRABAJADOR | J48: JORNAL | K48: PRESTACIONES | L48: JORNAL TOTAL | M48: RENDIMIENTO | O48: Vr. UNITARIO
C49: =SALARIO!I10 -> CUADRILLA (1 obrero + 1 oficial) | J49: 1 | L49: =SALARIO!M10 -> 219079 | M49: 5 | O49: =L49/M49 -> 43815.8
C50: SUBTOTAL $ | O50: =ROUND(SUM(O49:O49),0) -> 43816
C52: TOTAL COSTO DIRECTO $ | O52: =ROUND(O29+O38+O44+O50,0) -> 46007
C53: V. COSTOS INDIRECTOS
C56: Descripción | L56: Porcentaje | M56: Valor Total
C57: ADMINISTRACION | L57: 0.25 | M57: =ROUND(O52*L57,0) -> 11502
C58: IMPREVISTOS | L58: 0.02 | M58: =ROUND(O52*L58,0) -> 920
C59: UTILIDAD | L59: 0.05 | M59: =ROUND(O52*L59,0) -> 2300
C60: SUBTOTAL $ | O60: =SUM(M57:N59) -> 14722
C62: Precio Unitario Total Aproximado al peso $ | O62: =ROUND(O52+O60,0) -> 60729
H66: Firma
H67: Nombre: | I67: MIGUEL ALBERTO DURÁN SALAS
H68: Secretario de Planeación y Obras Públicas

Sheet 2.1
B1: Formulario 1 - Propuesta económica - Documento tipo de selección abreviada de menor cuantía
B2: Versión: 1 del 21 de agosto de 2025
D7: ALCALDÍA MUNICIPAL DE PAICOL HUILA
D8: NIT. 891.180.194-4 | L8: VERSIÓN
D9: PROCESO DE MÍNMA CIANTÍA
L10: PÁGINA | M10: 1 | N10: DE | O10: 1
D11: ANALISIS DE PRECIOS UNITARIOS
L13: FECHA | M13: DD | N13: MM | O13: AA
M14: 1 | N14: 9 | O14: 2026
C15: ITEMS DEL PRESUPUESTO OFICIAL
C19: DATOS ESPECÍFICOS
C21: ITEM | D21: DESCRIPCIÓN | M21: UNIDAD | O21: CANTIDAD
D22: =PRESUPUESTO!G21 -> Construcción de columna en concreto reforzado de 3000 PSI, sección de 0,20 m x 0,12 m; altura entre 2,60 m y 2,90 m; incluye acero de refuerzo 4B N° 3, estribos E 1/4" c/0,10 m, longitud de estribo 0,54 m; para salón de Bienestar y baño de estudiantes. Incluye formaleta, fundida, vibrado, desencofrado y curado. | M22: =PRESUPUESTO!H21 -> ML
C23: I. EQUIPO
C26: DESCRIPCIÓN | H26: MARCA | J26: TIPO | L26: TARIFA/HORA | M26: RENDIMIENTO | O26: Vr. UNITARIO
C27: HERRAMIENTA MENOR | L27: %M.O. | M27: 0.1 | O27: =O52*M27 -> 4672.9
C28: ANDAMIO TUBULA 1.5 X 1.5 | H28: DÍA | L28: 4000 | M28: 0.14 | O28: =L28*M28 -> 560
C30: SUBTOTAL $ | O30: =ROUND(SUM(O27:O29),0) -> 5233
C31: II. MATERIALES
C34: DESCRIPCIÓN | K34: UNIDAD | L34: CANTIDAD | M34: PRECIO UNIT. | O34: Vr. UNITARIO
C35: CONCRETO DE 3000 PSI | K35: M3 | L35: 0.0252 | M35: ='CONCRETO 3000'!O54 -> 731518 | O35: =L35*M35 -> 18434.254
C36: FORMALETA | K36: M2 | L36: 0.08 | M36: 45000 | O36: =L36*M36 -> 3600
C37: ACERO CORRUGADO N° 3 (3/8") PARA REFUERZO LONGITUDINAL X 6M | K37: M | L37: 4.2 | M37: 3833 | O37: =L37*M37 -> 16098.6
C38: ACERO CORRUGADO N° 2 (1/4") CADA 0,10 M PARA ESTRIBOS | K38: KG | L38: 1.42 | M38: 6514 | O38: =L38*M38 -> 9249.88
C39: ALAMBRE NEGRO PARA AMARRE | K39: KG | L39: 0.1 | M39: 8500 | O39: =L39*M39 -> 850
C40: SUBTOTAL $ | O40: =ROUND(SUM(O35:O39),0) -> 48233
C41: III. TRANSPORTES
C44: MATERIAL | J44: VOL. o PESO | K44: DISTANCIA | L44: M3 o Ton/Km | M44: TARIFA | O44: Vr. UNITARIO
C46: SUBTOTAL $ | O46: =ROUND(SUM(O45:O45),0) -> 0
C47: IV. MANO DE OBRA
C50: TRABAJADOR | J50: JORNAL | K50: PRESTACIONES | L50: JORNAL TOTAL | M50: RENDIMIENTO | O50: Vr. UNITARIO
C51: =SALARIO!I13 -> CUADRILLA (2 obreros + 1 oficial) | J51: 1 | L51: =SALARIO!M13 -> 327104 | M51: 7 | O51: =L51/M51 -> 46729.143
C52: SUBTOTAL $ | O52: =ROUND(SUM(O51:O51),0) -> 46729
C54: TOTAL COSTO DIRECTO $ | O54: =ROUND(O30+O40+O46+O52,0) -> 100195
C55: V. COSTOS INDIRECTOS
C58: Descripción | L58: Porcentaje | M58: Valor Total
C59: ADMINISTRACION | L59: 0.25 | M59: =ROUND(O54*L59,0) -> 25049
C60: IMPREVISTOS | L60: 0.02 | M60: =ROUND(O54*L60,0) -> 2004
C61: UTILIDAD | L61: 0.05 | M61: =ROUND(O54*L61,0) -> 5010
C62: SUBTOTAL $ | O62: =SUM(M59:N61) -> 32063
C64: Precio Unitario Total Aproximado al peso $ | O64: =ROUND(O54+O62,0) -> 132258
H68: Firma
H69: Nombre: | I69: MIGUEL ALBERTO DURÁN SALAS
H70: Secretario de Planeación y Obras Públicas

Sheet 2.2
B1: Formulario 1 - Propuesta económica - Documento tipo de selección abreviada de menor cuantía
B2: Versión: 1 del 21 de agosto de 2025
D7: ALCALDÍA MUNICIPAL DE PAICOL HUILA
D8: NIT. 891.180.194-4 | L8: VERSIÓN
D9: PROCESO DE MÍNMA CIANTÍA
L10: PÁGINA | M10: 1 | N10: DE | O10: 1
D11: ANALISIS DE PRECIOS UNITARIOS
L13: FECHA | M13: DD | N13: MM | O13: AA
M14: 1 | N14: 9 | O14: 2026
C15: ITEMS DEL PRESUPUESTO OFICIAL
C19: DATOS ESPECÍFICOS
C21: ITEM | D21: DESCRIPCIÓN | M21: UNIDAD | O21: CANTIDAD
D22: =PRESUPUESTO!G22 -> Construcción de viga aérea en concreto reforzado de 3000 PSI, sección de 0,20 m x 0,12 m; incluye acero de refuerzo 4B N° 3, estribos E 1/4" c/0,10 m, longitud de estribo 0,54 m; para salón de Bienestar y baño de estudiantes. Incluye formaleta, fundida, vibrado, desencofrado y curado. | M22: =PRESUPUESTO!H22 -> ML
C23: I. EQUIPO
C26: DESCRIPCIÓN | H26: MARCA | J26: TIPO | L26: TARIFA/HORA | M26: RENDIMIENTO | O26: Vr. UNITARIO
C27: HERRAMIENTA MENOR | L27: %M.O. | M27: 0.1 | O27: =O52*M27 -> 6542.1
C28: ANDAMIO TUBULA 1.5 X 1.5 | H28: DÍA | L28: 4000 | M28: 0.2 | O28: =L28*M28 -> 800
C30: SUBTOTAL $ | O30: =ROUND(SUM(O27:O29),0) -> 7342
C31: II. MATERIALES
C34: DESCRIPCIÓN | K34: UNIDAD | L34: CANTIDAD | M34: PRECIO UNIT. | O34: Vr. UNITARIO
C35: CONCRETO DE 3000 PSI | K35: M3 | L35: 0.0252 | M35: ='CONCRETO 3000'!O54 -> 731518 | O35: =L35*M35 -> 18434.254
C36: FORMALETA | K36: M2 | L36: 0.065 | M36: 45000 | O36: =L36*M36 -> 2925
C37: ACERO CORRUGADO N° 3 (3/8") PARA REFUERZO LONGITUDINAL X 6M | K37: M | L37: 4.2 | M37: 3833 | O37: =L37*M37 -> 16098.6
C38: ACERO CORRUGADO N° 2 (1/4") CADA 0,10 M PARA ESTRIBOS | K38: KG | L38: 1.42 | M38: 6514 | O38: =L38*M38 -> 9249.88
C39: ALAMBRE NEGRO PARA AMARRE | K39: KG | L39: 0.1 | M39: 8500 | O39: =L39*M39 -> 850
C40: SUBTOTAL $ | O40: =ROUND(SUM(O35:O39),0) -> 47558
C41: III. TRANSPORTES
C44: MATERIAL | J44: VOL. o PESO | K44: DISTANCIA | L44: M3 o Ton/Km | M44: TARIFA | O44: Vr. UNITARIO
C46: SUBTOTAL $ | O46: =ROUND(SUM(O45:O45),0) -> 0
C47: IV. MANO DE OBRA
C50: TRABAJADOR | J50: JORNAL | K50: PRESTACIONES | L50: JORNAL TOTAL | M50: RENDIMIENTO | O50: Vr. UNITARIO
C51: =SALARIO!I13 -> CUADRILLA (2 obreros + 1 oficial) | J51: 1 | L51: =SALARIO!M13 -> 327104 | M51: 5 | O51: =L51/M51 -> 65420.801
C52: SUBTOTAL $ | O52: =ROUND(SUM(O51:O51),0) -> 65421
C54: TOTAL COSTO DIRECTO $ | O54: =ROUND(O30+O40+O46+O52,0) -> 120321
C55: V. COSTOS INDIRECTOS
C58: Descripción | L58: Porcentaje | M58: Valor Total
C59: ADMINISTRACION | L59: 0.25 | M59: =ROUND(O54*L59,0) -> 30080
C60: IMPREVISTOS | L60: 0.02 | M60: =ROUND(O54*L60,0) -> 2406
C61: UTILIDAD | L61: 0.05 | M61: =ROUND(O54*L61,0) -> 6016
C62: SUBTOTAL $ | O62: =SUM(M59:N61) -> 38502
C64: Precio Unitario Total Aproximado al peso $ | O64: =ROUND(O54+O62,0) -> 158823
H68: Firma
H69: Nombre: | I69: MIGUEL ALBERTO DURÁN SALAS
H70: Secretario de Planeación y Obras Públicas

Sheet 2.3
B1: Formulario 1 - Propuesta económica - Documento tipo de selección abreviada de menor cuantía
B2: Versión: 1 del 21 de agosto de 2025
D7: ALCALDÍA MUNICIPAL DE PAICOL HUILA
D8: NIT. 891.180.194-4 | L8: VERSIÓN
D9: PROCESO DE MÍNMA CIANTÍA
L10: PÁGINA | M10: 1 | N10: DE | O10: 1
D11: ANALISIS DE PRECIOS UNITARIOS
L13: FECHA | M13: DD | N13: MM | O13: AA
M14: 1 | N14: 9 | O14: 2026
C15: ITEMS DEL PRESUPUESTO OFICIAL
C19: DATOS ESPECÍFICOS
C21: ITEM | D21: DESCRIPCIÓN | M21: UNIDAD | O21: CANTIDAD
D22: Suministro, armado e instalación de gavión de 2,0 x 1,0 x 1,0 m; en malla de alambre galvanizado. Incluye suministro y colocación de piedra para gavión, amarres, tensores y demás elementos para su instalación. | M22: =PRESUPUESTO!H23 -> M3
C23: I. EQUIPO
C26: DESCRIPCIÓN | H26: MARCA | J26: TIPO | L26: TARIFA/HORA | M26: RENDIMIENTO | O26: Vr. UNITARIO
C27: HERRAMIENTA MENOR | L27: %M.O. | M27: 0.05 | O27: =O50*M27 -> 8177.6
C29: SUBTOTAL $ | O29: =ROUND(SUM(O27:O28),0) -> 8178
C30: II. MATERIALES
C33: DESCRIPCIÓN | K33: UNIDAD | L33: CANTIDAD | M33: PRECIO UNIT. | O33: Vr. UNITARIO
C34: MALLA PARA GAVIÓN 2M X 1M X 1M, ALAMBRE C12 (2,77MM) | K34: UNIDAD | L34: 0.5 | M34: 125000 | O34: =L34*M34 -> 62500
C35: PIEDRA SELECCIONADA DE 3 A 15" | K35: M3 | L35: 1.1 | M35: 142800 | O35: =L35*M35 -> 157080
C36: ALAMBRE GALVANIZADO | K36: KG | L36: 0.3 | M36: 11900 | O36: =L36*M36 -> 3570
O37: =L37*M37 -> 0
C38: SUBTOTAL $ | O38: =ROUND(SUM(O34:O37),0) -> 223150
C39: III. TRANSPORTES
C42: MATERIAL | J42: VOL. o PESO | K42: DISTANCIA | L42: M3 o Ton/Km | M42: TARIFA | O42: Vr. UNITARIO
C44: SUBTOTAL $ | O44: =ROUND(SUM(O43:O43),0) -> 0
C45: IV. MANO DE OBRA
C48: TRABAJADOR | J48: JORNAL | K48: PRESTACIONES | L48: JORNAL TOTAL | M48: RENDIMIENTO | O48: Vr. UNITARIO
C49: =SALARIO!I13 -> CUADRILLA (2 obreros + 1 oficial) | J49: 1 | L49: =SALARIO!M13 -> 327104 | M49: 2 | O49: =L49/M49 -> 163552
C50: SUBTOTAL $ | O50: =ROUND(SUM(O49:O49),0) -> 163552
C52: TOTAL COSTO DIRECTO $ | O52: =ROUND(O29+O38+O44+O50,0) -> 394880
C53: V. COSTOS INDIRECTOS
C56: Descripción | L56: Porcentaje | M56: Valor Total
C57: ADMINISTRACION | L57: 0.25 | M57: =ROUND(O52*L57,0) -> 98720
C58: IMPREVISTOS | L58: 0.02 | M58: =ROUND(O52*L58,0) -> 7898
C59: UTILIDAD | L59: 0.05 | M59: =ROUND(O52*L59,0) -> 19744
C60: SUBTOTAL $ | O60: =SUM(M57:N59) -> 126362
C62: Precio Unitario Total Aproximado al peso $ | O62: =ROUND(O52+O60,0) -> 521242
H66: Firma
H67: Nombre: | I67: MIGUEL ALBERTO DURÁN SALAS
H68: Secretario de Planeación y Obras Públicas

Sheet 3.1
B1: Formulario 1 - Propuesta económica - Documento tipo de selección abreviada de menor cuantía
B2: Versión: 1 del 21 de agosto de 2025
D7: ALCALDÍA MUNICIPAL DE PAICOL HUILA
D8: NIT. 891.180.194-4 | L8: VERSIÓN
D9: PROCESO DE MÍNMA CIANTÍA
L10: PÁGINA | M10: 1 | N10: DE | O10: 1
D11: ANALISIS DE PRECIOS UNITARIOS
L13: FECHA | M13: DD | N13: MM | O13: AA
M14: 1 | N14: 9 | O14: 2026
C15: ITEMS DEL PRESUPUESTO OFICIAL
C19: DATOS ESPECÍFICOS
C21: ITEM | D21: DESCRIPCIÓN | M21: UNIDAD | O21: CANTIDAD
D22: Construcción de muro en ladrillo hueco N° 5 | M22: =PRESUPUESTO!H26 -> M2
C23: I. EQUIPO
C26: DESCRIPCIÓN | H26: MARCA | J26: TIPO | L26: TARIFA/HORA | M26: RENDIMIENTO | O26: Vr. UNITARIO
C27: HERRAMIENTA MENOR | L27: %M.O. | M27: 0.05 | O27: =O52*M27 -> 782.45
C30: SUBTOTAL $ | O30: =ROUND(SUM(O27:O29),0) -> 782
C31: II. MATERIALES
C34: DESCRIPCIÓN | K34: UNIDAD | L34: CANTIDAD | M34: PRECIO UNIT. | O34: Vr. UNITARIO
C35: LADRILLO HUECO N° 5 | K35: UND | L35: 16 | M35: 2250 | O35: =L35*M35 -> 36000
C36: MORTERO 1:4 | K36: M3 | L36: 0.022 | M36: ='MORTERO 1.4'!O53 -> 542818 | O36: =L36*M36 -> 11941.996
C40: SUBTOTAL $ | O40: =ROUND(SUM(O35:O39),0) -> 47942
C41: III. TRANSPORTES
C44: MATERIAL | J44: VOL. o PESO | K44: DISTANCIA | L44: M3 o Ton/Km | M44: TARIFA | O44: Vr. UNITARIO
C46: SUBTOTAL $ | O46: =ROUND(SUM(O45:O45),0) -> 0
C47: IV. MANO DE OBRA
C50: TRABAJADOR | J50: JORNAL | K50: PRESTACIONES | L50: JORNAL TOTAL | M50: RENDIMIENTO | O50: Vr. UNITARIO
C51: =SALARIO!I10 -> CUADRILLA (1 obrero + 1 oficial) | J51: 1 | L51: =SALARIO!M10 -> 219079 | M51: 14 | O51: =L51/M51 -> 15648.5
C52: SUBTOTAL $ | O52: =ROUND(SUM(O51:O51),0) -> 15649
C54: TOTAL COSTO DIRECTO $ | O54: =ROUND(O30+O40+O46+O52,0) -> 64373
C55: V. COSTOS INDIRECTOS
C58: Descripción | L58: Porcentaje | M58: Valor Total
C59: ADMINISTRACION | L59: 0.25 | M59: =ROUND(O54*L59,0) -> 16093
C60: IMPREVISTOS | L60: 0.02 | M60: =ROUND(O54*L60,0) -> 1287
C61: UTILIDAD | L61: 0.05 | M61: =ROUND(O54*L61,0) -> 3219
C62: SUBTOTAL $ | O62: =SUM(M59:N61) -> 20599
C64: Precio Unitario Total Aproximado al peso $ | O64: =ROUND(O54+O62,0) -> 84972
H68: Firma
H69: Nombre: | I69: MIGUEL ALBERTO DURÁN SALAS
H70: Secretario de Planeación y Obras Públicas

Sheet 4.1
B1: Formulario 1 - Propuesta económica - Documento tipo de selección abreviada de menor cuantía
B2: Versión: 1 del 21 de agosto de 2025
D7: ALCALDÍA MUNICIPAL DE PAICOL HUILA
D8: NIT. 891.180.194-4 | L8: VERSIÓN
D9: PROCESO DE MÍNMA CIANTÍA
L10: PÁGINA | M10: 1 | N10: DE | O10: 1
D11: ANALISIS DE PRECIOS UNITARIOS
L13: FECHA | M13: DD | N13: MM | O13: AA
M14: 1 | N14: 9 | O14: 2026
C15: ITEMS DEL PRESUPUESTO OFICIAL
C19: DATOS ESPECÍFICOS
C21: ITEM | D21: DESCRIPCIÓN | M21: UNIDAD | O21: CANTIDAD
D22: Construcción de placa de piso en concreto de 3000 PSI, e= 0,10 m. | M22: =PRESUPUESTO!H29 -> M2
C23: I. EQUIPO
C26: DESCRIPCIÓN | H26: MARCA | J26: TIPO | L26: TARIFA/HORA | M26: RENDIMIENTO | O26: Vr. UNITARIO
C27: HERRAMIENTA MENOR | L27: %M.O. | M27: 0.05 | O27: =O51*M27 -> 912.85
O28: =L28*M28 -> 0
C30: SUBTOTAL $ | O30: =ROUND(SUM(O27:O29),0) -> 913
C31: II. MATERIALES
C34: DESCRIPCIÓN | K34: UNIDAD | L34: CANTIDAD | M34: PRECIO UNIT. | O34: Vr. UNITARIO
C35: CONCRETO DE 3000 PSI | K35: M3 | L35: 0.105 | M35: ='CONCRETO 3000'!O54 -> 731518 | O35: =L35*M35 -> 76809.39
C36: FORMALETA | K36: M2 | L36: 0.05 | M36: 45000 | O36: =L36*M36 -> 2250
O37: =L37*M37 -> 0
O38: =L38*M38 -> 0
C39: SUBTOTAL $ | O39: =ROUND(SUM(O35:O38),0) -> 79059
C40: III. TRANSPORTES
C43: MATERIAL | J43: VOL. o PESO | K43: DISTANCIA | L43: M3 o Ton/Km | M43: TARIFA | O43: Vr. UNITARIO
C45: SUBTOTAL $ | O45: =ROUND(SUM(O44:O44),0) -> 0
C46: IV. MANO DE OBRA
C49: TRABAJADOR | J49: JORNAL | K49: PRESTACIONES | L49: JORNAL TOTAL | M49: RENDIMIENTO | O49: Vr. UNITARIO
C50: =SALARIO!I10 -> CUADRILLA (1 obrero + 1 oficial) | J50: 1 | L50: =SALARIO!M10 -> 219079 | M50: 12 | O50: =L50/M50 -> 18256.584
C51: SUBTOTAL $ | O51: =ROUND(SUM(O50:O50),0) -> 18257
C53: TOTAL COSTO DIRECTO $ | O53: =ROUND(O30+O39+O45+O51,0) -> 98229
C54: V. COSTOS INDIRECTOS
C57: Descripción | L57: Porcentaje | M57: Valor Total
C58: ADMINISTRACION | L58: 0.25 | M58: =ROUND(O53*L58,0) -> 24557
C59: IMPREVISTOS | L59: 0.02 | M59: =ROUND(O53*L59,0) -> 1965
C60: UTILIDAD | L60: 0.05 | M60: =ROUND(O53*L60,0) -> 4911
C61: SUBTOTAL $ | O61: =SUM(M58:N60) -> 31433
C63: Precio Unitario Total Aproximado al peso $ | O63: =ROUND(O53+O61,0) -> 129662
H67: Firma
H68: Nombre: | I68: MIGUEL ALBERTO DURÁN SALAS
H69: Secretario de Planeación y Obras Públicas

Sheet 5.1
B1: Formulario 1 - Propuesta económica - Documento tipo de selección abreviada de menor cuantía
B2: Versión: 1 del 21 de agosto de 2025
D7: ALCALDÍA MUNICIPAL DE PAICOL HUILA
D8: NIT. 891.180.194-4 | L8: VERSIÓN
D9: PROCESO DE MÍNMA CIANTÍA
L10: PÁGINA | M10: 1 | N10: DE | O10: 1
D11: ANALISIS DE PRECIOS UNITARIOS
L13: FECHA | M13: DD | N13: MM | O13: AA
M14: 1 | N14: 9 | O14: 2026
C15: ITEMS DEL PRESUPUESTO OFICIAL
C19: DATOS ESPECÍFICOS
C21: ITEM | D21: DESCRIPCIÓN | M21: UNIDAD | O21: CANTIDAD
D22: =PRESUPUESTO!G32 -> Suministro y aplicación de pañete 1:4 para resane de muros. | M22: =PRESUPUESTO!H32 -> M2
C23: I. EQUIPO
C26: DESCRIPCIÓN | H26: MARCA | J26: TIPO | L26: TARIFA/HORA | M26: RENDIMIENTO | O26: Vr. UNITARIO
C27: HERRAMIENTA MENOR | L27: %M.O. | M27: 0.05 | O27: =O51*M27 -> 912.85
C30: SUBTOTAL $ | O30: =ROUND(SUM(O27:O29),0) -> 913
C31: II. MATERIALES
C34: DESCRIPCIÓN | K34: UNIDAD | L34: CANTIDAD | M34: PRECIO UNIT. | O34: Vr. UNITARIO
C35: MORTERO 1:4 | K35: M3 | L35: 0.0165 | M35: ='MORTERO 1.4'!O53 -> 542818 | O35: =L35*M35 -> 8956.497
O36: =L36*M36 -> 0
O37: =L37*M37 -> 0
O38: =L38*M38 -> 0
C39: SUBTOTAL $ | O39: =ROUND(SUM(O35:O38),0) -> 8956
C40: III. TRANSPORTES
C43: MATERIAL | J43: VOL. o PESO | K43: DISTANCIA | L43: M3 o Ton/Km | M43: TARIFA | O43: Vr. UNITARIO
C45: SUBTOTAL $ | O45: =ROUND(SUM(O44:O44),0) -> 0
C46: IV. MANO DE OBRA
C49: TRABAJADOR | J49: JORNAL | K49: PRESTACIONES | L49: JORNAL TOTAL | M49: RENDIMIENTO | O49: Vr. UNITARIO
C50: =SALARIO!I10 -> CUADRILLA (1 obrero + 1 oficial) | J50: 1 | L50: =SALARIO!M10 -> 219079 | M50: 12 | O50: =L50/M50 -> 18256.584
C51: SUBTOTAL $ | O51: =ROUND(SUM(O50:O50),0) -> 18257
C53: TOTAL COSTO DIRECTO $ | O53: =ROUND(O30+O39+O45+O51,0) -> 28126
C54: V. COSTOS INDIRECTOS
C57: Descripción | L57: Porcentaje | M57: Valor Total
C58: ADMINISTRACION | L58: 0.25 | M58: =ROUND(O53*L58,0) -> 7032
C59: IMPREVISTOS | L59: 0.02 | M59: =ROUND(O53*L59,0) -> 563
C60: UTILIDAD | L60: 0.05 | M60: =ROUND(O53*L60,0) -> 1406
C61: SUBTOTAL $ | O61: =SUM(M58:N60) -> 9001
C63: Precio Unitario Total Aproximado al peso $ | O63: =ROUND(O53+O61,0) -> 37127
H67: Firma
H68: Nombre: | I68: MIGUEL ALBERTO DURÁN SALAS
H69: Secretario de Planeación y Obras Públicas

Sheet 6.1
B1: Formulario 1 - Propuesta económica - Documento tipo de selección abreviada de menor cuantía
B2: Versión: 1 del 21 de agosto de 2025
D7: ALCALDÍA MUNICIPAL DE PAICOL HUILA
D8: NIT. 891.180.194-4 | L8: VERSIÓN
D9: PROCESO DE MÍNMA CIANTÍA
L10: PÁGINA | M10: 1 | N10: DE | O10: 1
D11: ANALISIS DE PRECIOS UNITARIOS
L13: FECHA | M13: DD | N13: MM | O13: AA
M14: 1 | N14: 9 | O14: 2026
C15: ITEMS DEL PRESUPUESTO OFICIAL
C19: DATOS ESPECÍFICOS
C21: ITEM | D21: DESCRIPCIÓN | M21: UNIDAD | O21: CANTIDAD
D22: =PRESUPUESTO!G35 -> Suministro e Instalación de Rejilla para piso de 3". | M22: =PRESUPUESTO!H35 -> UNIDAD
C23: I. EQUIPO
C26: DESCRIPCIÓN | H26: MARCA | J26: TIPO | L26: TARIFA/HORA | M26: RENDIMIENTO | O26: Vr. UNITARIO
C27: HERRAMIENTA MENOR | L27: %M.O. | M27: 0.05 | O27: =O50*M27 -> 216.05
C29: SUBTOTAL $ | O29: =ROUND(SUM(O27:O28),0) -> 216
C30: II. MATERIALES
C33: DESCRIPCIÓN | K33: UNIDAD | L33: CANTIDAD | M33: PRECIO UNIT. | O33: Vr. UNITARIO
C34: REJILLA SOSCO SIFÓN PLÁSTICA TRADICIONAL DE 3" X 2" | K34: UNIDAD | L34: 1 | M34: 14595 | O34: =L34*M34 -> 14595
O35: =L35*M35 -> 0
O36: =L36*M36 -> 0
O37: =L37*M37 -> 0
C38: SUBTOTAL $ | O38: =ROUND(SUM(O34:O37),0) -> 14595
C39: III. TRANSPORTES
C42: MATERIAL | J42: VOL. o PESO | K42: DISTANCIA | L42: M3 o Ton/Km | M42: TARIFA | O42: Vr. UNITARIO
O43: =L43*M43 -> 0
C44: SUBTOTAL $ | O44: =ROUND(SUM(O43:O43),0) -> 0
C45: IV. MANO DE OBRA
C48: TRABAJADOR | J48: JORNAL | K48: PRESTACIONES | L48: JORNAL TOTAL | M48: RENDIMIENTO | O48: Vr. UNITARIO
C49: =SALARIO!I8 -> OBRERO | J49: 1 | L49: =SALARIO!M8 -> 108025 | M49: 25 | O49: =L49/M49 -> 4321.0001
C50: SUBTOTAL $ | O50: =ROUND(SUM(O49:O49),0) -> 4321
C52: TOTAL COSTO DIRECTO $ | O52: =ROUND(O29+O38+O44+O50,0) -> 19132
C53: V. COSTOS INDIRECTOS
C56: Descripción | L56: Porcentaje | M56: Valor Total
C57: ADMINISTRACION | L57: 0.25 | M57: =ROUND(O52*L57,0) -> 4783
C58: IMPREVISTOS | L58: 0.02 | M58: =ROUND(O52*L58,0) -> 383
C59: UTILIDAD | L59: 0.05 | M59: =ROUND(O52*L59,0) -> 957
C60: SUBTOTAL $ | O60: =SUM(M57:N59) -> 6123
C62: Precio Unitario Total Aproximado al peso $ | O62: =ROUND(O52+O60,0) -> 25255
H66: Firma
H67: Nombre: | I67: MIGUEL ALBERTO DURÁN SALAS
H68: Secretario de Planeación y Obras Públicas

Sheet 6.2
B1: Formulario 1 - Propuesta económica - Documento tipo de selección abreviada de menor cuantía
B2: Versión: 1 del 21 de agosto de 2025
D7: ALCALDÍA MUNICIPAL DE PAICOL HUILA
D8: NIT. 891.180.194-4 | L8: VERSIÓN
D9: PROCESO DE MÍNMA CIANTÍA
L10: PÁGINA | M10: 1 | N10: DE | O10: 1
D11: ANALISIS DE PRECIOS UNITARIOS
L13: FECHA | M13: DD | N13: MM | O13: AA
M14: 1 | N14: 9 | O14: 2026
C15: ITEMS DEL PRESUPUESTO OFICIAL
C19: DATOS ESPECÍFICOS
C21: ITEM | D21: DESCRIPCIÓN | M21: UNIDAD | O21: CANTIDAD
D22: =PRESUPUESTO!G36 -> Suministro e Instalación de tubería sanitaria PVC 6". Incluye excavación. | M22: =PRESUPUESTO!H36 -> ML
C23: I. EQUIPO
C26: DESCRIPCIÓN | H26: MARCA | J26: TIPO | L26: TARIFA/HORA | M26: RENDIMIENTO | O26: Vr. UNITARIO
C27: HERRAMIENTA MENOR | L27: %M.O. | M27: 0.05 | O27: =O50*M27 -> 1095.4
C29: SUBTOTAL $ | O29: =ROUND(SUM(O27:O28),0) -> 1095
C30: II. MATERIALES
C33: DESCRIPCIÓN | K33: UNIDAD | L33: CANTIDAD | M33: PRECIO UNIT. | O33: Vr. UNITARIO
C34: TUBERÍA SANITARIA PVC DE 6" X 6M | K34: ML | L34: 1.03 | M34: 38300 | O34: =L34*M34 -> 39449
C35: UNIÓN SANITARIA PVC DE 6" | K35: UNIDAD | L35: 0.17 | M35: 6000 | O35: =L35*M35 -> 1020
C36: SOLDADURA PVC (1/4 GAL) | K36: UNIDAD | L36: 0.05 | M36: 88900 | O36: =L36*M36 -> 4445
C37: LIMPIADOR PVC (12 ONZ) | K37: UNIDAD | L37: 0.08 | M37: 38900 | O37: =L37*M37 -> 3112
C38: SUBTOTAL $ | O38: =ROUND(SUM(O34:O37),0) -> 48026
C39: III. TRANSPORTES
C42: MATERIAL | J42: VOL. o PESO | K42: DISTANCIA | L42: M3 o Ton/Km | M42: TARIFA | O42: Vr. UNITARIO
C44: SUBTOTAL $ | O44: =ROUND(SUM(O43:O43),0) -> 0
C45: IV. MANO DE OBRA
C48: TRABAJADOR | J48: JORNAL | K48: PRESTACIONES | L48: JORNAL TOTAL | M48: RENDIMIENTO | O48: Vr. UNITARIO
C49: =SALARIO!I10 -> CUADRILLA (1 obrero + 1 oficial) | J49: 1 | L49: =SALARIO!M10 -> 219079 | M49: 10 | O49: =L49/M49 -> 21907.9
C50: SUBTOTAL $ | O50: =ROUND(SUM(O49:O49),0) -> 21908
C52: TOTAL COSTO DIRECTO $ | O52: =ROUND(O29+O38+O44+O50,0) -> 71029
C53: V. COSTOS INDIRECTOS
C56: Descripción | L56: Porcentaje | M56: Valor Total
C57: ADMINISTRACION | L57: 0.25 | M57: =ROUND(O52*L57,0) -> 17757
C58: IMPREVISTOS | L58: 0.02 | M58: =ROUND(O52*L58,0) -> 1421
C59: UTILIDAD | L59: 0.05 | M59: =ROUND(O52*L59,0) -> 3551
C60: SUBTOTAL $ | O60: =SUM(M57:N59) -> 22729
C62: Precio Unitario Total Aproximado al peso $ | O62: =ROUND(O52+O60,0) -> 93758
H66: Firma
H67: Nombre: | I67: MIGUEL ALBERTO DURÁN SALAS
H68: Secretario de Planeación y Obras Públicas

Sheet 6.3
B1: Formulario 1 - Propuesta económica - Documento tipo de selección abreviada de menor cuantía
B2: Versión: 1 del 21 de agosto de 2025
D7: ALCALDÍA MUNICIPAL DE PAICOL HUILA
D8: NIT. 891.180.194-4 | L8: VERSIÓN
D9: PROCESO DE MÍNMA CIANTÍA
L10: PÁGINA | M10: 1 | N10: DE | O10: 1
D11: ANALISIS DE PRECIOS UNITARIOS
L13: FECHA | M13: DD | N13: MM | O13: AA
M14: 1 | N14: 9 | O14: 2026
C15: ITEMS DEL PRESUPUESTO OFICIAL
C19: DATOS ESPECÍFICOS
C21: ITEM | D21: DESCRIPCIÓN | M21: UNIDAD | O21: CANTIDAD
D22: =PRESUPUESTO!G37 -> Suministro e Instalación de punto de desagüe PVC 4", para instalación de sanitario y orinal, vereda El Carmen. | M22: =PRESUPUESTO!H37 -> UNIDAD
C23: I. EQUIPO
C26: DESCRIPCIÓN | H26: MARCA | J26: TIPO | L26: TARIFA/HORA | M26: RENDIMIENTO | O26: Vr. UNITARIO
C27: HERRAMIENTA MENOR | L27: %M.O. | M27: 0.05 | O27: =O54*M27 -> 3651.3
O28: =L28*M28 -> 0
C30: SUBTOTAL $ | O30: =ROUND(SUM(O27:O29),0) -> 3651
C31: II. MATERIALES
C34: DESCRIPCIÓN | K34: UNIDAD | L34: CANTIDAD | M34: PRECIO UNIT. | O34: Vr. UNITARIO
C35: TUBERÍA SANITARIA PVC DE 4" X 6M | K35: ML | L35: 8 | M35: 19967 | O35: =L35*M35 -> 159736
C36: CODO PVC SANITARIO DE 4" X 90 CXC | K36: UNIDAD | L36: 1 | M36: 16000 | O36: =L36*M36 -> 16000
C37: SOLDADURA PVC (1/4 GAL) | K37: UNIDAD | L37: 0.04 | M37: 88900 | O37: =L37*M37 -> 3556
C38: LIMPIADOR PVC (12 ONZ) | K38: UNIDAD | L38: 0.05 | M38: 38900 | O38: =L38*M38 -> 1945
C42: SUBTOTAL $ | O42: =ROUND(SUM(O35:O41),0) -> 181237
C43: III. TRANSPORTES
C46: MATERIAL | J46: VOL. o PESO | K46: DISTANCIA | L46: M3 o Ton/Km | M46: TARIFA | O46: Vr. UNITARIO
C48: SUBTOTAL $ | O48: =ROUND(SUM(O47:O47),0) -> 0
C49: IV. MANO DE OBRA
C52: TRABAJADOR | J52: JORNAL | K52: PRESTACIONES | L52: JORNAL TOTAL | M52: RENDIMIENTO | O52: Vr. UNITARIO
C53: =SALARIO!I10 -> CUADRILLA (1 obrero + 1 oficial) | J53: 1 | L53: =SALARIO!M10 -> 219079 | M53: 3 | O53: =L53/M53 -> 73026.334
C54: SUBTOTAL $ | O54: =ROUND(SUM(O53:O53),0) -> 73026
C56: TOTAL COSTO DIRECTO $ | O56: =ROUND(O30+O42+O48+O54,0) -> 257914
C57: V. COSTOS INDIRECTOS
C60: Descripción | L60: Porcentaje | M60: Valor Total
C61: ADMINISTRACION | L61: 0.25 | M61: =ROUND(O56*L61,0) -> 64479
C62: IMPREVISTOS | L62: 0.02 | M62: =ROUND(O56*L62,0) -> 5158
C63: UTILIDAD | L63: 0.05 | M63: =ROUND(O56*L63,0) -> 12896
C64: SUBTOTAL $ | O64: =SUM(M61:N63) -> 82533
C66: Precio Unitario Total Aproximado al peso $ | O66: =ROUND(O56+O64,0) -> 340447
H70: Firma
H71: Nombre: | I71: MIGUEL ALBERTO DURÁN SALAS
H72: Secretario de Planeación y Obras Públicas

Sheet 6.4
B1: Formulario 1 - Propuesta económica - Documento tipo de selección abreviada de menor cuantía
B2: Versión: 1 del 21 de agosto de 2025
D7: ALCALDÍA MUNICIPAL DE PAICOL HUILA
D8: NIT. 891.180.194-4 | L8: VERSIÓN
D9: PROCESO DE MÍNMA CIANTÍA
L10: PÁGINA | M10: 1 | N10: DE | O10: 1
D11: ANALISIS DE PRECIOS UNITARIOS
L13: FECHA | M13: DD | N13: MM | O13: AA
M14: 1 | N14: 9 | O14: 2026
C15: ITEMS DEL PRESUPUESTO OFICIAL
C19: DATOS ESPECÍFICOS
C21: ITEM | D21: DESCRIPCIÓN | M21: UNIDAD | O21: CANTIDAD
C22: =PRESUPUESTO!C38 -> 6.4 | D22: =PRESUPUESTO!G38 -> Suministro e Instalación de punto de desagüe PVC 2", para lavamanos, vereda El Carmen. | M22: =PRESUPUESTO!H38 -> UNIDAD | O22: =PRESUPUESTO!I38 -> 4
C23: I. EQUIPO
C26: DESCRIPCIÓN | H26: MARCA | J26: TIPO | L26: TARIFA/HORA | M26: RENDIMIENTO | O26: Vr. UNITARIO
C27: HERRAMIENTA MENOR | L27: %M.O. | M27: 0.05 | O27: =O54*M27 -> 2738.5
O28: =L28*M28 -> 0
C30: SUBTOTAL $ | O30: =ROUND(SUM(O27:O29),0) -> 2739
C31: II. MATERIALES
C34: DESCRIPCIÓN | K34: UNIDAD | L34: CANTIDAD | M34: PRECIO UNIT. | O34: Vr. UNITARIO
C35: TUBERÍA SANITARIA PVC DE 2" X 6M | K35: ML | L35: 9 | M35: 8980 | O35: =L35*M35 -> 80820
C36: CODO PVC SANITARIO DE 2" X 90 CXC | K36: UNIDAD | L36: 1 | M36: 3839 | O36: =L36*M36 -> 3839
C37: SOLDADURA PVC (1/4 GAL) | K37: UNIDAD | L37: 0.025 | M37: 88900 | O37: =L37*M37 -> 2222.5
C38: LIMPIADOR PVC (12 ONZ) | K38: UNIDAD | L38: 0.015 | M38: 38900 | O38: =L38*M38 -> 583.5
C42: SUBTOTAL $ | O42: =ROUND(SUM(O35:O41),0) -> 87465
C43: III. TRANSPORTES
C46: MATERIAL | J46: VOL. o PESO | K46: DISTANCIA | L46: M3 o Ton/Km | M46: TARIFA | O46: Vr. UNITARIO
C48: SUBTOTAL $ | O48: =ROUND(SUM(O47:O47),0) -> 0
C49: IV. MANO DE OBRA
C52: TRABAJADOR | J52: JORNAL | K52: PRESTACIONES | L52: JORNAL TOTAL | M52: RENDIMIENTO | O52: Vr. UNITARIO
C53: =SALARIO!I10 -> CUADRILLA (1 obrero + 1 oficial) | J53: 1 | L53: =SALARIO!M10 -> 219079 | M53: 4 | O53: =L53/M53 -> 54769.751
C54: SUBTOTAL $ | O54: =ROUND(SUM(O53:O53),0) -> 54770
C56: TOTAL COSTO DIRECTO $ | O56: =ROUND(O30+O42+O48+O54,0) -> 144974
C57: V. COSTOS INDIRECTOS
C60: Descripción | L60: Porcentaje | M60: Valor Total
C61: ADMINISTRACION | L61: 0.25 | M61: =ROUND(O56*L61,0) -> 36244
C62: IMPREVISTOS | L62: 0.02 | M62: =ROUND(O56*L62,0) -> 2899
C63: UTILIDAD | L63: 0.05 | M63: =ROUND(O56*L63,0) -> 7249
C64: SUBTOTAL $ | O64: =SUM(M61:N63) -> 46392
C66: Precio Unitario Total Aproximado al peso $ | O66: =ROUND(O56+O64,0) -> 191366
H70: Firma
H71: Nombre: | I71: MIGUEL ALBERTO DURÁN SALAS
H72: Secretario de Planeación y Obras Públicas

Sheet 6.5
B1: Formulario 1 - Propuesta económica - Documento tipo de selección abreviada de menor cuantía
B2: Versión: 1 del 21 de agosto de 2025
D7: ALCALDÍA MUNICIPAL DE PAICOL HUILA
D8: NIT. 891.180.194-4 | L8: VERSIÓN
D9: PROCESO DE MÍNMA CIANTÍA
L10: PÁGINA | M10: 1 | N10: DE | O10: 1
D11: ANALISIS DE PRECIOS UNITARIOS
L13: FECHA | M13: DD | N13: MM | O13: AA
M14: 1 | N14: 9 | O14: 2026
C15: ITEMS DEL PRESUPUESTO OFICIAL
C19: DATOS ESPECÍFICOS
C21: ITEM | D21: DESCRIPCIÓN | M21: UNIDAD | O21: CANTIDAD
D22: =PRESUPUESTO!G39 -> Construcción de caja de inspección en concreto de 2500 PSI, sección exterior de 0,80 m x 0,80 m, profundidad de 0,6 m aproximadamente, paredes con espesor de 0,10 m y tapa en concreto reforzado de 2500 PSI, acero de 3/8" y espesor de 0,08 m. Incluye excavación y cañuela. | M22: =PRESUPUESTO!H39 -> UNIDAD
C23: I. EQUIPO
C26: DESCRIPCIÓN | H26: MARCA | J26: TIPO | L26: TARIFA/HORA | M26: RENDIMIENTO | O26: Vr. UNITARIO
C27: HERRAMIENTA MENOR | L27: %M.O. | M27: 0.05 | O27: =O51*M27 -> 7302.65
C29: SUBTOTAL $ | O29: =ROUND(SUM(O27:O28),0) -> 7303
C30: II. MATERIALES
C33: DESCRIPCIÓN | K33: UNIDAD | L33: CANTIDAD | M33: PRECIO UNIT. | O33: Vr. UNITARIO
C34: CONCRETO DE 2500 PSI | K34: M3 | L34: 0.3 | M34: ='CONCRETO 2500'!O54 -> 689098 | O34: =L34*M34 -> 206729.4
C35: FORMALETA | K35: M2 | L35: 1.5 | M35: 45000 | O35: =L35*M35 -> 67500
C36: ACERO CORRUGADO N° 3 (3/8") PARA REFUERZO LONGITUDINAL X 6M | K36: ML | L36: 12 | M36: 3833 | O36: =L36*M36 -> 45996
C39: SUBTOTAL $ | O39: =ROUND(SUM(O34:O38),0) -> 320225
C40: III. TRANSPORTES
C43: MATERIAL | J43: VOL. o PESO | K43: DISTANCIA | L43: M3 o Ton/Km | M43: TARIFA | O43: Vr. UNITARIO
C45: SUBTOTAL $ | O45: =ROUND(SUM(O44:O44),0) -> 0
C46: IV. MANO DE OBRA
C49: TRABAJADOR | J49: JORNAL | K49: PRESTACIONES | L49: JORNAL TOTAL | M49: RENDIMIENTO | O49: Vr. UNITARIO
C50: =SALARIO!I10 -> CUADRILLA (1 obrero + 1 oficial) | J50: 1 | L50: =SALARIO!M10 -> 219079 | M50: 1.5 | O50: =L50/M50 -> 146052.67
C51: SUBTOTAL $ | O51: =ROUND(SUM(O50:O50),0) -> 146053
C53: TOTAL COSTO DIRECTO $ | O53: =ROUND(O29+O39+O45+O51,0) -> 473581
C54: V. COSTOS INDIRECTOS
C57: Descripción | L57: Porcentaje | M57: Valor Total
C58: ADMINISTRACION | L58: 0.25 | M58: =ROUND(O53*L58,0) -> 118395
C59: IMPREVISTOS | L59: 0.02 | M59: =ROUND(O53*L59,0) -> 9472
C60: UTILIDAD | L60: 0.05 | M60: =ROUND(O53*L60,0) -> 23679
C61: SUBTOTAL $ | O61: =SUM(M58:N60) -> 151546
C63: Precio Unitario Total Aproximado al peso $ | O63: =ROUND(O53+O61,0) -> 625127
H67: Firma
H68: Nombre: | I68: MIGUEL ALBERTO DURÁN SALAS
H69: Secretario de Planeación y Obras Públicas

Sheet 6.6
B1: Formulario 1 - Propuesta económica - Documento tipo de selección abreviada de menor cuantía
B2: Versión: 1 del 21 de agosto de 2025
D7: ALCALDÍA MUNICIPAL DE PAICOL HUILA
D8: NIT. 891.180.194-4 | L8: VERSIÓN
D9: PROCESO DE MÍNMA CIANTÍA
L10: PÁGINA | M10: 1 | N10: DE | O10: 1
D11: ANALISIS DE PRECIOS UNITARIOS
L13: FECHA | M13: DD | N13: MM | O13: AA
M14: 1 | N14: 9 | O14: 2026
C15: ITEMS DEL PRESUPUESTO OFICIAL
C19: DATOS ESPECÍFICOS
C21: ITEM | D21: DESCRIPCIÓN | M21: UNIDAD | O21: CANTIDAD
D22: =PRESUPUESTO!G40 -> Mantenimiento y revisión de Pozo Séptico. | M22: =PRESUPUESTO!H40 -> UNIDAD
C23: I. EQUIPO
C26: DESCRIPCIÓN | H26: MARCA | J26: TIPO | L26: TARIFA/HORA | M26: RENDIMIENTO | O26: Vr. UNITARIO
C27: HERRAMIENTA MENOR | L27: %M.O. | M27: 0.03 | O27: =O51*M27 -> 6572.37
C29: SUBTOTAL $ | O29: =ROUND(SUM(O27:O28),0) -> 6572
C30: II. MATERIALES
C33: DESCRIPCIÓN | K33: UNIDAD | L33: CANTIDAD | M33: PRECIO UNIT. | O33: Vr. UNITARIO
C34: MATERIAL PARA REPARACIONES | K34: GLB | L34: 1 | M34: 200000 | O34: =L34*M34 -> 200000
C39: SUBTOTAL $ | O39: =ROUND(SUM(O34:O38),0) -> 200000
C40: III. TRANSPORTES
C43: MATERIAL | J43: VOL. o PESO | K43: DISTANCIA | L43: M3 o Ton/Km | M43: TARIFA | O43: Vr. UNITARIO
O44: =L44*M44 -> 0
C45: SUBTOTAL $ | O45: =ROUND(SUM(O44:O44),0) -> 0
C46: IV. MANO DE OBRA
C49: TRABAJADOR | J49: JORNAL | K49: PRESTACIONES | L49: JORNAL TOTAL | M49: RENDIMIENTO | O49: Vr. UNITARIO
C50: =SALARIO!I10 -> CUADRILLA (1 obrero + 1 oficial) | J50: 1 | L50: =SALARIO!M10 -> 219079 | M50: 1 | O50: =L50/M50 -> 219079
C51: SUBTOTAL $ | O51: =ROUND(SUM(O50:O50),0) -> 219079
C53: TOTAL COSTO DIRECTO $ | O53: =ROUND(O29+O39+O45+O51,0) -> 425651
C54: V. COSTOS INDIRECTOS
C57: Descripción | L57: Porcentaje | M57: Valor Total
C58: ADMINISTRACION | L58: 0.25 | M58: =ROUND(O53*L58,0) -> 106413
C59: IMPREVISTOS | L59: 0.02 | M59: =ROUND(O53*L59,0) -> 8513
C60: UTILIDAD | L60: 0.05 | M60: =ROUND(O53*L60,0) -> 21283
C61: SUBTOTAL $ | O61: =SUM(M58:N60) -> 136209
C63: Precio Unitario Total Aproximado al peso $ | O63: =ROUND(O53+O61,0) -> 561860
H67: Firma
H68: Nombre: | I68: MIGUEL ALBERTO DURÁN SALAS
H69: Secretario de Planeación y Obras Públicas

Sheet 7.1
B1: Formulario 1 - Propuesta económica - Documento tipo de selección abreviada de menor cuantía
B2: Versión: 1 del 21 de agosto de 2025
D7: ALCALDÍA MUNICIPAL DE PAICOL HUILA
D8: NIT. 891.180.194-4 | L8: VERSIÓN
D9: PROCESO DE MÍNMA CIANTÍA
L10: PÁGINA | M10: 1 | N10: DE | O10: 1
D11: ANALISIS DE PRECIOS UNITARIOS
L13: FECHA | M13: DD | N13: MM | O13: AA
M14: 1 | N14: 9 | O14: 2026
C15: ITEMS DEL PRESUPUESTO OFICIAL
C19: DATOS ESPECÍFICOS
C21: ITEM | D21: DESCRIPCIÓN | M21: UNIDAD | O21: CANTIDAD
D22: =PRESUPUESTO!G43 -> Suministro e instalación de Tubería PVC presión 3/4". Incluye excavación. | M22: =PRESUPUESTO!H43 -> ML
C23: I. EQUIPO
C26: DESCRIPCIÓN | H26: MARCA | J26: TIPO | L26: TARIFA/HORA | M26: RENDIMIENTO | O26: Vr. UNITARIO
C27: HERRAMIENTA MENOR | L27: %M.O. | M27: 0.05 | O27: =O51*M27 -> 730.25
C29: SUBTOTAL $ | O29: =ROUND(SUM(O27:O28),0) -> 730
C30: II. MATERIALES
C33: DESCRIPCIÓN | K33: UNIDAD | L33: CANTIDAD | M33: PRECIO UNIT. | O33: Vr. UNITARIO
C34: TUBERIA PVC PRESIÓN DE 3/4" X 6M | K34: ML | L34: 1.03 | M34: 4900 | O34: =L34*M34 -> 5047
C35: UNIÓN PVC DE 3/4" | K35: UNIDAD | L35: 0.17 | M35: 1000 | O35: =L35*M35 -> 170
C36: SOLDADURA PVC (1/4 GAL) | K36: UNIDAD | L36: 0.005 | M36: 88900 | O36: =L36*M36 -> 444.5
C37: LIMPIADOR PVC (12 ONZ) | K37: UNIDAD | L37: 0.009 | M37: 38900 | O37: =L37*M37 -> 350.1
C39: SUBTOTAL $ | O39: =ROUND(SUM(O34:O38),0) -> 6012
C40: III. TRANSPORTES
C43: MATERIAL | J43: VOL. o PESO | K43: DISTANCIA | L43: M3 o Ton/Km | M43: TARIFA | O43: Vr. UNITARIO
C45: SUBTOTAL $ | O45: =ROUND(SUM(O44:O44),0) -> 0
C46: IV. MANO DE OBRA
C49: TRABAJADOR | J49: JORNAL | K49: PRESTACIONES | L49: JORNAL TOTAL | M49: RENDIMIENTO | O49: Vr. UNITARIO
C50: =SALARIO!I10 -> CUADRILLA (1 obrero + 1 oficial) | J50: 1 | L50: =SALARIO!M10 -> 219079 | M50: 15 | O50: =L50/M50 -> 14605.267
C51: SUBTOTAL $ | O51: =ROUND(SUM(O50:O50),0) -> 14605
C53: TOTAL COSTO DIRECTO $ | O53: =ROUND(O29+O39+O45+O51,0) -> 21347
C54: V. COSTOS INDIRECTOS
C57: Descripción | L57: Porcentaje | M57: Valor Total
C58: ADMINISTRACION | L58: 0.25 | M58: =ROUND(O53*L58,0) -> 5337
C59: IMPREVISTOS | L59: 0.02 | M59: =ROUND(O53*L59,0) -> 427
C60: UTILIDAD | L60: 0.05 | M60: =ROUND(O53*L60,0) -> 1067
C61: SUBTOTAL $ | O61: =SUM(M58:N60) -> 6831
C63: Precio Unitario Total Aproximado al peso $ | O63: =ROUND(O53+O61,0) -> 28178
H67: Firma
H68: Nombre: | I68: MIGUEL ALBERTO DURÁN SALAS
H69: Secretario de Planeación y Obras Públicas

Sheet 7.2
B1: Formulario 1 - Propuesta económica - Documento tipo de selección abreviada de menor cuantía
B2: Versión: 1 del 21 de agosto de 2025
D7: ALCALDÍA MUNICIPAL DE PAICOL HUILA
D8: NIT. 891.180.194-4 | L8: VERSIÓN
D9: PROCESO DE MÍNMA CIANTÍA
L10: PÁGINA | M10: 1 | N10: DE | O10: 1
D11: ANALISIS DE PRECIOS UNITARIOS
L13: FECHA | M13: DD | N13: MM | O13: AA
M14: 1 | N14: 9 | O14: 2026
C15: ITEMS DEL PRESUPUESTO OFICIAL
C19: DATOS ESPECÍFICOS
C21: ITEM | D21: DESCRIPCIÓN | M21: UNIDAD | O21: CANTIDAD
D22: =PRESUPUESTO!G44 -> Suministro e instalación de Tubería PVC presión 1/2". Incluye excavación. | M22: =PRESUPUESTO!H44 -> ML
C23: I. EQUIPO
C26: DESCRIPCIÓN | H26: MARCA | J26: TIPO | L26: TARIFA/HORA | M26: RENDIMIENTO | O26: Vr. UNITARIO
C27: HERRAMIENTA MENOR | L27: %M.O. | M27: 0.05 | O27: =O51*M27 -> 684.6
C29: SUBTOTAL $ | O29: =ROUND(SUM(O27:O28),0) -> 685
C30: II. MATERIALES
C33: DESCRIPCIÓN | K33: UNIDAD | L33: CANTIDAD | M33: PRECIO UNIT. | O33: Vr. UNITARIO
C34: TUBERIA PVC PRESIÓN DE 1/2" X 6M | K34: ML | L34: 1.03 | M34: 2400 | O34: =L34*M34 -> 2472
C35: UNIÓN PVC DE 1/2" | K35: UNIDAD | L35: 0.17 | M35: 1000 | O35: =L35*M35 -> 170
C36: SOLDADURA PVC (1/4 GAL) | K36: UNIDAD | L36: 0.005 | M36: 88900 | O36: =L36*M36 -> 444.5
C37: LIMPIADOR PVC (12 ONZ) | K37: UNIDAD | L37: 0.009 | M37: 38900 | O37: =L37*M37 -> 350.1
C39: SUBTOTAL $ | O39: =ROUND(SUM(O34:O38),0) -> 3437
C40: III. TRANSPORTES
C43: MATERIAL | J43: VOL. o PESO | K43: DISTANCIA | L43: M3 o Ton/Km | M43: TARIFA | O43: Vr. UNITARIO
C45: SUBTOTAL $ | O45: =ROUND(SUM(O44:O44),0) -> 0
C46: IV. MANO DE OBRA
C49: TRABAJADOR | J49: JORNAL | K49: PRESTACIONES | L49: JORNAL TOTAL | M49: RENDIMIENTO | O49: Vr. UNITARIO
C50: =SALARIO!I10 -> CUADRILLA (1 obrero + 1 oficial) | J50: 1 | L50: =SALARIO!M10 -> 219079 | M50: 16 | O50: =L50/M50 -> 13692.438
C51: SUBTOTAL $ | O51: =ROUND(SUM(O50:O50),0) -> 13692
C53: TOTAL COSTO DIRECTO $ | O53: =ROUND(O29+O39+O45+O51,0) -> 17814
C54: V. COSTOS INDIRECTOS
C57: Descripción | L57: Porcentaje | M57: Valor Total
C58: ADMINISTRACION | L58: 0.25 | M58: =ROUND(O53*L58,0) -> 4454
C59: IMPREVISTOS | L59: 0.02 | M59: =ROUND(O53*L59,0) -> 356
C60: UTILIDAD | L60: 0.05 | M60: =ROUND(O53*L60,0) -> 891
C61: SUBTOTAL $ | O61: =SUM(M58:N60) -> 5701
C63: Precio Unitario Total Aproximado al peso $ | O63: =ROUND(O53+O61,0) -> 23515
H67: Firma
H68: Nombre: | I68: MIGUEL ALBERTO DURÁN SALAS
H69: Secretario de Planeación y Obras Públicas

Sheet 7.3
B1: Formulario 1 - Propuesta económica - Documento tipo de selección abreviada de menor cuantía
B2: Versión: 1 del 21 de agosto de 2025
D7: ALCALDÍA MUNICIPAL DE PAICOL HUILA
D8: NIT. 891.180.194-4 | L8: VERSIÓN
D9: PROCESO DE MÍNMA CIANTÍA
L10: PÁGINA | M10: 1 | N10: DE | O10: 1
D11: ANALISIS DE PRECIOS UNITARIOS
L13: FECHA | M13: DD | N13: MM | O13: AA
M14: 1 | N14: 9 | O14: 2026
C15: ITEMS DEL PRESUPUESTO OFICIAL
C19: DATOS ESPECÍFICOS
C21: ITEM | D21: DESCRIPCIÓN | M21: UNIDAD | O21: CANTIDAD
D22: =PRESUPUESTO!G45 -> Suministro e instalación de Registro llave de paso de 1/2" en PVC. | M22: =PRESUPUESTO!H45 -> UNIDAD
C23: I. EQUIPO
C26: DESCRIPCIÓN | H26: MARCA | J26: TIPO | L26: TARIFA/HORA | M26: RENDIMIENTO | O26: Vr. UNITARIO
C27: HERRAMIENTA MENOR | L27: %M.O. | M27: 0.05 | O27: =O50*M27 -> 270.05
C29: SUBTOTAL $ | O29: =ROUND(SUM(O27:O28),0) -> 270
C30: II. MATERIALES
C33: DESCRIPCIÓN | K33: UNIDAD | L33: CANTIDAD | M33: PRECIO UNIT. | O33: Vr. UNITARIO
C34: REGISTRO LLAVE DE PASO DE 1/2" PVC | K34: UNIDAD | L34: 1 | M34: 32900 | O34: =L34*M34 -> 32900
C35: UNIÓN UNIVERSAL AG DE 1/2" PVC | K35: GLB | L35: 1 | M35: 7500 | O35: =L35*M35 -> 7500
C36: SELLADOR | K36: GLB | L36: 0.01 | M36: 17860 | O36: =L36*M36 -> 178.6
O37: =L37*M37 -> 0
C38: SUBTOTAL $ | O38: =ROUND(SUM(O34:O37),0) -> 40579
C39: III. TRANSPORTES
C42: MATERIAL | J42: VOL. o PESO | K42: DISTANCIA | L42: M3 o Ton/Km | M42: TARIFA | O42: Vr. UNITARIO
O43: =L43*M43 -> 0
C44: SUBTOTAL $ | O44: =ROUND(SUM(O43:O43),0) -> 0
C45: IV. MANO DE OBRA
C48: TRABAJADOR | J48: JORNAL | K48: PRESTACIONES | L48: JORNAL TOTAL | M48: RENDIMIENTO | O48: Vr. UNITARIO
C49: =SALARIO!I8 -> OBRERO | J49: 1 | L49: =SALARIO!M8 -> 108025 | M49: 20 | O49: =L49/M49 -> 5401.2501
C50: SUBTOTAL $ | O50: =ROUND(SUM(O49:O49),0) -> 5401
C52: TOTAL COSTO DIRECTO $ | O52: =ROUND(O29+O38+O44+O50,0) -> 46250
C53: V. COSTOS INDIRECTOS
C56: Descripción | L56: Porcentaje | M56: Valor Total
C57: ADMINISTRACION | L57: 0.25 | M57: =ROUND(O52*L57,0) -> 11563
C58: IMPREVISTOS | L58: 0.02 | M58: =ROUND(O52*L58,0) -> 925
C59: UTILIDAD | L59: 0.05 | M59: =ROUND(O52*L59,0) -> 2313
C60: SUBTOTAL $ | O60: =SUM(M57:N59) -> 14801
C62: Precio Unitario Total Aproximado al peso $ | O62: =ROUND(O52+O60,0) -> 61051
H66: Firma
H67: Nombre: | I67: MIGUEL ALBERTO DURÁN SALAS
H68: Secretario de Planeación y Obras Públicas

Sheet 7.4
B1: Formulario 1 - Propuesta económica - Documento tipo de selección abreviada de menor cuantía
B2: Versión: 1 del 21 de agosto de 2025
D7: ALCALDÍA MUNICIPAL DE PAICOL HUILA
D8: NIT. 891.180.194-4 | L8: VERSIÓN
D9: PROCESO DE MÍNMA CIANTÍA
L10: PÁGINA | M10: 1 | N10: DE | O10: 1
D11: ANALISIS DE PRECIOS UNITARIOS
L13: FECHA | M13: DD | N13: MM | O13: AA
M14: 1 | N14: 9 | O14: 2026
C15: ITEMS DEL PRESUPUESTO OFICIAL
C19: DATOS ESPECÍFICOS
C21: ITEM | D21: DESCRIPCIÓN | M21: UNIDAD | O21: CANTIDAD
D22: =PRESUPUESTO!G46 -> Suministro e instalación de punto de agua fría 1/2". | M22: =PRESUPUESTO!H46 -> UNIDAD
C23: I. EQUIPO
C26: DESCRIPCIÓN | H26: MARCA | J26: TIPO | L26: TARIFA/HORA | M26: RENDIMIENTO | O26: Vr. UNITARIO
C27: HERRAMIENTA MENOR | L27: %M.O. | M27: 0.05 | O27: =O54*M27 -> 2190.8
O28: =L28*M28 -> 0
C30: SUBTOTAL $ | O30: =ROUND(SUM(O27:O29),0) -> 2191
C31: II. MATERIALES
C34: DESCRIPCIÓN | K34: UNIDAD | L34: CANTIDAD | M34: PRECIO UNIT. | O34: Vr. UNITARIO
C35: TUBERIA PVC PRESIÓN DE 1/2" X 6M | K35: ML | L35: 1.03 | M35: 2400 | O35: =L35*M35 -> 2472
C36: NIPLE GALVANIZADO DE 1/2" X 6" | K36: UNIDAD | L36: 1 | M36: 5200 | O36: =L36*M36 -> 5200
C37: SOLDADURA PVC (1/4 GAL) | K37: UNIDAD | L37: 0.005 | M37: 88900 | O37: =L37*M37 -> 444.5
C38: LIMPIADOR PVC (12 ONZ) | K38: UNIDAD | L38: 0.009 | M38: 38900 | O38: =L38*M38 -> 350.1
C42: SUBTOTAL $ | O42: =ROUND(SUM(O35:O41),0) -> 8467
C43: III. TRANSPORTES
C46: MATERIAL | J46: VOL. o PESO | K46: DISTANCIA | L46: M3 o Ton/Km | M46: TARIFA | O46: Vr. UNITARIO
C48: SUBTOTAL $ | O48: =ROUND(SUM(O47:O47),0) -> 0
C49: IV. MANO DE OBRA
C52: TRABAJADOR | J52: JORNAL | K52: PRESTACIONES | L52: JORNAL TOTAL | M52: RENDIMIENTO | O52: Vr. UNITARIO
C53: =SALARIO!I10 -> CUADRILLA (1 obrero + 1 oficial) | J53: 1 | L53: =SALARIO!M10 -> 219079 | M53: 5 | O53: =L53/M53 -> 43815.8
C54: SUBTOTAL $ | O54: =ROUND(SUM(O53:O53),0) -> 43816
C56: TOTAL COSTO DIRECTO $ | O56: =ROUND(O30+O42+O48+O54,0) -> 54474
C57: V. COSTOS INDIRECTOS
C60: Descripción | L60: Porcentaje | M60: Valor Total
C61: ADMINISTRACION | L61: 0.25 | M61: =ROUND(O56*L61,0) -> 13619
C62: IMPREVISTOS | L62: 0.02 | M62: =ROUND(O56*L62,0) -> 1089
C63: UTILIDAD | L63: 0.05 | M63: =ROUND(O56*L63,0) -> 2724
C64: SUBTOTAL $ | O64: =SUM(M61:N63) -> 17432
C66: Precio Unitario Total Aproximado al peso $ | O66: =ROUND(O56+O64,0) -> 71906
H70: Firma
H71: Nombre: | I71: MIGUEL ALBERTO DURÁN SALAS
H72: Secretario de Planeación y Obras Públicas

Sheet 7.5
B1: Formulario 1 - Propuesta económica - Documento tipo de selección abreviada de menor cuantía
B2: Versión: 1 del 21 de agosto de 2025
D7: ALCALDÍA MUNICIPAL DE PAICOL HUILA
D8: NIT. 891.180.194-4 | L8: VERSIÓN
D9: PROCESO DE MÍNMA CIANTÍA
L10: PÁGINA | M10: 1 | N10: DE | O10: 1
D11: ANALISIS DE PRECIOS UNITARIOS
L13: FECHA | M13: DD | N13: MM | O13: AA
M14: 1 | N14: 9 | O14: 2026
C15: ITEMS DEL PRESUPUESTO OFICIAL
C19: DATOS ESPECÍFICOS
C21: ITEM | D21: DESCRIPCIÓN | M21: UNIDAD | O21: CANTIDAD
D22: =PRESUPUESTO!G47 -> Mantenimiento de tanque existente, reposición de accesorios necesarios para su buen funcionamiento. | M22: =PRESUPUESTO!H47 -> UNIDAD
C23: I. EQUIPO
C26: DESCRIPCIÓN | H26: MARCA | J26: TIPO | L26: TARIFA/HORA | M26: RENDIMIENTO | O26: Vr. UNITARIO
C27: HERRAMIENTA MENOR | L27: %M.O. | M27: 0.03 | O27: =O51*M27 -> 3286.2
C29: SUBTOTAL $ | O29: =ROUND(SUM(O27:O28),0) -> 3286
C30: II. MATERIALES
C33: DESCRIPCIÓN | K33: UNIDAD | L33: CANTIDAD | M33: PRECIO UNIT. | O33: Vr. UNITARIO
C34: MATERIAL PARA REPARACIONES | K34: GLB | L34: 1 | M34: 100000 | O34: =L34*M34 -> 100000
C39: SUBTOTAL $ | O39: =ROUND(SUM(O34:O38),0) -> 100000
C40: III. TRANSPORTES
C43: MATERIAL | J43: VOL. o PESO | K43: DISTANCIA | L43: M3 o Ton/Km | M43: TARIFA | O43: Vr. UNITARIO
O44: =L44*M44 -> 0
C45: SUBTOTAL $ | O45: =ROUND(SUM(O44:O44),0) -> 0
C46: IV. MANO DE OBRA
C49: TRABAJADOR | J49: JORNAL | K49: PRESTACIONES | L49: JORNAL TOTAL | M49: RENDIMIENTO | O49: Vr. UNITARIO
C50: =SALARIO!I10 -> CUADRILLA (1 obrero + 1 oficial) | J50: 1 | L50: =SALARIO!M10 -> 219079 | M50: 2 | O50: =L50/M50 -> 109539.5
C51: SUBTOTAL $ | O51: =ROUND(SUM(O50:O50),0) -> 109540
C53: TOTAL COSTO DIRECTO $ | O53: =ROUND(O29+O39+O45+O51,0) -> 212826
C54: V. COSTOS INDIRECTOS
C57: Descripción | L57: Porcentaje | M57: Valor Total
C58: ADMINISTRACION | L58: 0.25 | M58: =ROUND(O53*L58,0) -> 53207
C59: IMPREVISTOS | L59: 0.02 | M59: =ROUND(O53*L59,0) -> 4257
C60: UTILIDAD | L60: 0.05 | M60: =ROUND(O53*L60,0) -> 10641
C61: SUBTOTAL $ | O61: =SUM(M58:N60) -> 68105
C63: Precio Unitario Total Aproximado al peso $ | O63: =ROUND(O53+O61,0) -> 280931
H67: Firma
H68: Nombre: | I68: MIGUEL ALBERTO DURÁN SALAS
H69: Secretario de Planeación y Obras Públicas

Sheet 7.6
B1: Formulario 1 - Propuesta económica - Documento tipo de selección abreviada de menor cuantía
B2: Versión: 1 del 21 de agosto de 2025
D7: ALCALDÍA MUNICIPAL DE PAICOL HUILA
D8: NIT. 891.180.194-4 | L8: VERSIÓN
D9: PROCESO DE MÍNMA CIANTÍA
L10: PÁGINA | M10: 1 | N10: DE | O10: 1
D11: ANALISIS DE PRECIOS UNITARIOS
L13: FECHA | M13: DD | N13: MM | O13: AA
M14: 1 | N14: 9 | O14: 2026
C15: ITEMS DEL PRESUPUESTO OFICIAL
C19: DATOS ESPECÍFICOS
C21: ITEM | D21: DESCRIPCIÓN | M21: UNIDAD | O21: CANTIDAD
D22: Instalación de sanitario. | M22: =PRESUPUESTO!H48 -> UNIDAD
C23: I. EQUIPO
C26: DESCRIPCIÓN | H26: MARCA | J26: TIPO | L26: TARIFA/HORA | M26: RENDIMIENTO | O26: Vr. UNITARIO
C27: HERRAMIENTA MENOR | L27: %M.O. | M27: 0.05 | O27: =O51*M27 -> 2738.5
C29: SUBTOTAL $ | O29: =ROUND(SUM(O27:O28),0) -> 2739
C30: II. MATERIALES
C33: DESCRIPCIÓN | K33: UNIDAD | L33: CANTIDAD | M33: PRECIO UNIT. | O33: Vr. UNITARIO
C34: CEMENTO BLANCO X KILOGRAMO | K34: KG | L34: 0.5 | M34: 4200 | O34: =L34*M34 -> 2100
C39: SUBTOTAL $ | O39: =ROUND(SUM(O34:O38),0) -> 2100
C40: III. TRANSPORTES
C43: MATERIAL | J43: VOL. o PESO | K43: DISTANCIA | L43: M3 o Ton/Km | M43: TARIFA | O43: Vr. UNITARIO
O44: =L44*M44 -> 0
C45: SUBTOTAL $ | O45: =ROUND(SUM(O44:O44),0) -> 0
C46: IV. MANO DE OBRA
C49: TRABAJADOR | J49: JORNAL | K49: PRESTACIONES | L49: JORNAL TOTAL | M49: RENDIMIENTO | O49: Vr. UNITARIO
C50: =SALARIO!I10 -> CUADRILLA (1 obrero + 1 oficial) | J50: 1 | L50: =SALARIO!M10 -> 219079 | M50: 4 | O50: =L50/M50 -> 54769.751
C51: SUBTOTAL $ | O51: =ROUND(SUM(O50:O50),0) -> 54770
C53: TOTAL COSTO DIRECTO $ | O53: =ROUND(O29+O39+O45+O51,0) -> 59609
C54: V. COSTOS INDIRECTOS
C57: Descripción | L57: Porcentaje | M57: Valor Total
C58: ADMINISTRACION | L58: 0.25 | M58: =ROUND(O53*L58,0) -> 14902
C59: IMPREVISTOS | L59: 0.02 | M59: =ROUND(O53*L59,0) -> 1192
C60: UTILIDAD | L60: 0.05 | M60: =ROUND(O53*L60,0) -> 2980
C61: SUBTOTAL $ | O61: =SUM(M58:N60) -> 19074
C63: Precio Unitario Total Aproximado al peso $ | O63: =ROUND(O53+O61,0) -> 78683
H67: Firma
H68: Nombre: | I68: MIGUEL ALBERTO DURÁN SALAS
H69: Secretario de Planeación y Obras Públicas

Sheet 7.7
B1: Formulario 1 - Propuesta económica - Documento tipo de selección abreviada de menor cuantía
B2: Versión: 1 del 21 de agosto de 2025
D7: ALCALDÍA MUNICIPAL DE PAICOL HUILA
D8: NIT. 891.180.194-4 | L8: VERSIÓN
D9: PROCESO DE MÍNMA CIANTÍA
L10: PÁGINA | M10: 1 | N10: DE | O10: 1
D11: ANALISIS DE PRECIOS UNITARIOS
L13: FECHA | M13: DD | N13: MM | O13: AA
M14: 1 | N14: 9 | O14: 2026
C15: ITEMS DEL PRESUPUESTO OFICIAL
C19: DATOS ESPECÍFICOS
C21: ITEM | D21: DESCRIPCIÓN | M21: UNIDAD | O21: CANTIDAD
D22: =PRESUPUESTO!G49 -> Suministro e instalación de llave terminal para lavamanos. | M22: =PRESUPUESTO!H49 -> UNIDAD
C23: I. EQUIPO
C26: DESCRIPCIÓN | H26: MARCA | J26: TIPO | L26: TARIFA/HORA | M26: RENDIMIENTO | O26: Vr. UNITARIO
C27: HERRAMIENTA MENOR | L27: %M.O. | M27: 0.05 | O27: =O51*M27 -> 912.85
C29: SUBTOTAL $ | O29: =ROUND(SUM(O27:O28),0) -> 913
C30: II. MATERIALES
C33: DESCRIPCIÓN | K33: UNIDAD | L33: CANTIDAD | M33: PRECIO UNIT. | O33: Vr. UNITARIO
C34: LLAVE TERMINAL DE PARED | K34: UNIDAD | L34: 1 | M34: 115400 | O34: =L34*M34 -> 115400
C35: CINTA TEFLÓN | K35: UNIDAD | L35: 0.08 | M35: 3900 | O35: =L35*M35 -> 312
C39: SUBTOTAL $ | O39: =ROUND(SUM(O34:O38),0) -> 115712
C40: III. TRANSPORTES
C43: MATERIAL | J43: VOL. o PESO | K43: DISTANCIA | L43: M3 o Ton/Km | M43: TARIFA | O43: Vr. UNITARIO
O44: =L44*M44 -> 0
C45: SUBTOTAL $ | O45: =ROUND(SUM(O44:O44),0) -> 0
C46: IV. MANO DE OBRA
C49: TRABAJADOR | J49: JORNAL | K49: PRESTACIONES | L49: JORNAL TOTAL | M49: RENDIMIENTO | O49: Vr. UNITARIO
C50: =SALARIO!I10 -> CUADRILLA (1 obrero + 1 oficial) | J50: 1 | L50: =SALARIO!M10 -> 219079 | M50: 12 | O50: =L50/M50 -> 18256.584
C51: SUBTOTAL $ | O51: =ROUND(SUM(O50:O50),0) -> 18257
C53: TOTAL COSTO DIRECTO $ | O53: =ROUND(O29+O39+O45+O51,0) -> 134882
C54: V. COSTOS INDIRECTOS
C57: Descripción | L57: Porcentaje | M57: Valor Total
C58: ADMINISTRACION | L58: 0.25 | M58: =ROUND(O53*L58,0) -> 33721
C59: IMPREVISTOS | L59: 0.02 | M59: =ROUND(O53*L59,0) -> 2698
C60: UTILIDAD | L60: 0.05 | M60: =ROUND(O53*L60,0) -> 6744
C61: SUBTOTAL $ | O61: =SUM(M58:N60) -> 43163
C63: Precio Unitario Total Aproximado al peso $ | O63: =ROUND(O53+O61,0) -> 178045
H67: Firma
H68: Nombre: | I68: MIGUEL ALBERTO DURÁN SALAS
H69: Secretario de Planeación y Obras Públicas

Sheet 7.8
B1: Formulario 1 - Propuesta económica - Documento tipo de selección abreviada de menor cuantía
B2: Versión: 1 del 21 de agosto de 2025
D7: ALCALDÍA MUNICIPAL DE PAICOL HUILA
D8: NIT. 891.180.194-4 | L8: VERSIÓN
D9: PROCESO DE MÍNMA CIANTÍA
L10: PÁGINA | M10: 1 | N10: DE | O10: 1
D11: ANALISIS DE PRECIOS UNITARIOS
L13: FECHA | M13: DD | N13: MM | O13: AA
M14: 1 | N14: 9 | O14: 2026
C15: ITEMS DEL PRESUPUESTO OFICIAL
C19: DATOS ESPECÍFICOS
C21: ITEM | D21: DESCRIPCIÓN | M21: UNIDAD | O21: CANTIDAD
D22: Suministro e instalación de Orinal para baño. | M22: =PRESUPUESTO!H50 -> UNIDAD
C23: I. EQUIPO
C26: DESCRIPCIÓN | H26: MARCA | J26: TIPO | L26: TARIFA/HORA | M26: RENDIMIENTO | O26: Vr. UNITARIO
C27: HERRAMIENTA MENOR | L27: %M.O. | M27: 0.05 | O27: =O51*M27 -> 1825.65
C29: SUBTOTAL $ | O29: =ROUND(SUM(O27:O28),0) -> 1826
C30: II. MATERIALES
C33: DESCRIPCIÓN | K33: UNIDAD | L33: CANTIDAD | M33: PRECIO UNIT. | O33: Vr. UNITARIO
C34: ORINAL BLANCO CON GRIFERIA | K34: UNIDAD | L34: 1 | M34: 348495 | O34: =L34*M34 -> 348495
C35: GRAPAS O CHAZOS Y TORNILLERIA PARA INSTALACIÓN | K35: UNIDAD | L35: 6 | M35: 1300 | O35: =L35*M35 -> 7800
C39: SUBTOTAL $ | O39: =ROUND(SUM(O34:O38),0) -> 356295
C40: III. TRANSPORTES
C43: MATERIAL | J43: VOL. o PESO | K43: DISTANCIA | L43: M3 o Ton/Km | M43: TARIFA | O43: Vr. UNITARIO
C45: SUBTOTAL $ | O45: =ROUND(SUM(O44:O44),0) -> 0
C46: IV. MANO DE OBRA
C49: TRABAJADOR | J49: JORNAL | K49: PRESTACIONES | L49: JORNAL TOTAL | M49: RENDIMIENTO | O49: Vr. UNITARIO
C50: =SALARIO!I10 -> CUADRILLA (1 obrero + 1 oficial) | J50: 1 | L50: =SALARIO!M10 -> 219079 | M50: 6 | O50: =L50/M50 -> 36513.167
C51: SUBTOTAL $ | O51: =ROUND(SUM(O50:O50),0) -> 36513
C53: TOTAL COSTO DIRECTO $ | O53: =ROUND(O29+O39+O45+O51,0) -> 394634
C54: V. COSTOS INDIRECTOS
C57: Descripción | L57: Porcentaje | M57: Valor Total
C58: ADMINISTRACION | L58: 0.25 | M58: =ROUND(O53*L58,0) -> 98659
C59: IMPREVISTOS | L59: 0.02 | M59: =ROUND(O53*L59,0) -> 7893
C60: UTILIDAD | L60: 0.05 | M60: =ROUND(O53*L60,0) -> 19732
C61: SUBTOTAL $ | O61: =SUM(M58:N60) -> 126284
C63: Precio Unitario Total Aproximado al peso $ | O63: =ROUND(O53+O61,0) -> 520918
H67: Firma
H68: Nombre: | I68: MIGUEL ALBERTO DURÁN SALAS
H69: Secretario de Planeación y Obras Públicas

Sheet 7.9
B1: Formulario 1 - Propuesta económica - Documento tipo de selección abreviada de menor cuantía
B2: Versión: 1 del 21 de agosto de 2025
D7: ALCALDÍA MUNICIPAL DE PAICOL HUILA
D8: NIT. 891.180.194-4 | L8: VERSIÓN
D9: PROCESO DE MÍNMA CIANTÍA
L10: PÁGINA | M10: 1 | N10: DE | O10: 1
D11: ANALISIS DE PRECIOS UNITARIOS
L13: FECHA | M13: DD | N13: MM | O13: AA
M14: 1 | N14: 9 | O14: 2026
C15: ITEMS DEL PRESUPUESTO OFICIAL
C19: DATOS ESPECÍFICOS
C21: ITEM | D21: DESCRIPCIÓN | M21: UNIDAD | O21: CANTIDAD
D22: Suministro e instalación de lavamanos. | M22: =PRESUPUESTO!H104 -> UNIDAD
C23: I. EQUIPO
C26: DESCRIPCIÓN | H26: MARCA | J26: TIPO | L26: TARIFA/HORA | M26: RENDIMIENTO | O26: Vr. UNITARIO
C27: HERRAMIENTA MENOR | L27: %M.O. | M27: 0.05 | O27: =O51*M27 -> 1825.65
C29: SUBTOTAL $ | O29: =ROUND(SUM(O27:O28),0) -> 1826
C30: II. MATERIALES
C33: DESCRIPCIÓN | K33: UNIDAD | L33: CANTIDAD | M33: PRECIO UNIT. | O33: Vr. UNITARIO
C34: LAVAMANOS COLOR BLANCO DE COLGAR | K34: UNIDAD | L34: 1 | M34: 94900 | O34: =L34*M34 -> 94900
C35: GRAPAS O CHAZOS Y TORNILLERIA PARA INSTALACIÓN | K35: UNIDAD | L35: 6 | M35: 1300 | O35: =L35*M35 -> 7800
C39: SUBTOTAL $ | O39: =ROUND(SUM(O34:O38),0) -> 102700
C40: III. TRANSPORTES
C43: MATERIAL | J43: VOL. o PESO | K43: DISTANCIA | L43: M3 o Ton/Km | M43: TARIFA | O43: Vr. UNITARIO
C45: SUBTOTAL $ | O45: =ROUND(SUM(O44:O44),0) -> 0
C46: IV. MANO DE OBRA
C49: TRABAJADOR | J49: JORNAL | K49: PRESTACIONES | L49: JORNAL TOTAL | M49: RENDIMIENTO | O49: Vr. UNITARIO
C50: =SALARIO!I10 -> CUADRILLA (1 obrero + 1 oficial) | J50: 1 | L50: =SALARIO!M10 -> 219079 | M50: 6 | O50: =L50/M50 -> 36513.167
C51: SUBTOTAL $ | O51: =ROUND(SUM(O50:O50),0) -> 36513
C53: TOTAL COSTO DIRECTO $ | O53: =ROUND(O29+O39+O45+O51,0) -> 141039
C54: V. COSTOS INDIRECTOS
C57: Descripción | L57: Porcentaje | M57: Valor Total
C58: ADMINISTRACION | L58: 0.25 | M58: =ROUND(O53*L58,0) -> 35260
C59: IMPREVISTOS | L59: 0.02 | M59: =ROUND(O53*L59,0) -> 2821
C60: UTILIDAD | L60: 0.05 | M60: =ROUND(O53*L60,0) -> 7052
C61: SUBTOTAL $ | O61: =SUM(M58:N60) -> 45133
C63: Precio Unitario Total Aproximado al peso $ | O63: =ROUND(O53+O61,0) -> 186172
H67: Firma
H68: Nombre: | I68: MIGUEL ALBERTO DURÁN SALAS
H69: Secretario de Planeación y Obras Públicas

Sheet 8.1
B1: Formulario 1 - Propuesta económica - Documento tipo de selección abreviada de menor cuantía
B2: Versión: 1 del 21 de agosto de 2025
D7: ALCALDÍA MUNICIPAL DE PAICOL HUILA
D8: NIT. 891.180.194-4 | L8: VERSIÓN
D9: PROCESO DE MÍNMA CIANTÍA
L10: PÁGINA | M10: 1 | N10: DE | O10: 1
D11: ANALISIS DE PRECIOS UNITARIOS
L13: FECHA | M13: DD | N13: MM | O13: AA
M14: 1 | N14: 9 | O14: 2026
C15: ITEMS DEL PRESUPUESTO OFICIAL
C19: DATOS ESPECÍFICOS
C21: ITEM | D21: DESCRIPCIÓN | M21: UNIDAD | O21: CANTIDAD
D22: =PRESUPUESTO!G54 -> Suministro e instalación de cubierta metálica en teja arquitectónica calibre 28, incluye todos los accesorios necesarios para su correcta instalación. | M22: =PRESUPUESTO!H54 -> M2
C23: I. EQUIPO
C26: DESCRIPCIÓN | H26: MARCA | J26: TIPO | L26: TARIFA/HORA | M26: RENDIMIENTO | O26: Vr. UNITARIO | R26: 17
C27: HERRAMIENTA MENOR | L27: %M.O. | M27: 0.05 | O27: =O50*M27 -> 608.55
C28: ANDAMIO TUBULA 1.5 X 1.5 | H28: DÍA | L28: 4000 | M28: 0.15 | O28: =L28*M28 -> 600
C29: SUBTOTAL $ | O29: =ROUND(SUM(O27:O28),0) -> 1209
C30: II. MATERIALES
C33: DESCRIPCIÓN | K33: UNIDAD | L33: CANTIDAD | M33: PRECIO UNIT. | O33: Vr. UNITARIO
C34: TEJA ARQUITECTÓNICA CAL. 28 | K34: M2 | L34: 1.05 | M34: 25500 | O34: =L34*M34 -> 26775 | R34: https://www.homecenter.com.co/homecenter-co/product/300771/orinal-petite-en-caja-corona/300771/
C35: AMARRE PARA TEJA , TAPA PLÁSTICA 26 CM CAL 18 | K35: UNIDAD | L35: 4 | M35: 600 | O35: =L35*M35 -> 2400
C38: SUBTOTAL $ | O38: =ROUND(SUM(O34:O37),0) -> 29175
C39: III. TRANSPORTES
C42: MATERIAL | J42: VOL. o PESO | K42: DISTANCIA | L42: M3 o Ton/Km | M42: TARIFA | O42: Vr. UNITARIO
C44: SUBTOTAL $ | O44: =ROUND(SUM(O43:O43),0) -> 0
C45: IV. MANO DE OBRA
C48: TRABAJADOR | J48: JORNAL | K48: PRESTACIONES | L48: JORNAL TOTAL | M48: RENDIMIENTO | O48: Vr. UNITARIO
C49: =SALARIO!I10 -> CUADRILLA (1 obrero + 1 oficial) | J49: 1 | L49: =SALARIO!M10 -> 219079 | M49: 18 | O49: =L49/M49 -> 12171.056
C50: SUBTOTAL $ | O50: =ROUND(SUM(O49:O49),0) -> 12171
C52: TOTAL COSTO DIRECTO $ | O52: =ROUND(O29+O38+O44+O50,0) -> 42555
C53: V. COSTOS INDIRECTOS
C56: Descripción | L56: Porcentaje | M56: Valor Total
C57: ADMINISTRACION | L57: 0.25 | M57: =ROUND(O52*L57,0) -> 10639
C58: IMPREVISTOS | L58: 0.02 | M58: =ROUND(O52*L58,0) -> 851
C59: UTILIDAD | L59: 0.05 | M59: =ROUND(O52*L59,0) -> 2128
C60: SUBTOTAL $ | O60: =SUM(M57:N59) -> 13618
C62: Precio Unitario Total Aproximado al peso $ | O62: =ROUND(O52+O60,0) -> 56173
H66: Firma
H67: Nombre: | I67: MIGUEL ALBERTO DURÁN SALAS
H68: Secretario de Planeación y Obras Públicas

Sheet 8.2
B1: Formulario 1 - Propuesta económica - Documento tipo de selección abreviada de menor cuantía
B2: Versión: 1 del 21 de agosto de 2025
D7: ALCALDÍA MUNICIPAL DE PAICOL HUILA
D8: NIT. 891.180.194-4 | L8: VERSIÓN
D9: PROCESO DE MÍNMA CIANTÍA
L10: PÁGINA | M10: 1 | N10: DE | O10: 1
D11: ANALISIS DE PRECIOS UNITARIOS
L13: FECHA | M13: DD | N13: MM | O13: AA
M14: 1 | N14: 9 | O14: 2026
C15: ITEMS DEL PRESUPUESTO OFICIAL
C19: DATOS ESPECÍFICOS
C21: ITEM | D21: DESCRIPCIÓN | M21: UNIDAD | O21: CANTIDAD
D22: =PRESUPUESTO!G55 -> Suministro e instalación de caballete cumbrera metálica arquitectónica, incluye todos los accesorios necesarios para su correcta instalación. | M22: =PRESUPUESTO!H55 -> ML
C23: I. EQUIPO
C26: DESCRIPCIÓN | H26: MARCA | J26: TIPO | L26: TARIFA/HORA | M26: RENDIMIENTO | O26: Vr. UNITARIO | R26: 17
C27: HERRAMIENTA MENOR | L27: %M.O. | M27: 0.05 | O27: =O50*M27 -> 365.15
C28: ANDAMIO TUBULA 1.5 X 1.5 | H28: DÍA | L28: 4000 | M28: 0.1 | O28: =L28*M28 -> 400
C29: SUBTOTAL $ | O29: =ROUND(SUM(O27:O28),0) -> 765
C30: II. MATERIALES
C33: DESCRIPCIÓN | K33: UNIDAD | L33: CANTIDAD | M33: PRECIO UNIT. | O33: Vr. UNITARIO
C34: CABALLETE METÁLICO PARA TEJA ARQUITECTÓNICA CALIBRE 28 | K34: ML | L34: 1.05 | M34: 11500 | O34: =L34*M34 -> 12075 | R34: https://www.homecenter.com.co/homecenter-co/product/300771/orinal-petite-en-caja-corona/300771/
C35: TORNILLO AUTOPERFORANTE CON ARANDELA | K35: UNIDAD | L35: 3 | M35: 1350 | O35: =L35*M35 -> 4050
C38: SUBTOTAL $ | O38: =ROUND(SUM(O34:O37),0) -> 16125
C39: III. TRANSPORTES
C42: MATERIAL | J42: VOL. o PESO | K42: DISTANCIA | L42: M3 o Ton/Km | M42: TARIFA | O42: Vr. UNITARIO
C44: SUBTOTAL $ | O44: =ROUND(SUM(O43:O43),0) -> 0
C45: IV. MANO DE OBRA
C48: TRABAJADOR | J48: JORNAL | K48: PRESTACIONES | L48: JORNAL TOTAL | M48: RENDIMIENTO | O48: Vr. UNITARIO
C49: =SALARIO!I10 -> CUADRILLA (1 obrero + 1 oficial) | J49: 1 | L49: =SALARIO!M10 -> 219079 | M49: 30 | O49: =L49/M49 -> 7302.6334
C50: SUBTOTAL $ | O50: =ROUND(SUM(O49:O49),0) -> 7303
C52: TOTAL COSTO DIRECTO $ | O52: =ROUND(O29+O38+O44+O50,0) -> 24193
C53: V. COSTOS INDIRECTOS
C56: Descripción | L56: Porcentaje | M56: Valor Total
C57: ADMINISTRACION | L57: 0.25 | M57: =ROUND(O52*L57,0) -> 6048
C58: IMPREVISTOS | L58: 0.02 | M58: =ROUND(O52*L58,0) -> 484
C59: UTILIDAD | L59: 0.05 | M59: =ROUND(O52*L59,0) -> 1210
C60: SUBTOTAL $ | O60: =SUM(M57:N59) -> 7742
C62: Precio Unitario Total Aproximado al peso $ | O62: =ROUND(O52+O60,0) -> 31935
H66: Firma
H67: Nombre: | I67: MIGUEL ALBERTO DURÁN SALAS
H68: Secretario de Planeación y Obras Públicas

Sheet 9.1
B1: Formulario 1 - Propuesta económica - Documento tipo de selección abreviada de menor cuantía
B2: Versión: 1 del 21 de agosto de 2025
D7: ALCALDÍA MUNICIPAL DE PAICOL HUILA
D8: NIT. 891.180.194-4 | L8: VERSIÓN
D9: PROCESO DE MÍNMA CIANTÍA
L10: PÁGINA | M10: 1 | N10: DE | O10: 1
D11: ANALISIS DE PRECIOS UNITARIOS
L13: FECHA | M13: DD | N13: MM | O13: AA
M14: 1 | N14: 9 | O14: 2026
C15: ITEMS DEL PRESUPUESTO OFICIAL
C19: DATOS ESPECÍFICOS
C21: ITEM | D21: DESCRIPCIÓN | M21: UNIDAD | O21: CANTIDAD
D22: =PRESUPUESTO!G58 -> Suministro y aplicación de Estuco para muros a dos manos. | M22: =PRESUPUESTO!H58 -> M2
C23: I. EQUIPO
C26: DESCRIPCIÓN | H26: MARCA | J26: TIPO | L26: TARIFA/HORA | M26: RENDIMIENTO | O26: Vr. UNITARIO | R26: 17
C27: HERRAMIENTA MENOR | L27: %M.O. | M27: 0.05 | O27: =O50*M27 -> 730.25
C28: ANDAMIO TUBULA 1.5 X 1.5 | H28: DÍA | L28: 4000 | M28: 0.1 | O28: =L28*M28 -> 400
C29: SUBTOTAL $ | O29: =ROUND(SUM(O27:O28),0) -> 1130
C30: II. MATERIALES
C33: DESCRIPCIÓN | K33: UNIDAD | L33: CANTIDAD | M33: PRECIO UNIT. | O33: Vr. UNITARIO
C34: ESTUCO PLÁSTICO X BULTO DE 28 KG | K34: KG | L34: 1.5 | M34: 3592 | O34: =L34*M34 -> 5388 | R34: https://www.homecenter.com.co/homecenter-co/product/300771/orinal-petite-en-caja-corona/300771/
C35: PLIEGO DE LIJA N° 180-220 | K35: UNIDAD | L35: 0.1 | M35: 3000 | O35: =L35*M35 -> 300
C38: SUBTOTAL $ | O38: =ROUND(SUM(O34:O37),0) -> 5688
C39: III. TRANSPORTES
C42: MATERIAL | J42: VOL. o PESO | K42: DISTANCIA | L42: M3 o Ton/Km | M42: TARIFA | O42: Vr. UNITARIO
C44: SUBTOTAL $ | O44: =ROUND(SUM(O43:O43),0) -> 0
C45: IV. MANO DE OBRA
C48: TRABAJADOR | J48: JORNAL | K48: PRESTACIONES | L48: JORNAL TOTAL | M48: RENDIMIENTO | O48: Vr. UNITARIO
C49: =SALARIO!I10 -> CUADRILLA (1 obrero + 1 oficial) | J49: 1 | L49: =SALARIO!M10 -> 219079 | M49: 15 | O49: =L49/M49 -> 14605.267
C50: SUBTOTAL $ | O50: =ROUND(SUM(O49:O49),0) -> 14605
C52: TOTAL COSTO DIRECTO $ | O52: =ROUND(O29+O38+O44+O50,0) -> 21423
C53: V. COSTOS INDIRECTOS
C56: Descripción | L56: Porcentaje | M56: Valor Total
C57: ADMINISTRACION | L57: 0.25 | M57: =ROUND(O52*L57,0) -> 5356
C58: IMPREVISTOS | L58: 0.02 | M58: =ROUND(O52*L58,0) -> 428
C59: UTILIDAD | L59: 0.05 | M59: =ROUND(O52*L59,0) -> 1071
C60: SUBTOTAL $ | O60: =SUM(M57:N59) -> 6855
C62: Precio Unitario Total Aproximado al peso $ | O62: =ROUND(O52+O60,0) -> 28278
H66: Firma
H67: Nombre: | I67: MIGUEL ALBERTO DURÁN SALAS
H68: Secretario de Planeación y Obras Públicas

Sheet 9.2
B1: Formulario 1 - Propuesta económica - Documento tipo de selección abreviada de menor cuantía
B2: Versión: 1 del 21 de agosto de 2025
D7: ALCALDÍA MUNICIPAL DE PAICOL HUILA
D8: NIT. 891.180.194-4 | L8: VERSIÓN
D9: PROCESO DE MÍNMA CIANTÍA
L10: PÁGINA | M10: 1 | N10: DE | O10: 1
D11: ANALISIS DE PRECIOS UNITARIOS
L13: FECHA | M13: DD | N13: MM | O13: AA
M14: 1 | N14: 9 | O14: 2026
C15: ITEMS DEL PRESUPUESTO OFICIAL
C19: DATOS ESPECÍFICOS
C21: ITEM | D21: DESCRIPCIÓN | M21: UNIDAD | O21: CANTIDAD
D22: Suministro e Instalación de enchape antideslizante para piso de salon de 0,3 m x 0,3 m. Color blanco. | M22: =PRESUPUESTO!H59 -> M2
C23: I. EQUIPO
C26: DESCRIPCIÓN | H26: MARCA | J26: TIPO | L26: TARIFA/HORA | M26: RENDIMIENTO | O26: Vr. UNITARIO | R26: 17
C27: HERRAMIENTA MENOR | L27: %M.O. | M27: 0.05 | O27: =O50*M27 -> 782.45
C29: SUBTOTAL $ | O29: =ROUND(SUM(O27:O28),0) -> 782
C30: II. MATERIALES
C33: DESCRIPCIÓN | K33: UNIDAD | L33: CANTIDAD | M33: PRECIO UNIT. | O33: Vr. UNITARIO
C34: TABLETA ANTIDESLIZANTE DE 0,3 X 0,3 M, COLOR BLANCO | K34: M2 | L34: 1.05 | M34: 42500 | O34: =L34*M34 -> 44625 | R34: https://www.homecenter.com.co/homecenter-co/product/300771/orinal-petite-en-caja-corona/300771/
C35: CEMENTO BLANCO | K35: KG | L35: 0.35 | M35: 4200 | O35: =L35*M35 -> 1470
C36: PEGACOR | K36: KG | L36: 5 | M36: 1490 | O36: =L36*M36 -> 7450
C38: SUBTOTAL $ | O38: =ROUND(SUM(O34:O37),0) -> 53545
C39: III. TRANSPORTES
C42: MATERIAL | J42: VOL. o PESO | K42: DISTANCIA | L42: M3 o Ton/Km | M42: TARIFA | O42: Vr. UNITARIO
C44: SUBTOTAL $ | O44: =ROUND(SUM(O43:O43),0) -> 0
C45: IV. MANO DE OBRA
C48: TRABAJADOR | J48: JORNAL | K48: PRESTACIONES | L48: JORNAL TOTAL | M48: RENDIMIENTO | O48: Vr. UNITARIO
C49: =SALARIO!I10 -> CUADRILLA (1 obrero + 1 oficial) | J49: 1 | L49: =SALARIO!M10 -> 219079 | M49: 14 | O49: =L49/M49 -> 15648.5
C50: SUBTOTAL $ | O50: =ROUND(SUM(O49:O49),0) -> 15649
C52: TOTAL COSTO DIRECTO $ | O52: =ROUND(O29+O38+O44+O50,0) -> 69976
C53: V. COSTOS INDIRECTOS
C56: Descripción | L56: Porcentaje | M56: Valor Total
C57: ADMINISTRACION | L57: 0.25 | M57: =ROUND(O52*L57,0) -> 17494
C58: IMPREVISTOS | L58: 0.02 | M58: =ROUND(O52*L58,0) -> 1400
C59: UTILIDAD | L59: 0.05 | M59: =ROUND(O52*L59,0) -> 3499
C60: SUBTOTAL $ | O60: =SUM(M57:N59) -> 22393
C62: Precio Unitario Total Aproximado al peso $ | O62: =ROUND(O52+O60,0) -> 92369
H66: Firma
H67: Nombre: | I67: MIGUEL ALBERTO DURÁN SALAS
H68: Secretario de Planeación y Obras Públicas

Sheet 9.3
B1: Formulario 1 - Propuesta económica - Documento tipo de selección abreviada de menor cuantía
B2: Versión: 1 del 21 de agosto de 2025
D7: ALCALDÍA MUNICIPAL DE PAICOL HUILA
D8: NIT. 891.180.194-4 | L8: VERSIÓN
D9: PROCESO DE MÍNMA CIANTÍA
L10: PÁGINA | M10: 1 | N10: DE | O10: 1
D11: ANALISIS DE PRECIOS UNITARIOS
L13: FECHA | M13: DD | N13: MM | O13: AA
M14: 1 | N14: 9 | O14: 2026
C15: ITEMS DEL PRESUPUESTO OFICIAL
C19: DATOS ESPECÍFICOS
C21: ITEM | D21: DESCRIPCIÓN | M21: UNIDAD | O21: CANTIDAD
D22: Suministro e instalación de enchape para piso de baño, de 0,3 m x 0,3 m, color blanco. | M22: =PRESUPUESTO!H60 -> M2
C23: I. EQUIPO
C26: DESCRIPCIÓN | H26: MARCA | J26: TIPO | L26: TARIFA/HORA | M26: RENDIMIENTO | O26: Vr. UNITARIO | R26: 17
C27: HERRAMIENTA MENOR | L27: %M.O. | M27: 0.05 | O27: =O50*M27 -> 912.85
C29: SUBTOTAL $ | O29: =ROUND(SUM(O27:O28),0) -> 913
C30: II. MATERIALES
C33: DESCRIPCIÓN | K33: UNIDAD | L33: CANTIDAD | M33: PRECIO UNIT. | O33: Vr. UNITARIO
C34: TABLETA ANTIDESLIZANTE DE 0,3 X 0,3 M, COLOR BLANCO | K34: M2 | L34: 1.08 | M34: 39500 | O34: =L34*M34 -> 42660 | R34: https://www.homecenter.com.co/homecenter-co/product/300771/orinal-petite-en-caja-corona/300771/
C35: CEMENTO BLANCO | K35: KG | L35: 0.4 | M35: 4200 | O35: =L35*M35 -> 1680
C36: PEGACOR | K36: KG | L36: 5.5 | M36: 1490 | O36: =L36*M36 -> 8195
C38: SUBTOTAL $ | O38: =ROUND(SUM(O34:O37),0) -> 52535
C39: III. TRANSPORTES
C42: MATERIAL | J42: VOL. o PESO | K42: DISTANCIA | L42: M3 o Ton/Km | M42: TARIFA | O42: Vr. UNITARIO
C44: SUBTOTAL $ | O44: =ROUND(SUM(O43:O43),0) -> 0
C45: IV. MANO DE OBRA
C48: TRABAJADOR | J48: JORNAL | K48: PRESTACIONES | L48: JORNAL TOTAL | M48: RENDIMIENTO | O48: Vr. UNITARIO
C49: =SALARIO!I10 -> CUADRILLA (1 obrero + 1 oficial) | J49: 1 | L49: =SALARIO!M10 -> 219079 | M49: 12 | O49: =L49/M49 -> 18256.584
C50: SUBTOTAL $ | O50: =ROUND(SUM(O49:O49),0) -> 18257
C52: TOTAL COSTO DIRECTO $ | O52: =ROUND(O29+O38+O44+O50,0) -> 71705
C53: V. COSTOS INDIRECTOS
C56: Descripción | L56: Porcentaje | M56: Valor Total
C57: ADMINISTRACION | L57: 0.25 | M57: =ROUND(O52*L57,0) -> 17926
C58: IMPREVISTOS | L58: 0.02 | M58: =ROUND(O52*L58,0) -> 1434
C59: UTILIDAD | L59: 0.05 | M59: =ROUND(O52*L59,0) -> 3585
C60: SUBTOTAL $ | O60: =SUM(M57:N59) -> 22945
C62: Precio Unitario Total Aproximado al peso $ | O62: =ROUND(O52+O60,0) -> 94650
H66: Firma
H67: Nombre: | I67: MIGUEL ALBERTO DURÁN SALAS
H68: Secretario de Planeación y Obras Públicas

Sheet 9.4
B1: Formulario 1 - Propuesta económica - Documento tipo de selección abreviada de menor cuantía
B2: Versión: 1 del 21 de agosto de 2025
D7: ALCALDÍA MUNICIPAL DE PAICOL HUILA
D8: NIT. 891.180.194-4 | L8: VERSIÓN
D9: PROCESO DE MÍNMA CIANTÍA
L10: PÁGINA | M10: 1 | N10: DE | O10: 1
D11: ANALISIS DE PRECIOS UNITARIOS
L13: FECHA | M13: DD | N13: MM | O13: AA
M14: 1 | N14: 9 | O14: 2026
C15: ITEMS DEL PRESUPUESTO OFICIAL
C19: DATOS ESPECÍFICOS
C21: ITEM | D21: DESCRIPCIÓN | M21: UNIDAD | O21: CANTIDAD
D22: Suministro e instalación de enchape para pared, de 0,2 m x 0,3 m. | M22: =PRESUPUESTO!H61 -> M2
C23: I. EQUIPO
C26: DESCRIPCIÓN | H26: MARCA | J26: TIPO | L26: TARIFA/HORA | M26: RENDIMIENTO | O26: Vr. UNITARIO | R26: 17
C27: HERRAMIENTA MENOR | L27: %M.O. | M27: 0.05 | O27: =O50*M27 -> 912.85
C29: SUBTOTAL $ | O29: =ROUND(SUM(O27:O28),0) -> 913
C30: II. MATERIALES
C33: DESCRIPCIÓN | K33: UNIDAD | L33: CANTIDAD | M33: PRECIO UNIT. | O33: Vr. UNITARIO
C34: TABLETA DE 0,2 X 0,3 M, COLOR BLANCO | K34: M2 | L34: 1.08 | M34: 31295 | O34: =L34*M34 -> 33798.6 | R34: https://www.homecenter.com.co/homecenter-co/product/300771/orinal-petite-en-caja-corona/300771/
C35: CEMENTO BLANCO | K35: KG | L35: 0.4 | M35: 4200 | O35: =L35*M35 -> 1680
C36: PEGACOR | K36: KG | L36: 5.5 | M36: 1490 | O36: =L36*M36 -> 8195
C37: CRUCETAS/SEPARADORES | K37: UNIDAD | L37: 8 | M37: 202 | O37: =L37*M37 -> 1616
C38: SUBTOTAL $ | O38: =ROUND(SUM(O34:O37),0) -> 45290
C39: III. TRANSPORTES
C42: MATERIAL | J42: VOL. o PESO | K42: DISTANCIA | L42: M3 o Ton/Km | M42: TARIFA | O42: Vr. UNITARIO
C44: SUBTOTAL $ | O44: =ROUND(SUM(O43:O43),0) -> 0
C45: IV. MANO DE OBRA
C48: TRABAJADOR | J48: JORNAL | K48: PRESTACIONES | L48: JORNAL TOTAL | M48: RENDIMIENTO | O48: Vr. UNITARIO
C49: =SALARIO!I10 -> CUADRILLA (1 obrero + 1 oficial) | J49: 1 | L49: =SALARIO!M10 -> 219079 | M49: 12 | O49: =L49/M49 -> 18256.584
C50: SUBTOTAL $ | O50: =ROUND(SUM(O49:O49),0) -> 18257
C52: TOTAL COSTO DIRECTO $ | O52: =ROUND(O29+O38+O44+O50,0) -> 64460
C53: V. COSTOS INDIRECTOS
C56: Descripción | L56: Porcentaje | M56: Valor Total
C57: ADMINISTRACION | L57: 0.25 | M57: =ROUND(O52*L57,0) -> 16115
C58: IMPREVISTOS | L58: 0.02 | M58: =ROUND(O52*L58,0) -> 1289
C59: UTILIDAD | L59: 0.05 | M59: =ROUND(O52*L59,0) -> 3223
C60: SUBTOTAL $ | O60: =SUM(M57:N59) -> 20627
C62: Precio Unitario Total Aproximado al peso $ | O62: =ROUND(O52+O60,0) -> 85087
H66: Firma
H67: Nombre: | I67: MIGUEL ALBERTO DURÁN SALAS
H68: Secretario de Planeación y Obras Públicas

Sheet 9.5
B1: Formulario 1 - Propuesta económica - Documento tipo de selección abreviada de menor cuantía
B2: Versión: 1 del 21 de agosto de 2025
D7: ALCALDÍA MUNICIPAL DE PAICOL HUILA
D8: NIT. 891.180.194-4 | L8: VERSIÓN
D9: PROCESO DE MÍNMA CIANTÍA
L10: PÁGINA | M10: 1 | N10: DE | O10: 1
D11: ANALISIS DE PRECIOS UNITARIOS
L13: FECHA | M13: DD | N13: MM | O13: AA
M14: 1 | N14: 9 | O14: 2026
C15: ITEMS DEL PRESUPUESTO OFICIAL
C19: DATOS ESPECÍFICOS
C21: ITEM | D21: DESCRIPCIÓN | M21: UNIDAD | O21: CANTIDAD
D22: Suministro y aplicación de pintura acrílica tipo I a 2 manos, para muros internos y externos, color a escoger. | M22: =PRESUPUESTO!H62 -> M2
C23: I. EQUIPO
C26: DESCRIPCIÓN | H26: MARCA | J26: TIPO | L26: TARIFA/HORA | M26: RENDIMIENTO | O26: Vr. UNITARIO | R26: 17
C27: HERRAMIENTA MENOR | L27: %M.O. | M27: 0.05 | O27: =O50*M27 -> 391.2
C28: ANDAMIO TUBULAR 1.5 X 1.5 | H28: DÍA | L28: 4000 | M28: 0.1 | O28: =L28*M28 -> 400
C29: SUBTOTAL $ | O29: =ROUND(SUM(O27:O28),0) -> 791
C30: II. MATERIALES
C33: DESCRIPCIÓN | K33: UNIDAD | L33: CANTIDAD | M33: PRECIO UNIT. | O33: Vr. UNITARIO
C34: PINTURA ACRÍLICA TIPO I A DOS MANOS | K34: GALÓN | L34: 0.04 | M34: 112900 | O34: =L34*M34 -> 4516 | R34: https://www.homecenter.com.co/homecenter-co/product/300771/orinal-petite-en-caja-corona/300771/
C35: RODILLO | K35: UNIDAD | L35: 0.02 | M35: 16900 | O35: =L35*M35 -> 338
C36: BROCHA 4" | K36: UNIDAD | L36: 0.01 | M36: 15900 | O36: =L36*M36 -> 159
C37: PLIEGO DE LIJA N° 180-220 | K37: UNIDAD | L37: 0.02 | M37: 3000 | O37: =L37*M37 -> 60
C38: SUBTOTAL $ | O38: =ROUND(SUM(O34:O37),0) -> 5073
C39: III. TRANSPORTES
C42: MATERIAL | J42: VOL. o PESO | K42: DISTANCIA | L42: M3 o Ton/Km | M42: TARIFA | O42: Vr. UNITARIO
C44: SUBTOTAL $ | O44: =ROUND(SUM(O43:O43),0) -> 0
C45: IV. MANO DE OBRA
C48: TRABAJADOR | J48: JORNAL | K48: PRESTACIONES | L48: JORNAL TOTAL | M48: RENDIMIENTO | O48: Vr. UNITARIO
C49: =SALARIO!I10 -> CUADRILLA (1 obrero + 1 oficial) | J49: 1 | L49: =SALARIO!M10 -> 219079 | M49: 28 | O49: =L49/M49 -> 7824.2501
C50: SUBTOTAL $ | O50: =ROUND(SUM(O49:O49),0) -> 7824
C52: TOTAL COSTO DIRECTO $ | O52: =ROUND(O29+O38+O44+O50,0) -> 13688
C53: V. COSTOS INDIRECTOS
C56: Descripción | L56: Porcentaje | M56: Valor Total
C57: ADMINISTRACION | L57: 0.25 | M57: =ROUND(O52*L57,0) -> 3422
C58: IMPREVISTOS | L58: 0.02 | M58: =ROUND(O52*L58,0) -> 274
C59: UTILIDAD | L59: 0.05 | M59: =ROUND(O52*L59,0) -> 684
C60: SUBTOTAL $ | O60: =SUM(M57:N59) -> 4380
C62: Precio Unitario Total Aproximado al peso $ | O62: =ROUND(O52+O60,0) -> 18068
H66: Firma
H67: Nombre: | I67: MIGUEL ALBERTO DURÁN SALAS
H68: Secretario de Planeación y Obras Públicas

Sheet 9.6
B1: Formulario 1 - Propuesta económica - Documento tipo de selección abreviada de menor cuantía
B2: Versión: 1 del 21 de agosto de 2025
D7: ALCALDÍA MUNICIPAL DE PAICOL HUILA
D8: NIT. 891.180.194-4 | L8: VERSIÓN
D9: PROCESO DE MÍNMA CIANTÍA
L10: PÁGINA | M10: 1 | N10: DE | O10: 1
D11: ANALISIS DE PRECIOS UNITARIOS
L13: FECHA | M13: DD | N13: MM | O13: AA
M14: 1 | N14: 9 | O14: 2026
C15: ITEMS DEL PRESUPUESTO OFICIAL
C19: DATOS ESPECÍFICOS
C21: ITEM | D21: DESCRIPCIÓN | M21: UNIDAD | O21: CANTIDAD
D22: =PRESUPUESTO!G63 -> Suministro y aplicación de pintura anticorrosiva y de acabado 2 en 1 sobre lámina llena, para puertas y portones. Incluye preparación de superficie, lijado, limpieza, dos manos. Color por definir. | M22: =PRESUPUESTO!H63 -> M2
C23: I. EQUIPO
C26: DESCRIPCIÓN | H26: MARCA | J26: TIPO | L26: TARIFA/DÍA | M26: RENDIMIENTO | O26: Vr. UNITARIO | R26: 17
C27: HERRAMIENTA MENOR | L27: %M.O. | M27: 0.05 | O27: =O51*M27 -> 547.7
C28: COMPRESOR MAS PISTOLA | L28: 90000 | M28: 0.05 | O28: =L28*M28 -> 4500
C29: SUBTOTAL $ | O29: =ROUND(SUM(O27:O28),0) -> 5048
C30: II. MATERIALES
C33: DESCRIPCIÓN | K33: UNIDAD | L33: CANTIDAD | M33: PRECIO UNIT. | O33: Vr. UNITARIO
C34: PINTURA ANTICORRISIVA MAS ACABADO EN ESMALTE 2 EN 1 A DOS MANOS | K34: GALÓN | L34: 0.05 | M34: 110900 | O34: =L34*M34 -> 5545 | R34: https://www.homecenter.com.co/homecenter-co/product/300771/orinal-petite-en-caja-corona/300771/
C35: THINNER/DISOLVENTE | K35: GALÓN | L35: 0.0125 | M35: 26900 | O35: =L35*M35 -> 336.25
C36: PLIEGO DE LIJA | K36: UNIDAD | L36: 0.1 | M36: 3000 | O36: =L36*M36 -> 300
C37: CINTA DE ENMASCARAR | K37: M | L37: 0.05 | M37: 198 | O37: =L37*M37 -> 9.9
C39: SUBTOTAL $ | O39: =ROUND(SUM(O34:O38),0) -> 6191
C40: III. TRANSPORTES
C43: MATERIAL | J43: VOL. o PESO | K43: DISTANCIA | L43: M3 o Ton/Km | M43: TARIFA | O43: Vr. UNITARIO
C45: SUBTOTAL $ | O45: =ROUND(SUM(O44:O44),0) -> 0
C46: IV. MANO DE OBRA
C49: TRABAJADOR | J49: JORNAL | K49: PRESTACIONES | L49: JORNAL TOTAL | M49: RENDIMIENTO | O49: Vr. UNITARIO
C50: =SALARIO!I10 -> CUADRILLA (1 obrero + 1 oficial) | J50: 1 | L50: =SALARIO!M10 -> 219079 | M50: 20 | O50: =L50/M50 -> 10953.95
C51: SUBTOTAL $ | O51: =ROUND(SUM(O50:O50),0) -> 10954
C53: TOTAL COSTO DIRECTO $ | O53: =ROUND(O29+O39+O45+O51,0) -> 22193
C54: V. COSTOS INDIRECTOS
C57: Descripción | L57: Porcentaje | M57: Valor Total
C58: ADMINISTRACION | L58: 0.25 | M58: =ROUND(O53*L58,0) -> 5548
C59: IMPREVISTOS | L59: 0.02 | M59: =ROUND(O53*L59,0) -> 444
C60: UTILIDAD | L60: 0.05 | M60: =ROUND(O53*L60,0) -> 1110
C61: SUBTOTAL $ | O61: =SUM(M58:N60) -> 7102
C63: Precio Unitario Total Aproximado al peso $ | O63: =ROUND(O53+O61,0) -> 29295
H67: Firma
H68: Nombre: | I68: MIGUEL ALBERTO DURÁN SALAS
H69: Secretario de Planeación y Obras Públicas

Sheet 9.7
B1: Formulario 1 - Propuesta económica - Documento tipo de selección abreviada de menor cuantía
B2: Versión: 1 del 21 de agosto de 2025
D7: ALCALDÍA MUNICIPAL DE PAICOL HUILA
D8: NIT. 891.180.194-4 | L8: VERSIÓN
D9: PROCESO DE MÍNMA CIANTÍA
L10: PÁGINA | M10: 1 | N10: DE | O10: 1
D11: ANALISIS DE PRECIOS UNITARIOS
L13: FECHA | M13: DD | N13: MM | O13: AA
M14: 1 | N14: 9 | O14: 2026
C15: ITEMS DEL PRESUPUESTO OFICIAL
C19: DATOS ESPECÍFICOS
C21: ITEM | D21: DESCRIPCIÓN | M21: UNIDAD | O21: CANTIDAD
D22: =PRESUPUESTO!G64 -> Suministro y aplicación de pintura anticorrosiva y de acabado 2 en 1 sobre marcos de puertas. Incluye preparación de superficie, lijado, limpieza, dos manos. Color por definir. | M22: =PRESUPUESTO!H64 -> UNIDAD
C23: I. EQUIPO
C26: DESCRIPCIÓN | H26: MARCA | J26: TIPO | L26: TARIFA/DÍA | M26: RENDIMIENTO | O26: Vr. UNITARIO | R26: 17
C27: HERRAMIENTA MENOR | L27: %M.O. | M27: 0.05 | O27: =O51*M27 -> 592.1
C28: COMPRESOR MAS PISTOLA | L28: 90000 | M28: 0.06 | O28: =L28*M28 -> 5400
C29: SUBTOTAL $ | O29: =ROUND(SUM(O27:O28),0) -> 5992
C30: II. MATERIALES
C33: DESCRIPCIÓN | K33: UNIDAD | L33: CANTIDAD | M33: PRECIO UNIT. | O33: Vr. UNITARIO
C34: PINTURA ANTICORRISIVA MAS ACABADO EN ESMALTE 2 EN 1 A DOS MANOS | K34: GALÓN | L34: 0.05 | M34: 110900 | O34: =L34*M34 -> 5545 | R34: https://www.homecenter.com.co/homecenter-co/product/300771/orinal-petite-en-caja-corona/300771/
C35: THINNER/DISOLVENTE | K35: GALÓN | L35: 0.0125 | M35: 26900 | O35: =L35*M35 -> 336.25
C36: PLIEGO DE LIJA | K36: UNIDAD | L36: 0.15 | M36: 3000 | O36: =L36*M36 -> 450
C37: CINTA DE ENMASCARAR | K37: M | L37: 0.05 | M37: 198 | O37: =L37*M37 -> 9.9
C39: SUBTOTAL $ | O39: =ROUND(SUM(O34:O38),0) -> 6341
C40: III. TRANSPORTES
C43: MATERIAL | J43: VOL. o PESO | K43: DISTANCIA | L43: M3 o Ton/Km | M43: TARIFA | O43: Vr. UNITARIO
C45: SUBTOTAL $ | O45: =ROUND(SUM(O44:O44),0) -> 0
C46: IV. MANO DE OBRA
C49: TRABAJADOR | J49: JORNAL | K49: PRESTACIONES | L49: JORNAL TOTAL | M49: RENDIMIENTO | O49: Vr. UNITARIO
C50: =SALARIO!I10 -> CUADRILLA (1 obrero + 1 oficial) | J50: 1 | L50: =SALARIO!M10 -> 219079 | M50: 18.5 | O50: =L50/M50 -> 11842.108
C51: SUBTOTAL $ | O51: =ROUND(SUM(O50:O50),0) -> 11842
C53: TOTAL COSTO DIRECTO $ | O53: =ROUND(O29+O39+O45+O51,0) -> 24175
C54: V. COSTOS INDIRECTOS
C57: Descripción | L57: Porcentaje | M57: Valor Total
C58: ADMINISTRACION | L58: 0.25 | M58: =ROUND(O53*L58,0) -> 6044
C59: IMPREVISTOS | L59: 0.02 | M59: =ROUND(O53*L59,0) -> 484
C60: UTILIDAD | L60: 0.05 | M60: =ROUND(O53*L60,0) -> 1209
C61: SUBTOTAL $ | O61: =SUM(M58:N60) -> 7737
C63: Precio Unitario Total Aproximado al peso $ | O63: =ROUND(O53+O61,0) -> 31912
H67: Firma
H68: Nombre: | I68: MIGUEL ALBERTO DURÁN SALAS
H69: Secretario de Planeación y Obras Públicas

Sheet 9.8
B1: Formulario 1 - Propuesta económica - Documento tipo de selección abreviada de menor cuantía
B2: Versión: 1 del 21 de agosto de 2025
D7: ALCALDÍA MUNICIPAL DE PAICOL HUILA
D8: NIT. 891.180.194-4 | L8: VERSIÓN
D9: PROCESO DE MÍNMA CIANTÍA
L10: PÁGINA | M10: 1 | N10: DE | O10: 1
D11: ANALISIS DE PRECIOS UNITARIOS
L13: FECHA | M13: DD | N13: MM | O13: AA
M14: 1 | N14: 9 | O14: 2026
C15: ITEMS DEL PRESUPUESTO OFICIAL
C19: DATOS ESPECÍFICOS
C21: ITEM | D21: DESCRIPCIÓN | M21: UNIDAD | O21: CANTIDAD
D22: =PRESUPUESTO!G65 -> Suministro y aplicación de pintura anticorrosiva y de acabado 2 en 1 sobre ventaneria metálica. Incluye preparación de superficie, lijado, limpieza, dos manos. Color por definir. | M22: =PRESUPUESTO!H65 -> M2
C23: I. EQUIPO
C26: DESCRIPCIÓN | H26: MARCA | J26: TIPO | L26: TARIFA/DÍA | M26: RENDIMIENTO | O26: Vr. UNITARIO | R26: 17
C27: HERRAMIENTA MENOR | L27: %M.O. | M27: 0.05 | O27: =O51*M27 -> 755.45
C28: COMPRESOR MAS PISTOLA | L28: 90000 | M28: 0.06 | O28: =L28*M28 -> 5400
C29: SUBTOTAL $ | O29: =ROUND(SUM(O27:O28),0) -> 6155
C30: II. MATERIALES
C33: DESCRIPCIÓN | K33: UNIDAD | L33: CANTIDAD | M33: PRECIO UNIT. | O33: Vr. UNITARIO
C34: PINTURA ANTICORRISIVA MAS ACABADO EN ESMALTE 2 EN 1 A DOS MANOS | K34: GALÓN | L34: 0.06 | M34: 110900 | O34: =L34*M34 -> 6654 | R34: https://www.homecenter.com.co/homecenter-co/product/300771/orinal-petite-en-caja-corona/300771/
C35: THINNER/DISOLVENTE | K35: GALÓN | L35: 0.015 | M35: 26900 | O35: =L35*M35 -> 403.5
C36: PLIEGO DE LIJA | K36: UNIDAD | L36: 0.2 | M36: 3000 | O36: =L36*M36 -> 600
C37: CINTA DE ENMASCARAR | K37: M | L37: 0.15 | M37: 198 | O37: =L37*M37 -> 29.7
C39: SUBTOTAL $ | O39: =ROUND(SUM(O34:O38),0) -> 7687
C40: III. TRANSPORTES
C43: MATERIAL | J43: VOL. o PESO | K43: DISTANCIA | L43: M3 o Ton/Km | M43: TARIFA | O43: Vr. UNITARIO
C45: SUBTOTAL $ | O45: =ROUND(SUM(O44:O44),0) -> 0
C46: IV. MANO DE OBRA
C49: TRABAJADOR | J49: JORNAL | K49: PRESTACIONES | L49: JORNAL TOTAL | M49: RENDIMIENTO | O49: Vr. UNITARIO
C50: =SALARIO!I10 -> CUADRILLA (1 obrero + 1 oficial) | J50: 1 | L50: =SALARIO!M10 -> 219079 | M50: 14.5 | O50: =L50/M50 -> 15108.897
C51: SUBTOTAL $ | O51: =ROUND(SUM(O50:O50),0) -> 15109
C53: TOTAL COSTO DIRECTO $ | O53: =ROUND(O29+O39+O45+O51,0) -> 28951
C54: V. COSTOS INDIRECTOS
C57: Descripción | L57: Porcentaje | M57: Valor Total
C58: ADMINISTRACION | L58: 0.25 | M58: =ROUND(O53*L58,0) -> 7238
C59: IMPREVISTOS | L59: 0.02 | M59: =ROUND(O53*L59,0) -> 579
C60: UTILIDAD | L60: 0.05 | M60: =ROUND(O53*L60,0) -> 1448
C61: SUBTOTAL $ | O61: =SUM(M58:N60) -> 9265
C63: Precio Unitario Total Aproximado al peso $ | O63: =ROUND(O53+O61,0) -> 38216
H67: Firma
H68: Nombre: | I68: MIGUEL ALBERTO DURÁN SALAS
H69: Secretario de Planeación y Obras Públicas

Sheet 9.9
B1: Formulario 1 - Propuesta económica - Documento tipo de selección abreviada de menor cuantía
B2: Versión: 1 del 21 de agosto de 2025
D7: ALCALDÍA MUNICIPAL DE PAICOL HUILA
D8: NIT. 891.180.194-4 | L8: VERSIÓN
D9: PROCESO DE MÍNMA CIANTÍA
L10: PÁGINA | M10: 1 | N10: DE | O10: 1
D11: ANALISIS DE PRECIOS UNITARIOS
L13: FECHA | M13: DD | N13: MM | O13: AA
M14: 1 | N14: 9 | O14: 2026
C15: ITEMS DEL PRESUPUESTO OFICIAL
C19: DATOS ESPECÍFICOS
C21: ITEM | D21: DESCRIPCIÓN | M21: UNIDAD | O21: CANTIDAD
D22: =PRESUPUESTO!G66 -> Suministro e instalación de espejo de 3 mm, sección de 1,0 m x 1,60 m; para baño de estudiantes. | M22: =PRESUPUESTO!H66 -> UNIDAD
C23: I. EQUIPO
C26: DESCRIPCIÓN | H26: MARCA | J26: TIPO | L26: TARIFA/HORA | M26: RENDIMIENTO | O26: Vr. UNITARIO
C27: HERRAMIENTA MENOR | L27: %M.O. | M27: 0.05 | O27: =O51*M27 -> 2738.5
C29: SUBTOTAL $ | O29: =ROUND(SUM(O27:O28),0) -> 2739
C30: II. MATERIALES
C33: DESCRIPCIÓN | K33: UNIDAD | L33: CANTIDAD | M33: PRECIO UNIT. | O33: Vr. UNITARIO
C34: ESPEJO DE 3MM DE 1,00 M X 1,60 M | K34: UNIDAD | L34: 1 | M34: 150000 | O34: =L34*M34 -> 150000
C35: CHAZOS Y TORNILLOS | K35: UNIDAD | L35: 6 | M35: 1000 | O35: =L35*M35 -> 6000
C36: SILICONA | K36: ML | L36: 0.1 | M36: 21500 | O36: =L36*M36 -> 2150
C39: SUBTOTAL $ | O39: =ROUND(SUM(O34:O38),0) -> 158150
C40: III. TRANSPORTES
C43: MATERIAL | J43: VOL. o PESO | K43: DISTANCIA | L43: M3 o Ton/Km | M43: TARIFA | O43: Vr. UNITARIO
C45: SUBTOTAL $ | O45: =ROUND(SUM(O44:O44),0) -> 0
C46: IV. MANO DE OBRA
C49: TRABAJADOR | J49: JORNAL | K49: PRESTACIONES | L49: JORNAL TOTAL | M49: RENDIMIENTO | O49: Vr. UNITARIO
C50: =SALARIO!I10 -> CUADRILLA (1 obrero + 1 oficial) | J50: 1 | L50: =SALARIO!M10 -> 219079 | M50: 4 | O50: =L50/M50 -> 54769.751
C51: SUBTOTAL $ | O51: =ROUND(SUM(O50:O50),0) -> 54770
C53: TOTAL COSTO DIRECTO $ | O53: =ROUND(O29+O39+O45+O51,0) -> 215659
C54: V. COSTOS INDIRECTOS
C57: Descripción | L57: Porcentaje | M57: Valor Total
C58: ADMINISTRACION | L58: 0.25 | M58: =ROUND(O53*L58,0) -> 53915
C59: IMPREVISTOS | L59: 0.02 | M59: =ROUND(O53*L59,0) -> 4313
C60: UTILIDAD | L60: 0.05 | M60: =ROUND(O53*L60,0) -> 10783
C61: SUBTOTAL $ | O61: =SUM(M58:N60) -> 69011
C63: Precio Unitario Total Aproximado al peso $ | O63: =ROUND(O53+O61,0) -> 284670
H67: Firma
H68: Nombre: | I68: MIGUEL ALBERTO DURÁN SALAS
H69: Secretario de Planeación y Obras Públicas

Sheet 9.10
B1: Formulario 1 - Propuesta económica - Documento tipo de selección abreviada de menor cuantía
B2: Versión: 1 del 21 de agosto de 2025
D7: ALCALDÍA MUNICIPAL DE PAICOL HUILA
D8: NIT. 891.180.194-4 | L8: VERSIÓN
D9: PROCESO DE MÍNMA CIANTÍA
L10: PÁGINA | M10: 1 | N10: DE | O10: 1
D11: ANALISIS DE PRECIOS UNITARIOS
L13: FECHA | M13: DD | N13: MM | O13: AA
M14: 1 | N14: 9 | O14: 2026
C15: ITEMS DEL PRESUPUESTO OFICIAL
C19: DATOS ESPECÍFICOS
C21: ITEM | D21: DESCRIPCIÓN | M21: UNIDAD | O21: CANTIDAD
D22: =PRESUPUESTO!G67 -> Suministro e instalación de divisiones en acero inoxidable 430 para baño de estudiantes, incluye paneles frontales de 1,80 m de altura y puertas a 1,60 m de altura. | M22: =PRESUPUESTO!H67 -> M2
C23: I. EQUIPO
C26: DESCRIPCIÓN | H26: MARCA | J26: TIPO | L26: TARIFA/HORA | M26: RENDIMIENTO | O26: Vr. UNITARIO
C27: HERRAMIENTA MENOR | L27: %M.O. | M27: 0.05 | O27: =O50*M27 -> 782.45
C29: SUBTOTAL $ | O29: =ROUND(SUM(O27:O28),0) -> 782
C30: II. MATERIALES
C33: DESCRIPCIÓN | K33: UNIDAD | L33: CANTIDAD | M33: PRECIO UNIT. | O33: Vr. UNITARIO
C34: LÁMINA EN ACERO INOXIDABLE 304 SANITADA, ALTURA LÁMINAS FRONTALES 1,80 M Y ALTURA DE PUERTAS A 1,60 M. | K34: M2 | L34: 1 | M34: 416530 | O34: =L34*M34 -> 416530
C38: SUBTOTAL $ | O38: =ROUND(SUM(O34:O37),0) -> 416530
C39: III. TRANSPORTES
C42: MATERIAL | J42: VOL. o PESO | K42: DISTANCIA | L42: M3 o Ton/Km | M42: TARIFA | O42: Vr. UNITARIO
C44: SUBTOTAL $ | O44: =ROUND(SUM(O43:O43),0) -> 0
C45: IV. MANO DE OBRA
C48: TRABAJADOR | J48: JORNAL | K48: PRESTACIONES | L48: JORNAL TOTAL | M48: RENDIMIENTO | O48: Vr. UNITARIO
C49: =SALARIO!I10 -> CUADRILLA (1 obrero + 1 oficial) | J49: 1 | L49: =SALARIO!M10 -> 219079 | M49: 14 | O49: =L49/M49 -> 15648.5
C50: SUBTOTAL $ | O50: =ROUND(SUM(O49:O49),0) -> 15649
C52: TOTAL COSTO DIRECTO $ | O52: =ROUND(O29+O38+O44+O50,0) -> 432961
C53: V. COSTOS INDIRECTOS
C56: Descripción | L56: Porcentaje | M56: Valor Total
C57: ADMINISTRACION | L57: 0.25 | M57: =ROUND(O52*L57,0) -> 108240
C58: IMPREVISTOS | L58: 0.02 | M58: =ROUND(O52*L58,0) -> 8659
C59: UTILIDAD | L59: 0.05 | M59: =ROUND(O52*L59,0) -> 21648
C60: SUBTOTAL $ | O60: =SUM(M57:N59) -> 138547
C62: Precio Unitario Total Aproximado al peso $ | O62: =ROUND(O52+O60,0) -> 571508
H66: Firma
H67: Nombre: | I67: MIGUEL ALBERTO DURÁN SALAS
H68: Secretario de Planeación y Obras Públicas

Sheet 10.1
B1: Formulario 1 - Propuesta económica - Documento tipo de selección abreviada de menor cuantía
B2: Versión: 1 del 21 de agosto de 2025
D7: ALCALDÍA MUNICIPAL DE PAICOL HUILA
D8: NIT. 891.180.194-4 | L8: VERSIÓN
D9: PROCESO DE MÍNMA CIANTÍA
L10: PÁGINA | M10: 1 | N10: DE | O10: 1
D11: ANALISIS DE PRECIOS UNITARIOS
L13: FECHA | M13: DD | N13: MM | O13: AA
M14: 1 | N14: 9 | O14: 2026
C15: ITEMS DEL PRESUPUESTO OFICIAL
C19: DATOS ESPECÍFICOS
C21: ITEM | D21: DESCRIPCIÓN | M21: UNIDAD | O21: CANTIDAD
D22: =PRESUPUESTO!G70 -> Transporte de materiales de construcción desde zona urbana del Municipio de Paicol hasta sitio de la obra en la vereda El Carmen, por vía rural, distancia 23 km. Incluye cargue y descargue. | M22: =PRESUPUESTO!H70 -> VIAJE
C23: I. EQUIPO
C26: DESCRIPCIÓN | H26: MARCA | J26: TIPO | L26: TARIFA/DÍA | M26: RENDIMIENTO | O26: Vr. UNITARIO | R26: 17
C29: SUBTOTAL $ | O29: =ROUND(SUM(O27:O28),0) -> 0
C30: II. MATERIALES
C33: DESCRIPCIÓN | K33: UNIDAD | L33: CANTIDAD | M33: PRECIO UNIT. | O33: Vr. UNITARIO
R34: https://www.homecenter.com.co/homecenter-co/product/300771/orinal-petite-en-caja-corona/300771/
C39: SUBTOTAL $ | O39: =ROUND(SUM(O34:O38),0) -> 0
C40: III. TRANSPORTES
C43: MATERIAL | J43: UNIDAD | K43: DISTANCIA/KM | L43: CANTIDAD | M43: TARIFA | O43: Vr. UNITARIO
C44: SERVICIO DE VOLQUETA 6 M3 | J44: VIAJE | K44: 23 | L44: 1 | M44: 480000 | O44: =L44*M44 -> 480000
C45: SUBTOTAL $ | O45: =ROUND(SUM(O44:O44),0) -> 480000
C46: IV. MANO DE OBRA
C49: TRABAJADOR | J49: JORNAL | K49: PRESTACIONES | L49: JORNAL TOTAL | M49: RENDIMIENTO | O49: Vr. UNITARIO
C51: SUBTOTAL $ | O51: =ROUND(SUM(O50:O50),0) -> 0
C53: TOTAL COSTO DIRECTO $ | O53: =ROUND(O29+O39+O45+O51,0) -> 480000
C54: V. COSTOS INDIRECTOS
C57: Descripción | L57: Porcentaje | M57: Valor Total
C58: ADMINISTRACION | L58: 0.25 | M58: =ROUND(O53*L58,0) -> 120000
C59: IMPREVISTOS | L59: 0.02 | M59: =ROUND(O53*L59,0) -> 9600
C60: UTILIDAD | L60: 0.05 | M60: =ROUND(O53*L60,0) -> 24000
C61: SUBTOTAL $ | O61: =SUM(M58:N60) -> 153600
C63: Precio Unitario Total Aproximado al peso $ | O63: =ROUND(O53+O61,0) -> 633600
H67: Firma
H68: Nombre: | I68: MIGUEL ALBERTO DURÁN SALAS
H69: Secretario de Planeación y Obras Públicas

Sheet 1.2 B
B1: Formulario 1 - Propuesta económica - Documento tipo de selección abreviada de menor cuantía
B2: Versión: 1 del 21 de agosto de 2025
D7: ALCALDÍA MUNICIPAL DE PAICOL HUILA
D8: NIT. 891.180.194-4 | L8: VERSIÓN
D9: PROCESO DE MÍNMA CIANTÍA
L10: PÁGINA | M10: 1 | N10: DE | O10: 1
D11: ANALISIS DE PRECIOS UNITARIOS
L13: FECHA | M13: DD | N13: MM | O13: AA
M14: 1 | N14: 9 | O14: 2026
C15: ITEMS DEL PRESUPUESTO OFICIAL
C19: DATOS ESPECÍFICOS
C21: ITEM | D21: DESCRIPCIÓN | M21: UNIDAD | O21: CANTIDAD
D22: =PRESUPUESTO!G75 -> Desmonte de cubierta en zinc con su respectiva estructura metálica. Incluye retiro de material y disposición final. | M22: =PRESUPUESTO!H75 -> M2
C23: I. EQUIPO
C26: DESCRIPCIÓN | H26: MARCA | J26: TIPO | L26: TARIFA/HORA | M26: RENDIMIENTO | O26: Vr. UNITARIO
C27: HERRAMIENTA MENOR | L27: %M.O. | M27: 0.05 | O27: =O51*M27 -> 1362.95
C28: ANDAMIO TUBULA 1.5 X 1.5 | H28: DÍA | L28: 4000 | M28: =1/M50 -> 0.083333333 | O28: =L28*M28 -> 333.33333
C30: SUBTOTAL $ | O30: =ROUND(SUM(O27:O29),0) -> 1696
C31: II. MATERIALES
C34: DESCRIPCIÓN | K34: UNIDAD | L34: CANTIDAD | M34: PRECIO UNIT. | O34: Vr. UNITARIO
C39: SUBTOTAL $ | O39: =ROUND(SUM(O35:O38),0) -> 0
C40: III. TRANSPORTES
C43: MATERIAL | J43: VOL. o PESO | K43: DISTANCIA | L43: M3 o Ton/Km | M43: TARIFA | O43: Vr. UNITARIO
C45: SUBTOTAL $ | O45: =ROUND(SUM(O44:O44),0) -> 0
C46: IV. MANO DE OBRA
C49: TRABAJADOR | J49: JORNAL | K49: PRESTACIONES | L49: JORNAL TOTAL | M49: RENDIMIENTO | O49: Vr. UNITARIO
C50: =SALARIO!I13 -> CUADRILLA (2 obreros + 1 oficial) | J50: 1 | L50: =SALARIO!M13 -> 327104 | M50: 12 | O50: =L50/M50 -> 27258.667
C51: SUBTOTAL $ | O51: =ROUND(SUM(O50:O50),0) -> 27259
C53: TOTAL COSTO DIRECTO $ | O53: =ROUND(O30+O39+O45+O51,0) -> 28955
C54: V. COSTOS INDIRECTOS
C57: Descripción | L57: Porcentaje | M57: Valor Total
C58: ADMINISTRACION | L58: 0.25 | M58: =ROUND(O53*L58,0) -> 7239
C59: IMPREVISTOS | L59: 0.02 | M59: =ROUND(O53*L59,0) -> 579
C60: UTILIDAD | L60: 0.05 | M60: =ROUND(O53*L60,0) -> 1448
C61: SUBTOTAL $ | O61: =SUM(M58:N60) -> 9266
C63: Precio Unitario Total Aproximado al peso $ | O63: =ROUND(O53+O61,0) -> 38221
H67: Firma
H68: Nombre: | I68: MIGUEL ALBERTO DURÁN SALAS
H69: Secretario de Planeación y Obras Públicas

Sheet 6.2B
B1: Formulario 1 - Propuesta económica - Documento tipo de selección abreviada de menor cuantía
B2: Versión: 1 del 21 de agosto de 2025
D7: ALCALDÍA MUNICIPAL DE PAICOL HUILA
D8: NIT. 891.180.194-4 | L8: VERSIÓN
D9: PROCESO DE MÍNMA CIANTÍA
L10: PÁGINA | M10: 1 | N10: DE | O10: 1
D11: ANALISIS DE PRECIOS UNITARIOS
L13: FECHA | M13: DD | N13: MM | O13: AA
M14: 1 | N14: 9 | O14: 2026
C15: ITEMS DEL PRESUPUESTO OFICIAL
C19: DATOS ESPECÍFICOS
C21: ITEM | D21: DESCRIPCIÓN | M21: UNIDAD | O21: CANTIDAD
D22: =PRESUPUESTO!G93 -> Suministro e Instalación de punto de desagüe PVC 4", para instalación de sanitario y orinal en vereda Matanzas. | M22: =PRESUPUESTO!H93 -> UNIDAD
C23: I. EQUIPO
C26: DESCRIPCIÓN | H26: MARCA | J26: TIPO | L26: TARIFA/HORA | M26: RENDIMIENTO | O26: Vr. UNITARIO
C27: HERRAMIENTA MENOR | L27: %M.O. | M27: 0.05 | O27: =O54*M27 -> 3651.3
O28: =L28*M28 -> 0
C30: SUBTOTAL $ | O30: =ROUND(SUM(O27:O29),0) -> 3651
C31: II. MATERIALES
C34: DESCRIPCIÓN | K34: UNIDAD | L34: CANTIDAD | M34: PRECIO UNIT. | O34: Vr. UNITARIO
C35: TUBERÍA SANITARIA PVC DE 4" X 6M | K35: ML | L35: 3 | M35: 19967 | O35: =L35*M35 -> 59901
C36: CODO PVC SANITARIO DE 4" X 90 CXC | K36: UNIDAD | L36: 1 | M36: 16000 | O36: =L36*M36 -> 16000
C37: SOLDADURA PVC (1/4 GAL) | K37: UNIDAD | L37: 0.04 | M37: 88900 | O37: =L37*M37 -> 3556
C38: LIMPIADOR PVC (12 ONZ) | K38: UNIDAD | L38: 0.05 | M38: 38900 | O38: =L38*M38 -> 1945
C42: SUBTOTAL $ | O42: =ROUND(SUM(O35:O41),0) -> 81402
C43: III. TRANSPORTES
C46: MATERIAL | J46: VOL. o PESO | K46: DISTANCIA | L46: M3 o Ton/Km | M46: TARIFA | O46: Vr. UNITARIO
C48: SUBTOTAL $ | O48: =ROUND(SUM(O47:O47),0) -> 0
C49: IV. MANO DE OBRA
C52: TRABAJADOR | J52: JORNAL | K52: PRESTACIONES | L52: JORNAL TOTAL | M52: RENDIMIENTO | O52: Vr. UNITARIO
C53: =SALARIO!I10 -> CUADRILLA (1 obrero + 1 oficial) | J53: 1 | L53: =SALARIO!M10 -> 219079 | M53: 3 | O53: =L53/M53 -> 73026.334
C54: SUBTOTAL $ | O54: =ROUND(SUM(O53:O53),0) -> 73026
C56: TOTAL COSTO DIRECTO $ | O56: =ROUND(O30+O42+O48+O54,0) -> 158079
C57: V. COSTOS INDIRECTOS
C60: Descripción | L60: Porcentaje | M60: Valor Total
C61: ADMINISTRACION | L61: 0.25 | M61: =ROUND(O56*L61,0) -> 39520
C62: IMPREVISTOS | L62: 0.02 | M62: =ROUND(O56*L62,0) -> 3162
C63: UTILIDAD | L63: 0.05 | M63: =ROUND(O56*L63,0) -> 7904
C64: SUBTOTAL $ | O64: =SUM(M61:N63) -> 50586
C66: Precio Unitario Total Aproximado al peso $ | O66: =ROUND(O56+O64,0) -> 208665
H70: Firma
H71: Nombre: | I71: MIGUEL ALBERTO DURÁN SALAS
H72: Secretario de Planeación y Obras Públicas

Sheet 6.3B
B1: Formulario 1 - Propuesta económica - Documento tipo de selección abreviada de menor cuantía
B2: Versión: 1 del 21 de agosto de 2025
D7: ALCALDÍA MUNICIPAL DE PAICOL HUILA
D8: NIT. 891.180.194-4 | L8: VERSIÓN
D9: PROCESO DE MÍNMA CIANTÍA
L10: PÁGINA | M10: 1 | N10: DE | O10: 1
D11: ANALISIS DE PRECIOS UNITARIOS
L13: FECHA | M13: DD | N13: MM | O13: AA
M14: 1 | N14: 9 | O14: 2026
C15: ITEMS DEL PRESUPUESTO OFICIAL
C19: DATOS ESPECÍFICOS
C21: ITEM | D21: DESCRIPCIÓN | M21: UNIDAD | O21: CANTIDAD
D22: =PRESUPUESTO!G94 -> Suministro e Instalación de punto de desagüe PVC 2", para lavamanos, en vereda Matanzas. | M22: =PRESUPUESTO!H94 -> UNIDAD
C23: I. EQUIPO
C26: DESCRIPCIÓN | H26: MARCA | J26: TIPO | L26: TARIFA/HORA | M26: RENDIMIENTO | O26: Vr. UNITARIO
C27: HERRAMIENTA MENOR | L27: %M.O. | M27: 0.05 | O27: =O54*M27 -> 2738.5
O28: =L28*M28 -> 0
C30: SUBTOTAL $ | O30: =ROUND(SUM(O27:O29),0) -> 2739
C31: II. MATERIALES
C34: DESCRIPCIÓN | K34: UNIDAD | L34: CANTIDAD | M34: PRECIO UNIT. | O34: Vr. UNITARIO
C35: TUBERÍA SANITARIA PVC DE 2" X 6M | K35: ML | L35: 6 | M35: 8980 | O35: =L35*M35 -> 53880
C36: CODO PVC SANITARIO DE 2" X 90 CXC | K36: UNIDAD | L36: 1 | M36: 3839 | O36: =L36*M36 -> 3839
C37: SOLDADURA PVC (1/4 GAL) | K37: UNIDAD | L37: 0.025 | M37: 88900 | O37: =L37*M37 -> 2222.5
C38: LIMPIADOR PVC (12 ONZ) | K38: UNIDAD | L38: 0.015 | M38: 38900 | O38: =L38*M38 -> 583.5
C42: SUBTOTAL $ | O42: =ROUND(SUM(O35:O41),0) -> 60525
C43: III. TRANSPORTES
C46: MATERIAL | J46: VOL. o PESO | K46: DISTANCIA | L46: M3 o Ton/Km | M46: TARIFA | O46: Vr. UNITARIO
C48: SUBTOTAL $ | O48: =ROUND(SUM(O47:O47),0) -> 0
C49: IV. MANO DE OBRA
C52: TRABAJADOR | J52: JORNAL | K52: PRESTACIONES | L52: JORNAL TOTAL | M52: RENDIMIENTO | O52: Vr. UNITARIO
C53: =SALARIO!I10 -> CUADRILLA (1 obrero + 1 oficial) | J53: 1 | L53: =SALARIO!M10 -> 219079 | M53: 4 | O53: =L53/M53 -> 54769.751
C54: SUBTOTAL $ | O54: =ROUND(SUM(O53:O53),0) -> 54770
C56: TOTAL COSTO DIRECTO $ | O56: =ROUND(O30+O42+O48+O54,0) -> 118034
C57: V. COSTOS INDIRECTOS
C60: Descripción | L60: Porcentaje | M60: Valor Total
C61: ADMINISTRACION | L61: 0.25 | M61: =ROUND(O56*L61,0) -> 29509
C62: IMPREVISTOS | L62: 0.02 | M62: =ROUND(O56*L62,0) -> 2361
C63: UTILIDAD | L63: 0.05 | M63: =ROUND(O56*L63,0) -> 5902
C64: SUBTOTAL $ | O64: =SUM(M61:N63) -> 37772
C66: Precio Unitario Total Aproximado al peso $ | O66: =ROUND(O56+O64,0) -> 155806
H70: Firma
H71: Nombre: | I71: MIGUEL ALBERTO DURÁN SALAS
H72: Secretario de Planeación y Obras Públicas

Sheet 7.5B
B1: Formulario 1 - Propuesta económica - Documento tipo de selección abreviada de menor cuantía
B2: Versión: 1 del 21 de agosto de 2025
D7: ALCALDÍA MUNICIPAL DE PAICOL HUILA
D8: NIT. 891.180.194-4 | L8: VERSIÓN
D9: PROCESO DE MÍNMA CIANTÍA
L10: PÁGINA | M10: 1 | N10: DE | O10: 1
D11: ANALISIS DE PRECIOS UNITARIOS
L13: FECHA | M13: DD | N13: MM | O13: AA
M14: 1 | N14: 9 | O14: 2026
C15: ITEMS DEL PRESUPUESTO OFICIAL
C19: DATOS ESPECÍFICOS
C21: ITEM | D21: DESCRIPCIÓN | M21: UNIDAD | O21: CANTIDAD
C22: =PRESUPUESTO!C101 -> 7.5 | D22: =PRESUPUESTO!G101 -> Suministro e instalación de Sanitario en baño de estudiantes. | M22: =PRESUPUESTO!H101 -> UNIDAD | O22: =PRESUPUESTO!I101 -> 2
C23: I. EQUIPO
C26: DESCRIPCIÓN | H26: MARCA | J26: TIPO | L26: TARIFA/HORA | M26: RENDIMIENTO | O26: Vr. UNITARIO
C27: HERRAMIENTA MENOR | L27: %M.O. | M27: 0.05 | O27: =O51*M27 -> 2738.5
C29: SUBTOTAL $ | O29: =ROUND(SUM(O27:O28),0) -> 2739
C30: II. MATERIALES
C33: DESCRIPCIÓN | K33: UNIDAD | L33: CANTIDAD | M33: PRECIO UNIT. | O33: Vr. UNITARIO
C34: CEMENTO BLANCO X KILOGRAMO | K34: KG | L34: 0.5 | M34: 4200 | O34: =L34*M34 -> 2100
C35: SANITARIO COLOR BLANCO | K35: UNIDAD | L35: 1 | M35: 350000 | O35: =L35*M35 -> 350000
C39: SUBTOTAL $ | O39: =ROUND(SUM(O34:O38),0) -> 352100
C40: III. TRANSPORTES
C43: MATERIAL | J43: VOL. o PESO | K43: DISTANCIA | L43: M3 o Ton/Km | M43: TARIFA | O43: Vr. UNITARIO
O44: =L44*M44 -> 0
C45: SUBTOTAL $ | O45: =ROUND(SUM(O44:O44),0) -> 0
C46: IV. MANO DE OBRA
C49: TRABAJADOR | J49: JORNAL | K49: PRESTACIONES | L49: JORNAL TOTAL | M49: RENDIMIENTO | O49: Vr. UNITARIO
C50: =SALARIO!I10 -> CUADRILLA (1 obrero + 1 oficial) | J50: 1 | L50: =SALARIO!M10 -> 219079 | M50: 4 | O50: =L50/M50 -> 54769.751
C51: SUBTOTAL $ | O51: =ROUND(SUM(O50:O50),0) -> 54770
C53: TOTAL COSTO DIRECTO $ | O53: =ROUND(O29+O39+O45+O51,0) -> 409609
C54: V. COSTOS INDIRECTOS
C57: Descripción | L57: Porcentaje | M57: Valor Total
C58: ADMINISTRACION | L58: 0.25 | M58: =ROUND(O53*L58,0) -> 102402
C59: IMPREVISTOS | L59: 0.02 | M59: =ROUND(O53*L59,0) -> 8192
C60: UTILIDAD | L60: 0.05 | M60: =ROUND(O53*L60,0) -> 20480
C61: SUBTOTAL $ | O61: =SUM(M58:N60) -> 131074
C63: Precio Unitario Total Aproximado al peso $ | O63: =ROUND(O53+O61,0) -> 540683
H67: Firma
H68: Nombre: | I68: MIGUEL ALBERTO DURÁN SALAS
H69: Secretario de Planeación y Obras Públicas

Sheet 8.1B
B1: Formulario 1 - Propuesta económica - Documento tipo de selección abreviada de menor cuantía
B2: Versión: 1 del 21 de agosto de 2025
D7: ALCALDÍA MUNICIPAL DE PAICOL HUILA
D8: NIT. 891.180.194-4 | L8: VERSIÓN
D9: PROCESO DE MÍNMA CIANTÍA
L10: PÁGINA | M10: 1 | N10: DE | O10: 1
D11: ANALISIS DE PRECIOS UNITARIOS
L13: FECHA | M13: DD | N13: MM | O13: AA
M14: 1 | N14: 9 | O14: 2026
C15: ITEMS DEL PRESUPUESTO OFICIAL
C19: DATOS ESPECÍFICOS
C21: ITEM | D21: DESCRIPCIÓN | M21: UNIDAD | O21: CANTIDAD
D22: =PRESUPUESTO!G107 -> Suministro e instalación de cubierta en teja de zinc ondulada, galvanizada tradicional, calibre 34, incluye todos los accesorios necesarios para su correcta instalación. | M22: =PRESUPUESTO!H107 -> M2
C23: I. EQUIPO
C26: DESCRIPCIÓN | H26: MARCA | J26: TIPO | L26: TARIFA/HORA | M26: RENDIMIENTO | O26: Vr. UNITARIO | R26: 17
C27: HERRAMIENTA MENOR | L27: %M.O. | M27: 0.05 | O27: =O50*M27 -> 547.7
C28: ANDAMIO TUBULA 1.5 X 1.5 | H28: DÍA | L28: 4000 | M28: 0.05 | O28: =L28*M28 -> 200
C29: SUBTOTAL $ | O29: =ROUND(SUM(O27:O28),0) -> 748
C30: II. MATERIALES
C33: DESCRIPCIÓN | K33: UNIDAD | L33: CANTIDAD | M33: PRECIO UNIT. | O33: Vr. UNITARIO
C34: TEJA DE ZINC CALIBRE 34, DE 3,05 M X 0,80 M | K34: M2 | L34: 1.1 | M34: 15500 | O34: =L34*M34 -> 17050 | R34: https://www.homecenter.com.co/homecenter-co/product/300771/orinal-petite-en-caja-corona/300771/
C35: TORNILLO AUTOPERFORANTE CON ARANDELA METÁLICA/ ARANDELA DE NEOPRENO | K35: UNIDAD | L35: 6 | M35: 1500 | O35: =L35*M35 -> 9000
C38: SUBTOTAL $ | O38: =ROUND(SUM(O34:O37),0) -> 26050
C39: III. TRANSPORTES
C42: MATERIAL | J42: VOL. o PESO | K42: DISTANCIA | L42: M3 o Ton/Km | M42: TARIFA | O42: Vr. UNITARIO
C44: SUBTOTAL $ | O44: =ROUND(SUM(O43:O43),0) -> 0
C45: IV. MANO DE OBRA
C48: TRABAJADOR | J48: JORNAL | K48: PRESTACIONES | L48: JORNAL TOTAL | M48: RENDIMIENTO | O48: Vr. UNITARIO
C49: =SALARIO!I10 -> CUADRILLA (1 obrero + 1 oficial) | J49: 1 | L49: =SALARIO!M10 -> 219079 | M49: 20 | O49: =L49/M49 -> 10953.95
C50: SUBTOTAL $ | O50: =ROUND(SUM(O49:O49),0) -> 10954
C52: TOTAL COSTO DIRECTO $ | O52: =ROUND(O29+O38+O44+O50,0) -> 37752
C53: V. COSTOS INDIRECTOS
C56: Descripción | L56: Porcentaje | M56: Valor Total
C57: ADMINISTRACION | L57: 0.25 | M57: =ROUND(O52*L57,0) -> 9438
C58: IMPREVISTOS | L58: 0.02 | M58: =ROUND(O52*L58,0) -> 755
C59: UTILIDAD | L59: 0.05 | M59: =ROUND(O52*L59,0) -> 1888
C60: SUBTOTAL $ | O60: =SUM(M57:N59) -> 12081
C62: Precio Unitario Total Aproximado al peso $ | O62: =ROUND(O52+O60,0) -> 49833
H66: Firma
H67: Nombre: | I67: MIGUEL ALBERTO DURÁN SALAS
H68: Secretario de Planeación y Obras Públicas

Sheet 8.2B
B1: Formulario 1 - Propuesta económica - Documento tipo de selección abreviada de menor cuantía
B2: Versión: 1 del 21 de agosto de 2025
D7: ALCALDÍA MUNICIPAL DE PAICOL HUILA
D8: NIT. 891.180.194-4 | L8: VERSIÓN
D9: PROCESO DE MÍNMA CIANTÍA
L10: PÁGINA | M10: 1 | N10: DE | O10: 1
D11: ANALISIS DE PRECIOS UNITARIOS
L13: FECHA | M13: DD | N13: MM | O13: AA
M14: 1 | N14: 9 | O14: 2026
C15: ITEMS DEL PRESUPUESTO OFICIAL
C19: DATOS ESPECÍFICOS
C21: ITEM | D21: DESCRIPCIÓN | M21: UNIDAD | O21: CANTIDAD
D22: =PRESUPUESTO!G108 -> Suministro e instalación de estructura metálica en perfil rectangular de 4 x 8, calibre 18, incluye anticorrosivo y pintura en color a definir. | M22: =PRESUPUESTO!H108 -> ML
C23: I. EQUIPO
C26: DESCRIPCIÓN | H26: MARCA | J26: TIPO | L26: TARIFA/HORA | M26: RENDIMIENTO | O26: Vr. UNITARIO | R26: 17
C27: HERRAMIENTA MENOR | L27: %M.O. | M27: 0.05 | O27: =O54*M27 -> 912.85
C28: ANDAMIO TUBULA 1.5 X 1.5 | H28: DÍA | L28: 4000 | M28: 0.1 | O28: =L28*M28 -> 400
C29: SOLDADOR ELÉCTRICO 200 - 250 A | H29: DÍA | L29: 40000 | M29: 0.083 | O29: =L29*M29 -> 3320
C30: PULIDORA | H30: DÍA | L30: 25000 | M30: 0.04 | O30: =L30*M30 -> 1000
C31: SUBTOTAL $ | O31: =ROUND(SUM(O27:O30),0) -> 5633
C32: II. MATERIALES
C35: DESCRIPCIÓN | K35: UNIDAD | L35: CANTIDAD | M35: PRECIO UNIT. | O35: Vr. UNITARIO
C36: PERFIL RECTANGULAR DE 4 X 8 CM, CALIBRE 18 X 6M | K36: ML | L36: 1.05 | M36: 11900 | O36: =L36*M36 -> 12495 | R36: https://www.homecenter.com.co/homecenter-co/product/300771/orinal-petite-en-caja-corona/300771/
C37: DISCO DE CORTE | K37: UNIDAD | L37: 0.03 | M37: 5500 | O37: =L37*M37 -> 165
C38: ELECTRODOS E6013 | K38: KG | L38: 0.04 | M38: 29200 | O38: =L38*M38 -> 1168
C39: PINTURA ANTICORRISIVA MAS ACABADO EN ESMALTE 2 EN 1 A DOS MANOS | K39: GALÓN | L39: 0.015 | M39: 110900 | O39: =L39*M39 -> 1663.5
C40: THINNER/DISOLVENTE | K40: GALÓN | L40: 0.005 | M40: 26900 | O40: =L40*M40 -> 134.5
C41: PLIEGO DE LIJA | K41: UNIDAD | L41: 0.05 | M41: 3000 | O41: =L41*M41 -> 150
C42: SUBTOTAL $ | O42: =ROUND(SUM(O36:O41),0) -> 15776
C43: III. TRANSPORTES
C46: MATERIAL | J46: VOL. o PESO | K46: DISTANCIA | L46: M3 o Ton/Km | M46: TARIFA | O46: Vr. UNITARIO
C48: SUBTOTAL $ | O48: =ROUND(SUM(O47:O47),0) -> 0
C49: IV. MANO DE OBRA
C52: TRABAJADOR | J52: JORNAL | K52: PRESTACIONES | L52: JORNAL TOTAL | M52: RENDIMIENTO | O52: Vr. UNITARIO
C53: =SALARIO!I10 -> CUADRILLA (1 obrero + 1 oficial) | J53: 1 | L53: =SALARIO!M10 -> 219079 | M53: 12 | O53: =L53/M53 -> 18256.584
C54: SUBTOTAL $ | O54: =ROUND(SUM(O53:O53),0) -> 18257
C56: TOTAL COSTO DIRECTO $ | O56: =ROUND(O31+O42+O48+O54,0) -> 39666
C57: V. COSTOS INDIRECTOS
C60: Descripción | L60: Porcentaje | M60: Valor Total
C61: ADMINISTRACION | L61: 0.25 | M61: =ROUND(O56*L61,0) -> 9917
C62: IMPREVISTOS | L62: 0.02 | M62: =ROUND(O56*L62,0) -> 793
C63: UTILIDAD | L63: 0.05 | M63: =ROUND(O56*L63,0) -> 1983
C64: SUBTOTAL $ | O64: =SUM(M61:N63) -> 12693
C66: Precio Unitario Total Aproximado al peso $ | O66: =ROUND(O56+O64,0) -> 52359
H70: Firma
H71: Nombre: | I71: MIGUEL ALBERTO DURÁN SALAS
H72: Secretario de Planeación y Obras Públicas

Sheet 9.1B
B1: Formulario 1 - Propuesta económica - Documento tipo de selección abreviada de menor cuantía
B2: Versión: 1 del 21 de agosto de 2025
D7: ALCALDÍA MUNICIPAL DE PAICOL HUILA
D8: NIT. 891.180.194-4 | L8: VERSIÓN
D9: PROCESO DE MÍNMA CIANTÍA
L10: PÁGINA | M10: 1 | N10: DE | O10: 1
D11: ANALISIS DE PRECIOS UNITARIOS
L13: FECHA | M13: DD | N13: MM | O13: AA
M14: 1 | N14: 9 | O14: 2026
C15: ITEMS DEL PRESUPUESTO OFICIAL
C19: DATOS ESPECÍFICOS
C21: ITEM | D21: DESCRIPCIÓN | M21: UNIDAD | O21: CANTIDAD
D22: =PRESUPUESTO!G111 -> Suministro e instalación de Puerta de baño metalica en lamina cold rolled, calibre 18, sección de de 0.60 m x 1.80 m. Incluye marco, cerrojo, porta candado. | M22: =PRESUPUESTO!H111 -> UNIDAD
C23: I. EQUIPO
C26: DESCRIPCIÓN | H26: MARCA | J26: TIPO | L26: TARIFA/HORA | M26: RENDIMIENTO | O26: Vr. UNITARIO | R26: 17
C27: HERRAMIENTA MENOR | L27: %M.O. | M27: 0.05 | O27: =O50*M27 -> 2738.5
C29: SUBTOTAL $ | O29: =ROUND(SUM(O27:O28),0) -> 2739
C30: II. MATERIALES
C33: DESCRIPCIÓN | K33: UNIDAD | L33: CANTIDAD | M33: PRECIO UNIT. | O33: Vr. UNITARIO
C34: PUERTA DE BAÑO METÁLICA EN LÁMINA COLD ROLLED, CALIBRE 18, CON SECCIÓN DE 0,6 M X 1,80 M. ICLUYE MARCO, CERROJO, PORTA CANDADO. | K34: UNIDAD | L34: 1 | M34: 220000 | O34: =L34*M34 -> 220000 | R34: https://www.homecenter.com.co/homecenter-co/product/300771/orinal-petite-en-caja-corona/300771/
C38: SUBTOTAL $ | O38: =ROUND(SUM(O34:O37),0) -> 220000
C39: III. TRANSPORTES
C42: MATERIAL | J42: VOL. o PESO | K42: DISTANCIA | L42: M3 o Ton/Km | M42: TARIFA | O42: Vr. UNITARIO
C44: SUBTOTAL $ | O44: =ROUND(SUM(O43:O43),0) -> 0
C45: IV. MANO DE OBRA
C48: TRABAJADOR | J48: JORNAL | K48: PRESTACIONES | L48: JORNAL TOTAL | M48: RENDIMIENTO | O48: Vr. UNITARIO
C49: =SALARIO!I10 -> CUADRILLA (1 obrero + 1 oficial) | J49: 1 | L49: =SALARIO!M10 -> 219079 | M49: 4 | O49: =L49/M49 -> 54769.751
C50: SUBTOTAL $ | O50: =ROUND(SUM(O49:O49),0) -> 54770
C52: TOTAL COSTO DIRECTO $ | O52: =ROUND(O29+O38+O44+O50,0) -> 277509
C53: V. COSTOS INDIRECTOS
C56: Descripción | L56: Porcentaje | M56: Valor Total
C57: ADMINISTRACION | L57: 0.25 | M57: =ROUND(O52*L57,0) -> 69377
C58: IMPREVISTOS | L58: 0.02 | M58: =ROUND(O52*L58,0) -> 5550
C59: UTILIDAD | L59: 0.05 | M59: =ROUND(O52*L59,0) -> 13875
C60: SUBTOTAL $ | O60: =SUM(M57:N59) -> 88802
C62: Precio Unitario Total Aproximado al peso $ | O62: =ROUND(O52+O60,0) -> 366311
H66: Firma
H67: Nombre: | I67: MIGUEL ALBERTO DURÁN SALAS
H68: Secretario de Planeación y Obras Públicas

Sheet 9.2B
B1: Formulario 1 - Propuesta económica - Documento tipo de selección abreviada de menor cuantía
B2: Versión: 1 del 21 de agosto de 2025
D7: ALCALDÍA MUNICIPAL DE PAICOL HUILA
D8: NIT. 891.180.194-4 | L8: VERSIÓN
D9: PROCESO DE MÍNMA CIANTÍA
L10: PÁGINA | M10: 1 | N10: DE | O10: 1
D11: ANALISIS DE PRECIOS UNITARIOS
L13: FECHA | M13: DD | N13: MM | O13: AA
M14: 1 | N14: 9 | O14: 2026
C15: ITEMS DEL PRESUPUESTO OFICIAL
C19: DATOS ESPECÍFICOS
C21: ITEM | D21: DESCRIPCIÓN | M21: UNIDAD | O21: CANTIDAD
D22: =PRESUPUESTO!G112 -> Suministro e instalación de Ventanal de corredera metalica en lamina cold rolled, calibre 18, sección de 2,5 m x 1,10 m, para salones. | M22: =PRESUPUESTO!H112 -> M2
C23: I. EQUIPO
C26: DESCRIPCIÓN | H26: MARCA | J26: TIPO | L26: TARIFA/HORA | M26: RENDIMIENTO | O26: Vr. UNITARIO | R26: 17
C27: HERRAMIENTA MENOR | L27: %M.O. | M27: 0.05 | O27: =O50*M27 -> 5477
C29: SUBTOTAL $ | O29: =ROUND(SUM(O27:O28),0) -> 5477
C30: II. MATERIALES
C33: DESCRIPCIÓN | K33: UNIDAD | L33: CANTIDAD | M33: PRECIO UNIT. | O33: Vr. UNITARIO
C34: VENTANAL DE CORREDERA, METÁLICO, EN LÁMINA COLD ROLLED, CALIBRE 18, SECCIÓN DE 2,50 M X 1,10 M. | K34: M2 | L34: 1 | M34: 150000 | O34: =L34*M34 -> 150000 | R34: https://www.homecenter.com.co/homecenter-co/product/300771/orinal-petite-en-caja-corona/300771/
C38: SUBTOTAL $ | O38: =ROUND(SUM(O34:O37),0) -> 150000
C39: III. TRANSPORTES
C42: MATERIAL | J42: VOL. o PESO | K42: DISTANCIA | L42: M3 o Ton/Km | M42: TARIFA | O42: Vr. UNITARIO
C44: SUBTOTAL $ | O44: =ROUND(SUM(O43:O43),0) -> 0
C45: IV. MANO DE OBRA
C48: TRABAJADOR | J48: JORNAL | K48: PRESTACIONES | L48: JORNAL TOTAL | M48: RENDIMIENTO | O48: Vr. UNITARIO
C49: =SALARIO!I10 -> CUADRILLA (1 obrero + 1 oficial) | J49: 1 | L49: =SALARIO!M10 -> 219079 | M49: 2 | O49: =L49/M49 -> 109539.5
C50: SUBTOTAL $ | O50: =ROUND(SUM(O49:O49),0) -> 109540
C52: TOTAL COSTO DIRECTO $ | O52: =ROUND(O29+O38+O44+O50,0) -> 265017
C53: V. COSTOS INDIRECTOS
C56: Descripción | L56: Porcentaje | M56: Valor Total
C57: ADMINISTRACION | L57: 0.25 | M57: =ROUND(O52*L57,0) -> 66254
C58: IMPREVISTOS | L58: 0.02 | M58: =ROUND(O52*L58,0) -> 5300
C59: UTILIDAD | L59: 0.05 | M59: =ROUND(O52*L59,0) -> 13251
C60: SUBTOTAL $ | O60: =SUM(M57:N59) -> 84805
C62: Precio Unitario Total Aproximado al peso $ | O62: =ROUND(O52+O60,0) -> 349822
H66: Firma
H67: Nombre: | I67: MIGUEL ALBERTO DURÁN SALAS
H68: Secretario de Planeación y Obras Públicas

Sheet 9.3B
B1: Formulario 1 - Propuesta económica - Documento tipo de selección abreviada de menor cuantía
B2: Versión: 1 del 21 de agosto de 2025
D7: ALCALDÍA MUNICIPAL DE PAICOL HUILA
D8: NIT. 891.180.194-4 | L8: VERSIÓN
D9: PROCESO DE MÍNMA CIANTÍA
L10: PÁGINA | M10: 1 | N10: DE | O10: 1
D11: ANALISIS DE PRECIOS UNITARIOS
L13: FECHA | M13: DD | N13: MM | O13: AA
M14: 1 | N14: 9 | O14: 2026
C15: ITEMS DEL PRESUPUESTO OFICIAL
C19: DATOS ESPECÍFICOS
C21: ITEM | D21: DESCRIPCIÓN | M21: UNIDAD | O21: CANTIDAD
D22: =PRESUPUESTO!G113 -> Suministro e instalación de corredera metalica en lamina cold rolled, calibre 18, para ventanales de cocina con secciones de ventanal 1: 3,00 m x 1,30 m; ventanal 2: 4,60 m x 1,30 m y ventanal 3: 1,70 m x 1,00 m (2 ventanales). Incluye desmonte y reinstalación de vidrios existentes. | M22: =PRESUPUESTO!H113 -> M2
C23: I. EQUIPO
C26: DESCRIPCIÓN | H26: MARCA | J26: TIPO | L26: TARIFA/HORA | M26: RENDIMIENTO | O26: Vr. UNITARIO | R26: 17
C27: HERRAMIENTA MENOR | L27: %M.O. | M27: 0.05 | O27: =O50*M27 -> 1369.25
C29: SUBTOTAL $ | O29: =ROUND(SUM(O27:O28),0) -> 1369
C30: II. MATERIALES
C33: DESCRIPCIÓN | K33: UNIDAD | L33: CANTIDAD | M33: PRECIO UNIT. | O33: Vr. UNITARIO
C34: CORREDERA METÁLICA EN LÁMINA COLD ROLLED, CALIBRE 18, PARA VENTANAL DE COCINA. SECCIONES DE 3,00 m x 1,30 m; 4,60 m x 1,30 m; 1,70 m x 1,00 m x 2,00 m | K34: M2 | L34: 1 | M34: 100000 | O34: =L34*M34 -> 100000 | R34: https://www.homecenter.com.co/homecenter-co/product/300771/orinal-petite-en-caja-corona/300771/
C35: SILICONA | K35: ML | L35: 0.1 | M35: 21500 | O35: =L35*M35 -> 2150
C38: SUBTOTAL $ | O38: =ROUND(SUM(O34:O37),0) -> 102150
C39: III. TRANSPORTES
C42: MATERIAL | J42: VOL. o PESO | K42: DISTANCIA | L42: M3 o Ton/Km | M42: TARIFA | O42: Vr. UNITARIO
C44: SUBTOTAL $ | O44: =ROUND(SUM(O43:O43),0) -> 0
C45: IV. MANO DE OBRA
C48: TRABAJADOR | J48: JORNAL | K48: PRESTACIONES | L48: JORNAL TOTAL | M48: RENDIMIENTO | O48: Vr. UNITARIO
C49: =SALARIO!I10 -> CUADRILLA (1 obrero + 1 oficial) | J49: 1 | L49: =SALARIO!M10 -> 219079 | M49: 8 | O49: =L49/M49 -> 27384.875
C50: SUBTOTAL $ | O50: =ROUND(SUM(O49:O49),0) -> 27385
C52: TOTAL COSTO DIRECTO $ | O52: =ROUND(O29+O38+O44+O50,0) -> 130904
C53: V. COSTOS INDIRECTOS
C56: Descripción | L56: Porcentaje | M56: Valor Total
C57: ADMINISTRACION | L57: 0.25 | M57: =ROUND(O52*L57,0) -> 32726
C58: IMPREVISTOS | L58: 0.02 | M58: =ROUND(O52*L58,0) -> 2618
C59: UTILIDAD | L59: 0.05 | M59: =ROUND(O52*L59,0) -> 6545
C60: SUBTOTAL $ | O60: =SUM(M57:N59) -> 41889
C62: Precio Unitario Total Aproximado al peso $ | O62: =ROUND(O52+O60,0) -> 172793
H66: Firma
H67: Nombre: | I67: MIGUEL ALBERTO DURÁN SALAS
H68: Secretario de Planeación y Obras Públicas

Sheet 10.2B
B1: Formulario 1 - Propuesta económica - Documento tipo de selección abreviada de menor cuantía
B2: Versión: 1 del 21 de agosto de 2025
D7: ALCALDÍA MUNICIPAL DE PAICOL HUILA
D8: NIT. 891.180.194-4 | L8: VERSIÓN
D9: PROCESO DE MÍNMA CIANTÍA
L10: PÁGINA | M10: 1 | N10: DE | O10: 1
D11: ANALISIS DE PRECIOS UNITARIOS
L13: FECHA | M13: DD | N13: MM | O13: AA
M14: 1 | N14: 9 | O14: 2026
C15: ITEMS DEL PRESUPUESTO OFICIAL
C19: DATOS ESPECÍFICOS
C21: ITEM | D21: DESCRIPCIÓN | M21: UNIDAD | O21: CANTIDAD
D22: =PRESUPUESTO!G117 -> Suministro e instalación de cielo raso en PVC, color blanco, para salón. | M22: =PRESUPUESTO!H117 -> M2
C23: I. EQUIPO
C26: DESCRIPCIÓN | H26: MARCA | J26: TIPO | L26: TARIFA/HORA | M26: RENDIMIENTO | O26: Vr. UNITARIO
C27: HERRAMIENTA MENOR | L27: %M.O. | M27: 0.05 | O27: =O54*M27 -> 547.7
C28: ANDAMIO TUBULAR 1.5 X 1.5 | H28: DÍA | L28: 4000 | M28: 0.1 | O28: =L28*M28 -> 400
C29: SUBTOTAL $ | O29: =ROUND(SUM(O27:O28),0) -> 948
C30: II. MATERIALES
C33: DESCRIPCIÓN | K33: UNIDAD | L33: CANTIDAD | M33: PRECIO UNIT. | O33: Vr. UNITARIO
C34: LAMINA DE PVC COLOR BLANCO DE 5,90 M X 0,30 M | K34: M2 | L34: 1.05 | M34: 14632 | O34: =L34*M34 -> 15363.6
C35: UNIÓN BLANCA | K35: M | L35: 1.5 | M35: 12352 | O35: =L35*M35 -> 18528
C36: CORNISA FRANJA PLATA | K36: M | L36: 1.5 | M36: 10588 | O36: =L36*M36 -> 15882
C37: VIGUETA 2,44 M X 0,30 M PVC | K37: M | L37: 2.1 | M37: 2647 | O37: =L37*M37 -> 5558.7
C38: OMEGA 2,44 M X 0,30 M PVC | K38: M | L38: 2.1 | M38: 2647 | O38: =L38*M38 -> 5558.7
C39: ÁNGULO GALVANIZADO PARA PVC 20 X 30 2,44 M C 28 | K39: M | L39: 1.5 | M39: 1764 | O39: =L39*M39 -> 2646
C40: TORNILLO ESTRUCTURAL AUTOPERFORANTE CABEZA PLANA DE 6X1 | K40: UNIDAD | L40: 4 | M40: 100 | O40: =L40*M40 -> 400
C41: TORNILLO 8X1 PUNTA AGUDA (CABEZA DE LENTEJA) | K41: UNIDAD | L41: 4 | M41: 100 | O41: =L41*M41 -> 400
C42: SUBTOTAL $ | O42: =ROUND(SUM(O34:O41),0) -> 64337
C43: III. TRANSPORTES
C46: MATERIAL | J46: VOL. o PESO | K46: DISTANCIA | L46: M3 o Ton/Km | M46: TARIFA | O46: Vr. UNITARIO
C48: SUBTOTAL $ | O48: =ROUND(SUM(O47:O47),0) -> 0
C49: IV. MANO DE OBRA
C52: TRABAJADOR | J52: JORNAL | K52: PRESTACIONES | L52: JORNAL TOTAL | M52: RENDIMIENTO | O52: Vr. UNITARIO
C53: =SALARIO!I10 -> CUADRILLA (1 obrero + 1 oficial) | J53: 1 | L53: =SALARIO!M10 -> 219079 | M53: 20 | O53: =L53/M53 -> 10953.95
C54: SUBTOTAL $ | O54: =ROUND(SUM(O53:O53),0) -> 10954
C56: TOTAL COSTO DIRECTO $ | O56: =ROUND(O29+O42+O48+O54,0) -> 76239
C57: V. COSTOS INDIRECTOS
C60: Descripción | L60: Porcentaje | M60: Valor Total
C61: ADMINISTRACION | L61: 0.25 | M61: =ROUND(O56*L61,0) -> 19060
C62: IMPREVISTOS | L62: 0.02 | M62: =ROUND(O56*L62,0) -> 1525
C63: UTILIDAD | L63: 0.05 | M63: =ROUND(O56*L63,0) -> 3812
C64: SUBTOTAL $ | O64: =SUM(M61:N63) -> 24397
C66: Precio Unitario Total Aproximado al peso $ | O66: =ROUND(O56+O64,0) -> 100636
H70: Firma
H71: Nombre: | I71: MIGUEL ALBERTO DURÁN SALAS
H72: Secretario de Planeación y Obras Públicas

Sheet 11.1B
B1: Formulario 1 - Propuesta económica - Documento tipo de selección abreviada de menor cuantía
B2: Versión: 1 del 21 de agosto de 2025
D7: ALCALDÍA MUNICIPAL DE PAICOL HUILA
D8: NIT. 891.180.194-4 | L8: VERSIÓN
D9: PROCESO DE MÍNMA CIANTÍA
L10: PÁGINA | M10: 1 | N10: DE | O10: 1
D11: ANALISIS DE PRECIOS UNITARIOS
L13: FECHA | M13: DD | N13: MM | O13: AA
M14: 1 | N14: 9 | O14: 2026
C15: ITEMS DEL PRESUPUESTO OFICIAL
C19: DATOS ESPECÍFICOS
C21: ITEM | D21: DESCRIPCIÓN | M21: UNIDAD | O21: CANTIDAD
C22: =PRESUPUESTO!C128 -> 11.1 | D22: =PRESUPUESTO!G128 -> Suministro e instalación de Lampara Led de sobreponer redonda de 120 v - 24 w para salón. Incluye tubería, cableado y accesorios para conexión. | M22: =PRESUPUESTO!H128 -> UNIDAD | O22: =PRESUPUESTO!I128 -> 6
C23: I. EQUIPO
C26: DESCRIPCIÓN | H26: MARCA | J26: TIPO | L26: TARIFA/HORA | M26: RENDIMIENTO | O26: Vr. UNITARIO
C27: HERRAMIENTA MENOR | L27: %M.O. | M27: 0.05 | O27: =O55*M27 -> 1369.25
C28: ANDAMIO TUBULAR 1.5 X 1.5 | H28: DÍA | L28: 4000 | M28: 0.125 | O28: =L28*M28 -> 500
C29: SUBTOTAL $ | O29: =ROUND(SUM(O27:O28),0) -> 1869
C30: II. MATERIALES
C33: DESCRIPCIÓN | K33: UNIDAD | L33: CANTIDAD | M33: PRECIO UNIT. | O33: Vr. UNITARIO
C34: PANEL LED DE INCRUSTAR REDONDO DE 120 V - 24 W | K34: UNIDAD | L34: 1 | M34: 20900 | O34: =L34*M34 -> 20900
C35: CABLE DE COBRE AISLADO 7 HILOS N° 12 AWG | K35: ML | L35: 5 | M35: 3500 | O35: =L35*M35 -> 17500
C36: TUBO PVC CONDUIT DE 1/2" X 3M | K36: ML | L36: 2.5 | M36: 2500 | O36: =L36*M36 -> 6250
C37: ADAPTADOR TERMINAL PVC CONDUIT DE 1/2" | K37: UNIDAD | L37: 2 | M37: 828 | O37: =L37*M37 -> 1656
C38: CINTA AISLANTE X 18 M | K38: UNIDAD | L38: 0.08 | M38: 8100 | O38: =L38*M38 -> 648
C39: CAJA DE PVC OCTAGONAL | K39: UNIDAD | L39: 1 | M39: 2900 | O39: =L39*M39 -> 2900
C40: TAPA DE CAJA DE PVC OCTAGONAL | K40: UNIDAD | L40: 1 | M40: 4200 | O40: =L40*M40 -> 4200
C41: CURVAS DE PVC CONDUIT DE 1/2" | K41: UNIDAD | L41: 1 | M41: 3100 | O41: =L41*M41 -> 3100
C42: PEGANTE PVC (1/4 DE GALÓN) | K42: UNIDAD | L42: 0.01 | M42: 24079 | O42: =L42*M42 -> 240.79
C43: SUBTOTAL $ | O43: =ROUND(SUM(O34:O42),0) -> 57395
C44: III. TRANSPORTES
C47: MATERIAL | J47: VOL. o PESO | K47: DISTANCIA | L47: M3 o Ton/Km | M47: TARIFA | O47: Vr. UNITARIO
C49: SUBTOTAL $ | O49: =ROUND(SUM(O48:O48),0) -> 0
C50: IV. MANO DE OBRA
C53: TRABAJADOR | J53: JORNAL | K53: PRESTACIONES | L53: JORNAL TOTAL | M53: RENDIMIENTO | O53: Vr. UNITARIO
C54: =SALARIO!I10 -> CUADRILLA (1 obrero + 1 oficial) | J54: 1 | L54: =SALARIO!M10 -> 219079 | M54: 8 | O54: =L54/M54 -> 27384.875
C55: SUBTOTAL $ | O55: =ROUND(SUM(O54:O54),0) -> 27385
C57: TOTAL COSTO DIRECTO $ | O57: =ROUND(O29+O43+O49+O55,0) -> 86649
C58: V. COSTOS INDIRECTOS
C61: Descripción | L61: Porcentaje | M61: Valor Total
C62: ADMINISTRACION | L62: 0.25 | M62: =ROUND(O57*L62,0) -> 21662
C63: IMPREVISTOS | L63: 0.02 | M63: =ROUND(O57*L63,0) -> 1733
C64: UTILIDAD | L64: 0.05 | M64: =ROUND(O57*L64,0) -> 4332
C65: SUBTOTAL $ | O65: =SUM(M62:N64) -> 27727
C67: Precio Unitario Total Aproximado al peso $ | O67: =ROUND(O57+O65,0) -> 114376
H71: Firma
H72: Nombre: | I72: MIGUEL ALBERTO DURÁN SALAS
H73: Secretario de Planeación y Obras Públicas

Sheet 12.1B
B1: Formulario 1 - Propuesta económica - Documento tipo de selección abreviada de menor cuantía
B2: Versión: 1 del 21 de agosto de 2025
D7: ALCALDÍA MUNICIPAL DE PAICOL HUILA
D8: NIT. 891.180.194-4 | L8: VERSIÓN
D9: PROCESO DE MÍNMA CIANTÍA
L10: PÁGINA | M10: 1 | N10: DE | O10: 1
D11: ANALISIS DE PRECIOS UNITARIOS
L13: FECHA | M13: DD | N13: MM | O13: AA
M14: 1 | N14: 9 | O14: 2026
C15: ITEMS DEL PRESUPUESTO OFICIAL
C19: DATOS ESPECÍFICOS
C21: ITEM | D21: DESCRIPCIÓN | M21: UNIDAD | O21: CANTIDAD
D22: =PRESUPUESTO!G131 -> Transporte de materiales de construcción desde zona urbana del Municipio de Paicol hasta sitio de la obra en la vereda Matanzas, por vía rural, distancia 7,5 km. Incluye cargue y descargue. | M22: =PRESUPUESTO!H131 -> VIAJE
C23: I. EQUIPO
C26: DESCRIPCIÓN | H26: MARCA | J26: TIPO | L26: TARIFA/DÍA | M26: RENDIMIENTO | O26: Vr. UNITARIO | R26: 17
C29: SUBTOTAL $ | O29: =ROUND(SUM(O27:O28),0) -> 0
C30: II. MATERIALES
C33: DESCRIPCIÓN | K33: UNIDAD | L33: CANTIDAD | M33: PRECIO UNIT. | O33: Vr. UNITARIO
R34: https://www.homecenter.com.co/homecenter-co/product/300771/orinal-petite-en-caja-corona/300771/
C39: SUBTOTAL $ | O39: =ROUND(SUM(O34:O38),0) -> 0
C40: III. TRANSPORTES
C43: MATERIAL | J43: UNIDAD | K43: DISTANCIA/KM | L43: CANTIDAD | M43: TARIFA | O43: Vr. UNITARIO
C44: SERVICIO DE VOLQUETA 6 M3 | J44: VIAJE | K44: 7.5 | L44: 1 | M44: 180000 | O44: =L44*M44 -> 180000
C45: SUBTOTAL $ | O45: =ROUND(SUM(O44:O44),0) -> 180000
C46: IV. MANO DE OBRA
C49: TRABAJADOR | J49: JORNAL | K49: PRESTACIONES | L49: JORNAL TOTAL | M49: RENDIMIENTO | O49: Vr. UNITARIO
C51: SUBTOTAL $ | O51: =ROUND(SUM(O50:O50),0) -> 0
C53: TOTAL COSTO DIRECTO $ | O53: =ROUND(O29+O39+O45+O51,0) -> 180000
C54: V. COSTOS INDIRECTOS
C57: Descripción | L57: Porcentaje | M57: Valor Total
C58: ADMINISTRACION | L58: 0.25 | M58: =ROUND(O53*L58,0) -> 45000
C59: IMPREVISTOS | L59: 0.02 | M59: =ROUND(O53*L59,0) -> 3600
C60: UTILIDAD | L60: 0.05 | M60: =ROUND(O53*L60,0) -> 9000
C61: SUBTOTAL $ | O61: =SUM(M58:N60) -> 57600
C63: Precio Unitario Total Aproximado al peso $ | O63: =ROUND(O53+O61,0) -> 237600
H67: Firma
H68: Nombre: | I68: MIGUEL ALBERTO DURÁN SALAS
H69: Secretario de Planeación y Obras Públicas

Sheet SALARIO
A1: ALCALDIA MUNICIPIO DE PAICOL
A2: DEPARTAMENTO DEL HUILA
A3: =#REF! -> #REF!
A5: ANÁLISIS DE COSTOS DE MANO DE OBRA
A7: SALARIO - AÑO 2026 | E7: 1750905 | G7: CLF. | H7: CODIGO | I7: DESCRIPCIÓN | K7: UND | L7: VR. UNIT ($) | M7: JORNAL
G8: M.O | H8: OB | I8: OBRERO | K8: H-H | L8: =E31 -> 13503.125 | M8: =E30 -> 108025
A9: 1. Ayudante (Incl. Prestaciones) | G9: M.O | H9: O | I9: OFICIAL | K9: H-H | L9: =E55 -> 13881.75 | M9: =E54 -> 111054
A10: DESCRIPCIÓN | B10: UNIDAD | C10: CANT | D10: V/r UNITARIO | E10: V/r PARCIAL | G10: M.O | H10: C11 | I10: CUADRILLA (1 obrero + 1 oficial) | K10: H-C | L10: =L8+L9 -> 27384.875 | M10: =M8+M9 -> 219079
A11: AYUDANTE | B11: DIA | C11: 1 | D11: =E7/30 -> 58363.5 | E11: =+D11*C11 -> 58363.5 | G11: M.O | H11: C61 | I11: CUADRILLA PREPARACIÓN (6obreros + 1 oficial) | K11: H-C | L11: =((L8*6)+L9) -> 94900.502 | M11: =((M8*6)+M9) -> 759204.01
G12: M.O | H12: C71 | I12: CUADRILLAS PAVIMENTOS (7 obreros + 1 oficial) | K12: H-C | L12: =((L8*7)+L9) -> 108403.63 | M12: =((M8*7)+M9) -> 867229.02
A13: PRESTACIONES SOCIALES | G13: M.O | H13: C21 | I13: CUADRILLA (2 obreros + 1 oficial) | K13: H-C | L13: =((L8*2)+L9) -> 40888.001 | M13: =((M8*2)+M9) -> 327104
A14: Subsidio de transporte | B14: % | C14: 0.1196 | D14: =+D11 -> 58363.5 | E14: =C14*D14 -> 6980.2746 | G14: M.O | H14: C31 | I14: CUADRILLA (3 obreros + 1 oficial) | K14: H-C | L14: =((L8*3)+L9) -> 54391.126 | M14: =((M8*3)+M9) -> 435129.01
A15: Cesantias | B15: % | C15: 0.0833 | D15: =+D14 -> 58363.5 | E15: =+D15*C15 -> 4861.6795 | G15: M.O | H15: C41 | I15: CUADRILLA ESPECIALIZADA SEÑALIZACIÓN VIAÑ (4 obreros + 1 oficial) | K15: H-C | L15: =((L8*4)+L9) -> 67894.251 | M15: =((M8*4)+M9) -> 543154.01
A16: Intereses de cesantias | B16: % | C16: 0.01 | D16: =+D15 -> 58363.5 | E16: =+D16*C16 -> 583.635 | G16: M.O | H16: CA41 | I16: CUADRILLA AMBIENTAL Y REFORESTACIÓN (4 obreros + 1 oficial) | K16: H-C | L16: =((L8*4)+L9) -> 67894.251 | M16: =((M8*4)+M9) -> 543154.01
A17: Prima legal | B17: % | C17: 0.0833 | D17: =+D16 -> 58363.5 | E17: =+D17*C17 -> 4861.6795 | G17: M.O | H17: CT | I17: COMISIÓN DE TOPOGRÁFIA (Topógrafo, cadenero 1, cadenero 2 y obrero) | K17: DIA-C | L17: 935000
A18: Vacaciones | B18: % | C18: 0.0416 | D18: =+D17 -> 58363.5 | E18: =+D18*C18 -> 2427.9216
A19: Seguridad Social | B19: % | C19: 0.3546 | D19: =+D18 -> 58363.5 | E19: =+D19*C19 -> 20695.697
A21: APORTES PARAFISCALES:
A22: Caja de compesnacion familiar | B22: % | C22: 0.04 | D22: =+D19 -> 58363.5 | E22: =+D22*C22 -> 2334.54
A23: Sena | B23: % | C23: 0.02 | D23: =+D22 -> 58363.5 | E23: =+D23*C23 -> 1167.27
A24: FIC | B24: % | C24: 0.0175 | D24: =+D23 -> 58363.5 | E24: =+D24*C24 -> 1021.3613
A25: ICBF | B25: % | C25: 0.03 | D25: =+D24 -> 58363.5 | E25: =+D25*C25 -> 1750.905
A27: DOTACIÓN - SEGURIDAD INDUSTRIAL | B27: % | C27: 0.051 | D27: =+D25 -> 58363.5 | E27: =+D27*C27 -> 2976.5385
A29: Incremento Salarial - TOTAL | B29: % | C29: 0.85
A30: Valor Unitario | D30: (Día) | E30: =SUM(E11:E29) -> 108025
A31: Valor Unitario | D31: (Hora) | E31: =+E30/8 -> 13503.125
A33: 2. Oficial (Incl. Prestaciones)
A34: DESCRIPCIÓN | B34: UNIDAD | C34: CANT | D34: V/r UNITARIO | E34: V/r PARCIAL
A35: OFICIAL | B35: DIA | C35: 1 | D35: 60000 | E35: =+D35*C35 -> 60000
A37: PRESTACIONES SOCIALES
A38: Subsidio de transporte | B38: % | C38: 0.1196 | D38: =+D35 -> 60000 | E38: =C38*D38 -> 7176
A39: Cesantias | B39: % | C39: 0.0833 | D39: =+D38 -> 60000 | E39: =+D39*C39 -> 4998
A40: Intereses de cesantias | B40: % | C40: 0.01 | D40: =+D39 -> 60000 | E40: =+D40*C40 -> 600
A41: Prima legal | B41: % | C41: 0.0833 | D41: =+D40 -> 60000 | E41: =+D41*C41 -> 4998
A42: Vacaciones | B42: % | C42: 0.0416 | D42: =+D41 -> 60000 | E42: =+D42*C42 -> 2496
A43: Seguridad Social | B43: % | C43: 0.3546 | D43: =+D42 -> 60000 | E43: =+D43*C43 -> 21276
A45: APORTES PARAFISCALES:
A46: Caja de compesnacion familiar | B46: % | C46: 0.04 | D46: =+D43 -> 60000 | E46: =+D46*C46 -> 2400
A47: Sena | B47: % | C47: 0.02 | D47: =+D46 -> 60000 | E47: =+D47*C47 -> 1200
A48: FIC | B48: % | C48: 0.0175 | D48: =+D47 -> 60000 | E48: =+D48*C48 -> 1050
A49: ICBF | B49: % | C49: 0.03 | D49: =+D48 -> 60000 | E49: =+D49*C49 -> 1800
A51: DOTACIÓN | B51: % | C51: 0.051 | D51: =+D49 -> 60000 | E51: =+D51*C51 -> 3060
A53: Incremento Salarial - TOTAL | B53: % | C53: 0.85
A54: Valor Unitario | D54: (Día) | E54: =SUM(E35:E53) -> 111054
A55: Valor Unitario | D55: (Hora) | E55: =+E54/8 -> 13881.75
A57: FECHA: ENERO DE 2026
A58: APROBÓ:
A60: MIGUEL ALBERTO DURÁN SALAS
A61: Secretario de Planeación y Obras Públicas

Sheet CONCRETO 3000
B1: Formulario 1 - Propuesta económica - Documento tipo de selección abreviada de menor cuantía
B2: Versión: 1 del 21 de agosto de 2025
D7: ALCALDÍA MUNICIPAL DE PAICOL HUILA
D8: NIT. 891.180.194-4 | L8: VERSIÓN
D9: PROCESO DE MÍNMA CIANTÍA
L10: PÁGINA | M10: 1 | N10: DE | O10: 1
D11: ANALISIS DE PRECIOS UNITARIOS
L13: FECHA | M13: DD | N13: MM | O13: AA
M14: 1 | N14: 9 | O14: 2026
C15: ITEMS DEL PRESUPUESTO OFICIAL
C19: DATOS ESPECÍFICOS
C21: ITEM | D21: DESCRIPCIÓN | M21: UNIDAD | O21: CANTIDAD
D22: CONCRETO DE 3000 PSI | M22: M3 | O22: 1
C23: I. EQUIPO
C26: DESCRIPCIÓN | H26: MARCA | J26: TIPO | L26: TARIFA/HORA | M26: RENDIMIENTO | O26: Vr. UNITARIO
C27: HERRAMIENTA MENOR | L27: %M.O. | M27: 0.15 | O27: =O52*M27 -> 32537.25
C28: MEZCLADORA DE CONCRETO | L28: 27500 | M28: 1 | O28: =L28*M28 -> 27500
C29: SUBTOTAL $ | O29: =ROUND(SUM(O27:O28),0) -> 60037
C30: II. MATERIALES
C33: DESCRIPCIÓN | K33: UNIDAD | L33: CANTIDAD | M33: PRECIO UNIT. | O33: Vr. UNITARIO
C34: ARENA | K34: M3 | L34: 0.52 | M34: 89250 | O34: =L34*M34 -> 46410
C35: CEMENTO GRIS | K35: KG | L35: 320 | M35: 740 | O35: =L35*M35 -> 236800
C36: AGUA | K36: LT | L36: 180 | M36: 44 | O36: =L36*M36 -> 7920
C37: GRAVILLA | K37: M3 | L37: 0.9 | M37: 121989 | O37: =L37*M37 -> 109790.1
C38: DESPERDICIO | L38: 0.05 | O38: =SUM(O34:O37)*L38 -> 20046.005
C40: SUBTOTAL $ | O40: =ROUND(SUM(O34:O39),0) -> 420966
C41: III. TRANSPORTES
C44: MATERIAL | J44: VOL. o PESO | K44: DISTANCIA | L44: M3 o Ton/Km | M44: TARIFA | O44: Vr. UNITARIO
C45: TRANSPORTE MATERIAL | J45: 1 | K45: 12 | L45: =J45*K45 -> 12 | M45: 2800 | O45: =L45*M45 -> 33600
C46: SUBTOTAL $ | O46: =ROUND(SUM(O45:O45),0) -> 33600
C47: IV. MANO DE OBRA
C50: TRABAJADOR | J50: JORNAL | K50: PRESTACIONES | L50: JORNAL TOTAL | M50: RENDIMIENTO | O50: Vr. UNITARIO
C51: =SALARIO!I11 -> CUADRILLA PREPARACIÓN (6obreros + 1 oficial) | J51: 1 | L51: =SALARIO!M11 -> 759204.01 | M51: 3.5 | O51: =(L51/M51)*J51 -> 216915.43
C52: SUBTOTAL $ | O52: =ROUND(SUM(O51:O51),0) -> 216915
C54: TOTAL COSTO DIRECTO $ | O54: =ROUND(O29+O40+O46+O52,0) -> 731518
C55: V. COSTOS INDIRECTOS
C58: Descripción | L58: Porcentaje | M58: Valor Total
C59: ADMINISTRACION | L59: 0.25 | M59: =ROUND(O54*L59,0) -> 182880
C60: IMPREVISTOS | L60: 0.02 | M60: =ROUND(O54*L60,0) -> 14630
C61: UTILIDAD | L61: 0.05 | M61: =ROUND(O54*L61,0) -> 36576
C62: SUBTOTAL $ | O62: =SUM(M59:N61) -> 234086
C64: Precio Unitario Total Aproximado al peso $ | O64: =ROUND(O54+O62,0) -> 965604
H68: Firma
H69: Nombre: | I69: MIGUEL ALBERTO DURÁN SALAS
H70: Secretario de Planeación y Obras Públicas

Sheet CONCRETO 2500
B1: Formulario 1 - Propuesta económica - Documento tipo de selección abreviada de menor cuantía
B2: Versión: 1 del 21 de agosto de 2025
D7: ALCALDÍA MUNICIPAL DE PAICOL HUILA
D8: NIT. 891.180.194-4 | L8: VERSIÓN
D9: PROCESO DE MÍNMA CIANTÍA
L10: PÁGINA | M10: 1 | N10: DE | O10: 1
D11: ANALISIS DE PRECIOS UNITARIOS
L13: FECHA | M13: DD | N13: MM | O13: AA
M14: 1 | N14: 9 | O14: 2026
C15: ITEMS DEL PRESUPUESTO OFICIAL
C19: DATOS ESPECÍFICOS
C21: ITEM | D21: DESCRIPCIÓN | M21: UNIDAD | O21: CANTIDAD
D22: CONCRETO DE 2500 PSI | M22: M3 | O22: 1
C23: I. EQUIPO
C26: DESCRIPCIÓN | H26: MARCA | J26: TIPO | L26: TARIFA/HORA | M26: RENDIMIENTO | O26: Vr. UNITARIO
C27: HERRAMIENTA MENOR | L27: %M.O. | M27: 0.15 | O27: =O52*M27 -> 32537.25
C28: MEZCLADORA DE CONCRETO | L28: 27500 | M28: 1 | O28: =L28*M28 -> 27500
C29: SUBTOTAL $ | O29: =ROUND(SUM(O27:O28),0) -> 60037
C30: II. MATERIALES
C33: DESCRIPCIÓN | K33: UNIDAD | L33: CANTIDAD | M33: PRECIO UNIT. | O33: Vr. UNITARIO
C34: ARENA | K34: M3 | L34: 0.52 | M34: 89250 | O34: =L34*M34 -> 46410
C35: CEMENTO GRIS | K35: KG | L35: 260 | M35: 740 | O35: =L35*M35 -> 192400
C36: AGUA | K36: LT | L36: 160 | M36: 44 | O36: =L36*M36 -> 7040
C37: GRAVILLA | K37: M3 | L37: 0.94 | M37: 121989 | O37: =L37*M37 -> 114669.66
C38: DESPERDICIO | L38: 0.05 | O38: =SUM(O34:O37)*L38 -> 18025.983
C40: SUBTOTAL $ | O40: =ROUND(SUM(O34:O39),0) -> 378546
C41: III. TRANSPORTES
C44: MATERIAL | J44: VOL. o PESO | K44: DISTANCIA | L44: M3 o Ton/Km | M44: TARIFA | O44: Vr. UNITARIO
C45: TRANSPORTE MATERIAL | J45: 1 | K45: 12 | L45: =J45*K45 -> 12 | M45: 2800 | O45: =L45*M45 -> 33600
C46: SUBTOTAL $ | O46: =ROUND(SUM(O45:O45),0) -> 33600
C47: IV. MANO DE OBRA
C50: TRABAJADOR | J50: JORNAL | K50: PRESTACIONES | L50: JORNAL TOTAL | M50: RENDIMIENTO | O50: Vr. UNITARIO
C51: =SALARIO!I11 -> CUADRILLA PREPARACIÓN (6obreros + 1 oficial) | J51: 1 | L51: =SALARIO!M11 -> 759204.01 | M51: 3.5 | O51: =(L51/M51)*J51 -> 216915.43
C52: SUBTOTAL $ | O52: =ROUND(SUM(O51:O51),0) -> 216915
C54: TOTAL COSTO DIRECTO $ | O54: =ROUND(O29+O40+O46+O52,0) -> 689098
C55: V. COSTOS INDIRECTOS
C58: Descripción | L58: Porcentaje | M58: Valor Total
C59: ADMINISTRACION | L59: 0.25 | M59: =ROUND(O54*L59,0) -> 172275
C60: IMPREVISTOS | L60: 0.02 | M60: =ROUND(O54*L60,0) -> 13782
C61: UTILIDAD | L61: 0.05 | M61: =ROUND(O54*L61,0) -> 34455
C62: SUBTOTAL $ | O62: =SUM(M59:N61) -> 220512
C64: Precio Unitario Total Aproximado al peso $ | O64: =ROUND(O54+O62,0) -> 909610
H68: Firma
H69: Nombre: | I69: MIGUEL ALBERTO DURÁN SALAS
H70: Secretario de Planeación y Obras Públicas

Sheet MORTERO 1.4
B1: Formulario 1 - Propuesta económica - Documento tipo de selección abreviada de menor cuantía
B2: Versión: 1 del 21 de agosto de 2025
D7: ALCALDÍA MUNICIPAL DE PAICOL HUILA
D8: NIT. 891.180.194-4 | L8: VERSIÓN
D9: PROCESO DE MÍNMA CIANTÍA
L10: PÁGINA | M10: 1 | N10: DE | O10: 1
D11: ANALISIS DE PRECIOS UNITARIOS
L13: FECHA | M13: DD | N13: MM | O13: AA
M14: 1 | N14: 9 | O14: 2026
C15: ITEMS DEL PRESUPUESTO OFICIAL
C19: DATOS ESPECÍFICOS
C21: ITEM | D21: DESCRIPCIÓN | M21: UNIDAD | O21: CANTIDAD
D22: MORTERO 1:4 | M22: M3 | O22: 1
C23: I. EQUIPO
C26: DESCRIPCIÓN | H26: MARCA | J26: TIPO | L26: TARIFA/HORA | M26: RENDIMIENTO | O26: Vr. UNITARIO
C27: HERRAMIENTA MENOR | L27: %M.O. | M27: 0.15 | O27: =O51*M27 -> 14235.15
O28: =L28*M28 -> 0
C29: SUBTOTAL $ | O29: =ROUND(SUM(O27:O28),0) -> 14235
C30: II. MATERIALES
C33: DESCRIPCIÓN | K33: UNIDAD | L33: CANTIDAD | M33: PRECIO UNIT. | O33: Vr. UNITARIO
C34: ARENA | K34: M3 | L34: 1.16 | M34: 89250 | O34: =L34*M34 -> 103530
C35: CEMENTO GRIS | K35: KG | L35: 364 | M35: 740 | O35: =L35*M35 -> 269360
C36: AGUA | K36: LT | L36: 185 | M36: 44 | O36: =L36*M36 -> 8140
C37: DESPERDICIO | L37: 0.05 | O37: =SUM(O34:O36)*L37 -> 19051.5
O38: =L38*M38 -> 0
C39: SUBTOTAL $ | O39: =ROUND(SUM(O34:O38),0) -> 400082
C40: III. TRANSPORTES
C43: MATERIAL | J43: VOL. o PESO | K43: DISTANCIA | L43: M3 o Ton/Km | M43: TARIFA | O43: Vr. UNITARIO
C44: TRANSPORTE MATERIAL | J44: 1 | K44: 12 | L44: =J44*K44 -> 12 | M44: 2800 | O44: =L44*M44 -> 33600
C45: SUBTOTAL $ | O45: =ROUND(SUM(O44:O44),0) -> 33600
C46: IV. MANO DE OBRA
C49: TRABAJADOR | J49: JORNAL | K49: PRESTACIONES | L49: JORNAL TOTAL | M49: RENDIMIENTO | O49: Vr. UNITARIO
C50: =SALARIO!I11 -> CUADRILLA PREPARACIÓN (6obreros + 1 oficial) | J50: 1 | L50: =SALARIO!M11 -> 759204.01 | M50: 8 | O50: =(L50/M50)*J50 -> 94900.502
C51: SUBTOTAL $ | O51: =ROUND(SUM(O50:O50),0) -> 94901
C53: TOTAL COSTO DIRECTO $ | O53: =ROUND(O29+O39+O45+O51,0) -> 542818
C54: V. COSTOS INDIRECTOS
C57: Descripción | L57: Porcentaje | M57: Valor Total
C58: ADMINISTRACION | L58: 0.25 | M58: =ROUND(O53*L58,0) -> 135705
C59: IMPREVISTOS | L59: 0.02 | M59: =ROUND(O53*L59,0) -> 10856
C60: UTILIDAD | L60: 0.05 | M60: =ROUND(O53*L60,0) -> 27141
C61: SUBTOTAL $ | O61: =SUM(M58:N60) -> 173702
C63: Precio Unitario Total Aproximado al peso $ | O63: =ROUND(O53+O61,0) -> 716520
H67: Firma
H68: Nombre: | I68: MIGUEL ALBERTO DURÁN SALAS
H69: Secretario de Planeación y Obras Públicas
